Workbook
Name DIAS_AUSENCIAS_LEGAIS: '[1]DADOS-ESTATISTICOS'!$F$29
Name DIAS_LICENCA_MATERNIDADE: '[1]DADOS-ESTATISTICOS'!$F$35
Name DIAS_LICENCA_PATERNIDADE: '[1]DADOS-ESTATISTICOS'!$F$30
Name DIAS_NO_MES: '[1]DADOS-ESTATISTICOS'!$F$24
Name DIAS_PAGOS_EMPRESA_ACID_TRAB: '[1]DADOS-ESTATISTICOS'!$F$34
Name MESES_NO_ANO: '[1]DADOS-ESTATISTICOS'!$F$8
Name OUTRAS_AUSENCIAS_DESCRICAO: '[1]INSERÇÃO-DE-DADOS'!$C$51
Name PERC_EMPREG_AFAST_TRAB: '[1]DADOS-ESTATISTICOS'!$F$33
Name PERC_GPS_FGTS: #REF!
Name PERC_GPS_FGTS: #REF!
Name PERC_GPS_FGTS: #REF!
Name PERC_GPS_FGTS: #REF!
Name PERC_GPS_FGTS: #REF!
Name PERC_GPS_FGTS: #REF!
Name PERC_GPS_FGTS: #REF!
Name PERC_GPS_FGTS: #REF!
Name PERC_GPS_FGTS: #REF!
Name PERC_NASCIDOS_VIVOS_POPUL_FEM: '[1]DADOS-ESTATISTICOS'!$F$31
Name PERC_PARTIC_FEM_VIGIL: '[1]DADOS-ESTATISTICOS'!$F$36
Name PERC_PARTIC_MASC_VIGIL: '[1]DADOS-ESTATISTICOS'!$F$32
Name PERC_SUBSTITUTO_OUTRAS_AUSENCIAS: '[1]INSERÇÃO-DE-DADOS'!$F$51

Sheet proposta

Sheet Planilha1

Sheet Resumo Geral 
A1: {=A1:D3ERAL} -> #NAME?
A2: QUANTIDADE DE PESSOAL | B2: SERVIÇOS | C2: VALORES (R$)
C3: SERVIÇO (MENSAL) | D3: TOTAL ANUAL MÃO DE OBRA
A4: ='Recepção (40h) '!E16 -> 1 | B4: Recepção | C4: ='Recepção (40h) '!I153 -> 5868.8657 | D4: ='Recepção (40h) '!I154 -> 70426.388
A5: ='Motorista 1 (44h) '!E16 -> 1 | B5: *Motorista (1) | C5: ='Motorista 1 (44h) '!I153 -> 7033.71 | D5: ='Motorista 1 (44h) '!I154 -> 84404.52
A6: ='Motorista 2 (44h) '!E16 -> 1 | B6: *Motorista (2) | C6: ='Motorista 2 (44h) '!I153 -> 7033.71 | D6: ='Motorista 2 (44h) '!I154 -> 84404.52
A7: ='Recepção (40h) '!E16 -> 1 | B7: Portaria (SEDE) | C7: ='Portaria Diurno SEDE (40h)'!I152 -> 6015.015 | D7: ='Portaria Diurno SEDE (40h)'!I153 -> 72180.18
A8: ='Recepção (40h) '!E16 -> 1 | B8: **Portaria (SEDE) | C8: ='Portaria Diurno Temp. SED (40h)'!I152 -> 6015.015 | D8: ='Portaria Diurno Temp. SED (40h)'!I153 -> 6015.015
A9: ='Portaria Diurno Mgá (40h) '!E16 -> 1 | B9: *Portaria (Maringá) | C9: ='Portaria Diurno Mgá (40h) '!I153 -> 6012.0685 | D9: ='Portaria Diurno Mgá (40h) '!I154 -> 72144.822
A10: ='Aux. Manut. Pred. (40h) '!E16 -> 1 | B10: Aux. Mant. Predial | C10: ='Aux. Manut. Pred. (40h) '!I153 -> 5003.2319 | D10: ='Aux. Manut. Pred. (40h) '!I154 -> 60038.783
A11: ='Supervisor '!E16 -> 1 | B11: Supervisor | C11: ='Supervisor '!I153 -> 7536.3797 | D11: ='Supervisor '!I154 -> 90436.556
A12: ='Limpeza Sede Administrativa '!E16 -> 2 | B12: Limp. Curitiba - Sede | C12: ='Limpeza Sede Administrativa '!I172 -> 11929.736 | D12: ='Limpeza Sede Administrativa '!I175 -> 143156.83
A13: ='Limpeza Regional Curitiba'!E16 -> 2 | B13: Limp. Curitiba - Reg. Ctba | C13: ='Limpeza Regional Curitiba'!I172 -> 12025.856 | D13: ='Limpeza Regional Curitiba'!I175 -> 144310.27
A14: ='Limpeza Regional Apucarana '!E16 -> 1 | B14: Limp. Apucarana | C14: ='Limpeza Regional Apucarana '!I172 -> 7547.0013 | D14: ='Limpeza Regional Apucarana '!I175 -> 90564.016
A15: ='Limpeza Regional Cascavel'!E16 -> 1 | B15: **Limp. Cascavel | C15: ='Limpeza Regional Cascavel'!I172 -> 3339.9799 | D15: ='Limpeza Regional Cascavel'!I175 -> 6679.9598
A16: ='Limpeza Regional Guarapuava '!E16 -> 1 | B16: Limp. Guarapuava | C16: ='Limpeza Regional Guarapuava '!I151 -> 5281.1935 | D16: ='Limpeza Regional Guarapuava '!I154 -> 63374.322
A17: ='Limpeza Regional Londrina'!E16 -> 1 | B17: Limp. Londrina | C17: ='Limpeza Regional Londrina'!I172 -> 7557.287 | D17: ='Limpeza Regional Londrina'!I175 -> 90687.444
A18: ='Limpeza Regional Maringá'!E16 -> 2 | B18: Limp. Maringá | C18: ='Limpeza Regional Maringá'!I172 -> 17497.021 | D18: ='Limpeza Regional Maringá'!I175 -> 209964.26
A19: ='Limpeza Regional Pato Branco '!E16 -> 1 | B19: Limp. Pato Branco | C19: ='Limpeza Regional Pato Branco '!I151 -> 5026.4058 | D19: ='Limpeza Regional Pato Branco '!I154 -> 60316.87
A20: ='Limpeza Regional Ponta Gros '!E16 -> 1 | B20: Limp. Ponta Grossa | C20: ='Limpeza Regional Ponta Gros '!I172 -> 5791.6739 | D20: ='Limpeza Regional Ponta Gros '!I175 -> 69500.087
A21: ='Limpeza Água Verde '!E16 -> 1 | B21: Limp. Água Verde (Curitiba) | C21: ='Limpeza Água Verde '!I151 -> 2037.3395 | D21: ='Limpeza Água Verde '!I154 -> 24448.074
A22: ='Limpeza Insp Arapongas '!E16 -> 1 | B22: Limp. Arapongas | C22: ='Limpeza Insp Arapongas '!I151 -> 1993.3834 | D22: ='Limpeza Insp Arapongas '!I154 -> 23920.601
A23: ='Limpeza Insp Bandeirantes'!E16 -> 1 | B23: Limp. Bandeirantes | C23: ='Limpeza Insp Bandeirantes'!I151 -> 1865.3767 | D23: ='Limpeza Insp Bandeirantes'!I154 -> 22384.52
A24: ='Limpeza Insp Campo Largo'!E16 -> 1 | B24: Limp. Campo Largo | C24: ='Limpeza Insp Campo Largo'!I151 -> 1991.9733 | D24: ='Limpeza Insp Campo Largo'!I154 -> 23903.68
A25: ='Limpeza Insp Campo Mourão'!E16 -> 1 | B25: Limp. Campo Mourão | C25: ='Limpeza Insp Campo Mourão'!I151 -> 1995.4951 | D25: ='Limpeza Insp Campo Mourão'!I154 -> 23945.941
A26: ='Limpeza Insp Castro'!E16 -> 1 | B26: Limp. Castro | C26: ='Limpeza Insp Castro'!I151 -> 1959.2807 | D26: ='Limpeza Insp Castro'!I154 -> 23511.368
A27: ='Limpeza Insp Cianorte'!E16 -> 1 | B27: Limp. Cianorte | C27: ='Limpeza Insp Cianorte'!I151 -> 2002.1769 | D27: ='Limpeza Insp Cianorte'!I154 -> 24026.123
A28: ='Limpeza Insp Cornélio Proc.'!E16 -> 1 | B28: Limp. Cornélio Procópio | C28: ='Limpeza Insp Cornélio Proc.'!I151 -> 2054.9263 | D28: ='Limpeza Insp Cornélio Proc.'!I154 -> 24659.116
A29: ='Limpeza Insp Foz do Iguaçu'!E16 -> 1 | B29: Limp. Foz do Iguaçu | C29: ='Limpeza Insp Foz do Iguaçu'!I151 -> 1980.4965 | D29: ='Limpeza Insp Foz do Iguaçu'!I154 -> 23765.958
A30: ='Limpeza Insp Francisco Belt.'!E16 -> 1 | B30: Limp. Francisco Beltrão | C30: ='Limpeza Insp Francisco Belt.'!I151 -> 1945.1757 | D30: ='Limpeza Insp Francisco Belt.'!I154 -> 23342.108
A31: ='Limpeza Insp Ibaiti'!E16 -> 1 | B31: Limp. Ibaiti | C31: ='Limpeza Insp Ibaiti'!I151 -> 1855.2223 | D31: ='Limpeza Insp Ibaiti'!I154 -> 22262.668
A32: ='Limpeza Insp Irati'!E16 -> 1 | B32: Limp. Irati | C32: ='Limpeza Insp Irati'!I151 -> 1865.3767 | D32: ='Limpeza Insp Irati'!I154 -> 22384.52
A33: ='Limpeza Insp Ivaiporã'!E16 -> 1 | B33: Limp. Ivaiporã | C33: ='Limpeza Insp Ivaiporã'!I151 -> 1845.1778 | D33: ='Limpeza Insp Ivaiporã'!I154 -> 22142.134
A34: ='Limpeza Insp Jacarezinho'!E16 -> 1 | B34: Limp. Jacarezinho | C34: ='Limpeza Insp Jacarezinho'!I151 -> 1993.3834 | D34: ='Limpeza Insp Jacarezinho'!I154 -> 23920.601
A35: ='Limpeza Insp Mal Cândido Ron'!E16 -> 1 | B35: Limp. Marechal Cândido Rondon | C35: ='Limpeza Insp Mal Cândido Ron'!I151 -> 1825.4115 | D35: ='Limpeza Insp Mal Cândido Ron'!I154 -> 21904.938
A36: ='Limpeza Insp Medianeira'!E16 -> 1 | B36: Limp. Medianeira | C36: ='Limpeza Insp Medianeira'!I151 -> 1954.1198 | D36: ='Limpeza Insp Medianeira'!I154 -> 23449.438
A37: ='Limpeza Insp Palmas'!E16 -> 1 | B37: Limp. Palmas | C37: ='Limpeza Insp Palmas'!I151 -> 1825.4115 | D37: ='Limpeza Insp Palmas'!I154 -> 21904.938
A38: ='Limpeza Insp Paranaguá'!E16 -> 1 | B38: Limp. Paranaguá | C38: ='Limpeza Insp Paranaguá'!I151 -> 1931.8405 | D38: ='Limpeza Insp Paranaguá'!I154 -> 23182.086
A39: ='Limpeza Insp Paranavaí'!E16 -> 1 | B39: Limp. Paranavaí | C39: ='Limpeza Insp Paranavaí'!I151 -> 1983.978 | D39: ='Limpeza Insp Paranavaí'!I154 -> 23807.736
A40: ='Limpeza Insp Realeza'!E16 -> 1 | B40: Limp. Realeza | C40: ='Limpeza Insp Realeza'!I151 -> 1825.4115 | D40: ='Limpeza Insp Realeza'!I154 -> 21904.938
A41: ='Limpeza Insp Rio Negro'!E16 -> 1 | B41: Limp. Rio Negro | C41: ='Limpeza Insp Rio Negro'!I151 -> 1942.0814 | D41: ='Limpeza Insp Rio Negro'!I154 -> 23304.977
A42: ='Limpeza Insp Sto Ant Platina'!E16 -> 1 | B42: Limp. Santo Antônio da Platina | C42: ='Limpeza Insp Sto Ant Platina'!I151 -> 1825.4115 | D42: ='Limpeza Insp Sto Ant Platina'!I154 -> 21904.92
A43: ='Limpeza Insp São José Pinhais'!E16 -> 1 | B43: Limp. São José dos Pinhais | C43: ='Limpeza Insp São José Pinhais'!I151 -> 2037.3395 | D43: ='Limpeza Insp São José Pinhais'!I154 -> 24448.074
A44: ='Limpeza Insp Telêmaco Borba'!E16 -> 1 | B44: Limp. Telemaco Borba | C44: ='Limpeza Insp Telêmaco Borba'!I151 -> 2037.3395 | D44: ='Limpeza Insp Telêmaco Borba'!I154 -> 24448.074
A45: ='Limpeza Insp Toledo'!E16 -> 1 | B45: Limp. Toledo | C45: ='Limpeza Insp Toledo'!I151 -> 1907.6506 | D45: ='Limpeza Insp Toledo'!I154 -> 22891.807
A46: ='Limpeza Insp Umuarama'!E16 -> 1 | B46: Limp. Umuarama | C46: ='Limpeza Insp Umuarama'!I151 -> 1977.5619 | D46: ='Limpeza Insp Umuarama'!I154 -> 23730.743
A47: ='Limpeza Insp União Vitória'!E16 -> 1 | B47: Limp. União da Vitória | C47: ='Limpeza Insp União Vitória'!I151 -> 1815.6864 | D47: ='Limpeza Insp União Vitória'!I154 -> 21788.237
A48: SUBTOTAL | D48: =SUM(D4:D47) -> 2045893.2
A49: Eventuais Horas extras
A50: ='Motorista 1 (44h) '!E16 -> 1 | B50: *Motoristas 1 e 2 | C50: 1021.8 | D50: =C50*12 -> 12261.6
A51: ='Portaria Diurno Mgá (40h) '!E16 -> 1 | B51: *Portaria (Maringá) | C51: 193.61 | D51: =C51*6 -> 1161.66
A52: TOTAL | D52: =SUM(D48,D50,D51) -> 2059316.4
A53: *Valores com provisionamento de horas extras (sob demanda)
A54: ** Serviços temporários até 02 vezes ao ano
A56: QTDE. SOLICITAÇÃO MENSAL | B56: MATERIAIS DE HIGIENE E LIMPEZA | C56: MATERIAIS (ESTIMATIVO MENSAL) | D56: TOTAL ANUAL COM CUSTOS INDIRETOS, TRIBUTOS E LUCRO (R$)
A57: 1 | B57: Curitiba - Sede | C57: ='Limpeza - Materiais '!AY5 -> 4029.3592 | D57: ='Limpeza - Materiais '!AX5 -> 48352.31
A58: 1 | B58: Curitiba - Reg. Ctba | C58: ='Limpeza - Materiais '!AY6 -> 2468.5358 | D58: ='Limpeza - Materiais '!AX6 -> 29622.43
A59: 1 | B59: Apucarana | C59: ='Limpeza - Materiais '!AY4 -> 970.93583 | D59: ='Limpeza - Materiais '!AX4 -> 11651.23
A60: 1 | B60: Cascavel | C60: ='Limpeza - Materiais '!AY7 -> 862.77833 | D60: ='Limpeza - Materiais '!AX7 -> 10353.34
A61: 1 | B61: Guarapuava | C61: ='Limpeza - Materiais '!AY8 -> 472.25667 | D61: ='Limpeza - Materiais '!AX8 -> 5667.08
A62: 1 | B62: Londrina | C62: ='Limpeza - Materiais '!AY9 -> 1501.3958 | D62: ='Limpeza - Materiais '!AX9 -> 18016.75
A63: 1 | B63: Maringá | C63: ='Limpeza - Materiais '!AY10 -> 2236.9133 | D63: ='Limpeza - Materiais '!AX10 -> 26842.96
A64: 1 | B64: Pato Branco | C64: ='Limpeza - Materiais '!AY11 -> 604.00333 | D64: ='Limpeza - Materiais '!AX11 -> 7248.04
A65: 1 | B65: Ponta Grossa | C65: ='Limpeza - Materiais '!AY12 -> 1071.8975 | D65: ='Limpeza - Materiais '!AX12 -> 12862.77
A66: 1 | B66: Água Verde (Ctba) | C66: ='Limpeza - Materiais '!AY31 -> 160.51917 | D66: ='Limpeza - Materiais '!AX31 -> 1926.23
A67: 1 | B67: Arapongas | C67: ='Limpeza - Materiais '!AY13 -> 158.09417 | D67: ='Limpeza - Materiais '!AX13 -> 1897.13
A68: 1 | B68: Bandeirantes | C68: ='Limpeza - Materiais '!AY14 -> 195.0375 | D68: ='Limpeza - Materiais '!AX14 -> 2340.45
A69: 1 | B69: Campo Largo | C69: ='Limpeza - Materiais '!AY15 -> 136.19333 | D69: ='Limpeza - Materiais '!AX15 -> 1634.32
A70: 1 | B70: Campo Mourão | C70: ='Limpeza - Materiais '!AY16 -> 130.26417 | D70: ='Limpeza - Materiais '!AX16 -> 1563.17
A71: 1 | B71: Castro | C71: ='Limpeza - Materiais '!AY17 -> 124.75667 | D71: ='Limpeza - Materiais '!AX17 -> 1497.08
A72: 1 | B72: Cianorte | C72: ='Limpeza - Materiais '!AY18 -> 212.95833 | D72: ='Limpeza - Materiais '!AX18 -> 2555.5
A73: 1 | B73: Cornélio Procópio | C73: ='Limpeza - Materiais '!AY19 -> 173.43167 | D73: ='Limpeza - Materiais '!AX19 -> 2081.18
A74: 1 | B74: Foz do Iguaçu | C74: ='Limpeza - Materiais '!AY20 -> 154.00917 | D74: ='Limpeza - Materiais '!AX20 -> 1848.11
A75: 1 | B75: Francisco Beltrão | C75: ='Limpeza - Materiais '!AY21 -> 172.69083 | D75: ='Limpeza - Materiais '!AX21 -> 2072.29
A76: 1 | B76: Ibaiti | C76: ='Limpeza - Materiais '!AY22 -> 167.925 | D76: ='Limpeza - Materiais '!AX22 -> 2015.1
A77: 1 | B77: Irati | C77: ='Limpeza - Materiais '!AY23 -> 200.4825 | D77: ='Limpeza - Materiais '!AX23 -> 2405.79
A78: 1 | B78: Ivaiporã | C78: ='Limpeza - Materiais '!AY24 -> 118.13167 | D78: ='Limpeza - Materiais '!AX24 -> 1417.58
... A84: 1 | B84: Paranavaí | C84: ='Limpeza - Materiais '!AY30 -> 184.25417 | D84: ='Limpeza - Materiais '!AX30 -> 2211.05
A85: 1 | B85: Realeza | C85: ='Limpeza - Materiais '!AY32 -> 121.33083 | D85: ='Limpeza - Materiais '!AX32 -> 1455.97
A86: 1 | B86: Rio Negro | C86: ='Limpeza - Materiais '!AY33 -> 110.27083 | D86: ='Limpeza - Materiais '!AX33 -> 1323.25
A87: 1 | B87: Santo Antônio da Platina | C87: ='Limpeza - Materiais '!AY34 -> 230.55667 | D87: ='Limpeza - Materiais '!AX34 -> 2766.68
A88: 1 | B88: São José dos Pinhais | C88: ='Limpeza - Materiais '!AY35 -> 175.46417 | D88: ='Limpeza - Materiais '!AX35 -> 2105.57
A89: 1 | B89: Telemaco Borba | C89: ='Limpeza - Materiais '!AY36 -> 131.75917 | D89: ='Limpeza - Materiais '!AX36 -> 1581.11
A90: 1 | B90: Toledo | C90: ='Limpeza - Materiais '!AY37 -> 140.07667 | D90: ='Limpeza - Materiais '!AX37 -> 1680.92
A91: 1 | B91: Umuarama | C91: ='Limpeza - Materiais '!AY38 -> 155.97083 | D91: ='Limpeza - Materiais '!AX38 -> 1871.65
A92: 1 | B92: União da Vitória | C92: ='Limpeza - Materiais '!AY39 -> 190.67 | D92: ='Limpeza - Materiais '!AX39 -> 2288.04
A93: TOTAL | C93: =SUM(C57:C92) -> 18506.94 | D93: =SUM(D57:D92) -> 222083.28
A94: Versão 1.0
A95: TOTAL ESTIMADO DO CONTRATO | D95: =SUM(D52+D93) -> 2281399.7

Sheet Recepção (40h) 
A1: PLANILHA DE CUSTOS E FORMAÇÃO DE PREÇOS
A3: Pregão Eletrônico n.º:
A4: Data: | C4: Horário:
A6: Categoria profissional:
A8: DISCRIMINAÇÃO DOS SERVIÇOS (DADOS REFERENTES À CONTRATAÇÃO)
A9: A | B9: Data de apresentação da proposta (dia/mês/ano):
A10: B | B10: Município/UF: CURITIBA/PR (SEDE) | I10: PR
A11: C | B11: Ano do Acordo, Convenção ou Dissídio Coletivo | I11: 2025 á 2027
A12: D | B12: Nº de meses de execução contratual | I12: 12
A14: IDENTIFICAÇÃO DO SERVIÇO
A15: Tipo de Serviço | C15: Unidade de Medida (m2) | E15: Quantidade total a contratar (Em função da unidade de medida)
A16: Recepção | C16: Não se aplica | E16: 1
A20: 1. MÓDULOS
A21: Mão de Obra
A22: Dados para composição dos custos referentes à mão-de-obra
A23: 1 | B23: Tipo de serviço (mesmo serviço com características distintas) | I23: Recepção
A24: 2 | B24: Classificação Brasileira de Ocupações (CBO) | I24: 4221-05
A25: 3 | B25: Salário Nominativo da Categoria Profissional | I25: 1988
A26: 4 | B26: Categoria profissional (vinculada à execução contratual) | I26: Recepcionista
A27: 5 | B27: Data base da categoria (dia/mês/ano) | I27: 46053
A29: MÓDULO 1 - COMPOSIÇÃO DA REMUNERAÇÃO
A30: 1 | B30: COMPOSIÇÃO DA REMUNERAÇÃO | H30: VALOR (R$) | I30: VALOR (R$)
A31: A | B31: Salário Base | I31: =(I25/220)*220 -> 1988
A32: B | B32: Gratificação de função | H32: 0 | I32: 40
A33: C | B33: Adicional Insalubridade | I33: =H33*I31 -> 0
A34: D | B34: Adicional Noturno | I34: 0
A35: E | B35: Adicional de Hora Noturna Reduzida | I35: 0
A36: F | B36: Adicional de Hora Extra no Feriado Trabalhado | I36: 0
A37: G | B37: Outros (especificar) | I37: 0
A38: TOTAL | I38: =TRUNC(SUM(I31:I37),4) -> 2028
A40: MÓDULO 2 – ENCARGOS E BENEFÍCIOS ANUAIS, MENSAIS E DIÁRIOS
A41: Submódulo 2.1 - 13º (décimo terceiro) Salário, Férias e Adicional de Férias
A42: 2.1 | B42: 13º (Décimo terceiro) Salário, Férias e Adicional de Férias | H42: % | I42: VALOR (R$)
A43: A | B43: 13 (Décimo-terceiro) salário | H43: 0.0833 | I43: =$I$38*H43 -> 168.9324
A44: B | B44: Férias e Adicional de Férias | H44: 0.0278 | I44: =H44*I38 -> 56.3784
A45: TOTAL | H45: =TRUNC(SUM(H43:H44),4) -> 0.1111 | I45: =TRUNC(SUM(I43:I44),4) -> 225.3108
A47: Submódulo 2.2 - Encargos Previdenciários (GPS), Fundo de Garantia por Tempo de Serviço (FGTS) e outras contribuições
A48: 2.2 | B48: GPS, FGTS e Outras Contribuições | H48: % | I48: VALOR (R$)
A49: A | B49: INSS | H49: 0.2 | I49: =(I38+I45)*H49 -> 450.66216
A50: B | B50: Salário Educação | H50: 0.025 | I50: =(I38+I45)*H50 -> 56.33277
A51: C | B51: SAT - GIL/RAT | H51: 0.03 | I51: =(I38+I45)*H51 -> 67.599324
A52: D | B52: SESC ou SESI | H52: 0.015 | I52: =(I38+I45)*H52 -> 33.799662
A53: E | B53: SENAI - SENAC | H53: 0.01 | I53: =(I38+I45)*H53 -> 22.533108
A54: F | B54: SEBRAE | H54: 0.006 | I54: =(I38+I45)*H54 -> 13.519865
A55: G | B55: INCRA | H55: 0.002 | I55: =(I38+I45)*H55 -> 4.5066216
A56: H | B56: FGTS | H56: 0.08 | I56: =(I38+I45)*H56 -> 180.26486
A57: TOTAL | H57: =SUM(H49:H56) -> 0.368 | I57: =TRUNC(SUM(I49:I56),4) -> 829.2183
A59: Submódulo 2.3 - Benefícios Mensais e Diários
A60: 2.3 | B60: Benefícios Mensais e Diários | H60: VALOR UNIT. | I60: VALOR (R$)
A61: A | B61: Transporte | H61: =A160 -> 6 | I61: =C166 -> 144.72
A62: B | B62: Auxílio-Refeição/Alimentação | H62: =F160 -> 26.8333 | I62: =H166 -> 643.9992
A63: C | B63: Assistência Médica e Familiar | H63: 87.5 | I63: =H63 -> 87.5
A64: D | B64: Assistência Social | H64: 0 | I64: 0
A65: E | B65: Treinamento/Capacitação/Reciclagem | H65: 0 | I65: 0
A66: F | B66: Assitência Social Familiar | H66: 28 | I66: =H66 -> 28
A67: G | B67: Fundo de Formação Profissional | H67: 28 | I67: =H67 -> 28
A68: H | B68: Medicina do Trabalho | H68: 0 | I68: 0
A69: I | B69: Seguro de Vida | H69: 0 | I69: 0
A70: J | B70: Benefício nascimento de filho | H70: 0 | I70: 0
A71: K | B71: Benefício empregado que não cometer falta | H71: 0 | I71: =H71 -> 0
A72: L | B72: Outros (especificar) | H72: 0 | I72: 0
A73: TOTAL | I73: =TRUNC(SUM(I61:I72),4) -> 932.2192
A75: QUADRO-RESUMO DO MÓDULO 2 - ENCARGOS, BENEFÍCIOS ANUAIS, MENSAIS E DIÁRIOS
A76: 2 | B76: Encargos, Benefícios Anuais, Mensais e Diários | I76: VALOR (R$)
A77: 2.1 | B77: 13º Salário, Férias e Adicional de Férias | I77: =I45 -> 225.3108
A78: 2.2 | B78: GPS, FGTS e Outras Contribuições | I78: =I57 -> 829.2183
A79: 2.3 | B79: Benefícios Mensais e Diários | I79: =I73 -> 932.2192
A80: TOTAL | I80: =TRUNC(SUM(I77:I79),4) -> 1986.7483
A82: MÓDULO 3 – PROVISÃO PARA RESCISÃO
A83: 3 | B83: PROVISÃO PARA RESCISÃO | H83: % | I83: VALOR (R$)
A84: A | B84: Aviso Prévio Indenizado | H84: =((1/12)*0.05) -> 0.0041666667 | I84: =I38*H84 -> 8.45
A85: B | B85: Incidência do FGTS sobre Aviso Prévio Indenizado | H85: =H84*8% -> 0.00033333333 | I85: =H85*I38 -> 0.676
A86: C | B86: Multa do FGTS e Contribuição Social sobre o Aviso Prévio Indenizado | H86: =((1+2/12+(1/3*1/12))*0.08*0.4*0.9) -> 0.0344 | I86: =I38*H86 -> 69.7632
A87: D | B87: Aviso Prévio Trabalhado | H87: =(7/30)/12 -> 0.019444444 | I87: =I38*H87 -> 39.433333
A88: E | B88: Incidência dos encargos do submódulo 2.2 sobre Aviso Prévio Trabalhado | H88: =(H57*H87) -> 0.0071555556 | I88: =I38*H88 -> 14.511467
A89: F | B89: Multa do FGTS e Contribuição Social sobre o Aviso Prévio Trabalhado. | H89: =H87*0.08*0.4 -> 0.00062222222 | I89: =I38*H89 -> 1.2618667
A90: TOTAL | H90: =TRUNC(SUM(H84:H89),4) -> 0.0661 | I90: =TRUNC(SUM(I84:I89),4) -> 134.0958
A92: MÓDULO 4 – CUSTO DE REPOSIÇÃO DO PROFISSIONAL AUSENTE
A93: Submódulo 4.1 - Ausências Legais
A94: 4.1 | B94: Ausências Legais | H94: % | I94: VALOR (R$)
A95: A | B95: Férias | H95: =(1/12) -> 0.083333333 | I95: =(I38+I80+I90)*H95 -> 345.73701
A96: B | B96: Ausências Legais | H96: =(8/30/12) -> 0.022222222 | I96: =(I38+I80+I90)*H96 -> 92.196536
A97: C | B97: Licença Paternidade | H97: =(20/30/12)*0.01416%*45.22 -> 0.00035573067 | I97: =(I38+I80+I90)*H97 -> 1.4758711
A98: D | B98: Ausência por Acidente de Trabalho | H98: =((15/30)/12)*0.44% -> 0.00018333333 | I98: =(I38+I80+I90)*H98 -> 0.76062142
A99: E | B99: Afastamento Maternidade | H99: =((180/30)/12*1.416%*54.78%)*H57 -> 0.00142726 | I99: =(I38+I80+I90)*H99 -> 5.9214794
A100: F | B100: Outros (especificar) | H100: 0 | I100: =(I38+I80+I90)*H100 -> 0
A101: TOTAL | H101: =TRUNC(SUM(H95:H100),4) -> 0.1075 | I101: =TRUNC(SUM(I95:I100),4) -> 446.0915
A103: Submódulo 4.2 - Intrajornada
A104: 4.2 | B104: Intrajornada | H104: % | I104: VALOR (R$)
A105: A | B105: Intervalo para Repouso ou Alimentação | H105: 0 | I105: =I38*H105 -> 0
A106: TOTAL SUBMÓDULO 4.2 | H106: =TRUNC(SUM(H105),4) -> 0 | I106: =TRUNC(SUM(I105),4) -> 0
A108: QUADRO-RESUMO DO MÓDULO 4 - CUSTO DE REPOSIÇÃO DO PROFISSIONAL AUSENTE
A109: 4 | B109: Custo de Reposição do Profissional Ausente | I109: VALOR (R$)
A110: 4.1 | B110: Ausências Legais | I110: =I101 -> 446.0915
A111: 4.2 | B111: Intrajornada | I111: =I106 -> 0
A112: TOTAL | I112: =TRUNC(SUM(I110:I111),4) -> 446.0915
A114: MÓDULO 5 – INSUMOS DIVERSOS
A115: 5 | B115: INSUMOS DIVERSOS | H115: Quant. | I115: VALOR (R$)
A116: A | B116: Uniformes | H116: - | I116: =Uniformes!H13 -> 186.33333
A117: B | B117: Materiais | H117: - | I117: 0
...

Sheet Motorista 1 (44h) 
A1: PLANILHA DE CUSTOS E FORMAÇÃO DE PREÇOS
A3: Pregão Eletrônico n.º:
A4: Data: | C4: Horário:
A6: Categoria profissional:
A8: DISCRIMINAÇÃO DOS SERVIÇOS (DADOS REFERENTES À CONTRATAÇÃO)
A9: A | B9: Data de apresentação da proposta (dia/mês/ano):
A10: B | B10: Município/UF: CURITIBA/PR (SEDE) | I10: PR
A11: C | B11: Ano do Acordo, Convenção ou Dissídio Coletivo | I11: 2025 á 2026
A12: D | B12: Nº de meses de execução contratual | I12: 12
A14: IDENTIFICAÇÃO DO SERVIÇO
A15: Tipo de Serviço | C15: Unidade de Medida (m2) | E15: Quantidade total a contratar (Em função da unidade de medida)
A16: Motorista | C16: Não se aplica | E16: 1
A20: 1. MÓDULOS
A21: Mão de Obra
A22: Dados para composição dos custos referentes à mão-de-obra
A23: 1 | B23: Tipo de serviço (mesmo serviço com características distintas) | I23: Motorista
A24: 2 | B24: Classificação Brasileira de Ocupações (CBO) | I24: 7823-10
A25: 3 | B25: Salário Nominativo da Categoria Profissional | I25: 2656
A26: 4 | B26: Categoria profissional (vinculada à execução contratual) | I26: Motorista
A27: 5 | B27: Data base da categoria (dia/mês/ano) | I27: 45808
A29: MÓDULO 1 - COMPOSIÇÃO DA REMUNERAÇÃO
A30: 1 | B30: COMPOSIÇÃO DA REMUNERAÇÃO | F30: QTDE. | G30: VLR. HR | H30: % | I30: VALOR (R$)
A31: A | B31: Salário Base | I31: =I25 -> 2656
A32: B | B32: Gratificação de função | H32: 0 | I32: 0
A33: C | B33: Adicional Insalubridade | H33: 0 | I33: =H33*I31 -> 0
A34: D | B34: Hora extra período entre 05h00 as 22h00 - Seg. a Sab. | F34: 0 | G34: 0 | H34: 0 | I34: =F34*G34 -> 0
A35: E | B35: Hora extra período entre 22h00 as 05h00 | F35: 0 | G35: 0 | H35: 0 | I35: =F35*G35 -> 0
A36: F | B36: Trabalho aos domingos e feriados | F36: 0 | G36: =I174 -> 241.45 | H36: 0 | I36: =F36*G36 -> 0
A37: G | B37: Outros (especificar) | H37: 0 | I37: 0
A38: TOTAL | I38: =TRUNC(SUM(I31:I37),2) -> 2656
A40: MÓDULO 2 – ENCARGOS E BENEFÍCIOS ANUAIS, MENSAIS E DIÁRIOS
A41: Submódulo 2.1 - 13º (décimo terceiro) Salário, Férias e Adicional de Férias
A42: 2.1 | B42: 13º (Décimo terceiro) Salário, Férias e Adicional de Férias | H42: % | I42: VALOR (R$)
A43: A | B43: 13 (Décimo-terceiro) salário | H43: 0.0833 | I43: =$I$38*H43 -> 221.2448
A44: B | B44: Férias e Adicional de Férias | H44: 0.0278 | I44: =H44*I38 -> 73.8368
A45: TOTAL | H45: =TRUNC(SUM(H43:H44),4) -> 0.1111 | I45: =TRUNC(SUM(I43:I44),2) -> 295.08
A47: Submódulo 2.2 - Encargos Previdenciários (GPS), Fundo de Garantia por Tempo de Serviço (FGTS) e outras contribuições
A48: 2.2 | B48: GPS, FGTS e Outras Contribuições | H48: % | I48: VALOR (R$)
A49: A | B49: INSS | H49: 0.2 | I49: =(I38+I45)*H49 -> 590.216
A50: B | B50: Salário Educação | H50: 0.025 | I50: =(I38+I45)*H50 -> 73.777
A51: C | B51: SAT - GIL/RAT | H51: 0.03 | I51: =(I38+I45)*H51 -> 88.5324
A52: D | B52: SESC ou SESI | H52: 0.015 | I52: =(I38+I45)*H52 -> 44.2662
A53: E | B53: SENAI - SENAC | H53: 0.01 | I53: =(I38+I45)*H53 -> 29.5108
A54: F | B54: SEBRAE | H54: 0.006 | I54: =(I38+I45)*H54 -> 17.70648
A55: G | B55: INCRA | H55: 0.002 | I55: =(I38+I45)*H55 -> 5.90216
A56: H | B56: FGTS | H56: 0.08 | I56: =(I38+I45)*H56 -> 236.0864
A57: TOTAL | H57: =SUM(H49:H56) -> 0.368 | I57: =TRUNC(SUM(I49:I56),2) -> 1085.99
A59: Submódulo 2.3 - Benefícios Mensais e Diários
A60: 2.3 | B60: Benefícios Mensais e Diários | H60: VALOR UNIT. | I60: VALOR (R$)
A61: A | B61: Transporte | H61: =A160 -> 6 | I61: =C166 -> 104.64
A62: B | B62: Auxílio-Refeição/Alimentação | H62: =F160 -> 33 | I62: =H166 -> 653.4
A63: C | B63: Assistência Médica e Familiar | H63: 0 | I63: =H63 -> 0
A64: D | B64: Assistência Social | H64: 0 | I64: 0
A65: E | B65: Treinamento/Capacitação/Reciclagem | H65: 0 | I65: 0
A66: F | B66: Assitência Social Familiar | H66: 0.01 | I66: =(I25*1%) -> 26.56
A67: G | B67: Fundo de Formação Profissional | H67: 0 | I67: =H67 -> 0
A68: H | B68: Medicina do Trabalho | H68: 0 | I68: 0
A69: I | B69: Seguro de Vida | H69: 53.13 | I69: =H69 -> 53.13
A70: J | B70: Benefício nascimento de filho | H70: 0 | I70: 0
A71: K | B71: Benefício empregado que não cometer falta | H71: 0 | I71: =H71 -> 0
A72: L | B72: Outros (especificar) - Plano Odontológico | H72: 0 | I72: =H72 -> 0
A73: TOTAL | I73: =TRUNC(SUM(I61:I72),2) -> 837.73
A75: QUADRO-RESUMO DO MÓDULO 2 - ENCARGOS, BENEFÍCIOS ANUAIS, MENSAIS E DIÁRIOS
A76: 2 | B76: Encargos, Benefícios Anuais, Mensais e Diários | I76: VALOR (R$)
A77: 2.1 | B77: 13º Salário, Férias e Adicional de Férias | I77: =I45 -> 295.08
A78: 2.2 | B78: GPS, FGTS e Outras Contribuições | I78: =I57 -> 1085.99
A79: 2.3 | B79: Benefícios Mensais e Diários | I79: =I73 -> 837.73
A80: TOTAL | I80: =TRUNC(SUM(I77:I79),2) -> 2218.8
A82: MÓDULO 3 – PROVISÃO PARA RESCISÃO
A83: 3 | B83: PROVISÃO PARA RESCISÃO | H83: % | I83: VALOR (R$)
A84: A | B84: Aviso Prévio Indenizado | H84: =((1/12)*0.05) -> 0.0041666667 | I84: =I38*H84 -> 11.066667
A85: B | B85: Incidência do FGTS sobre Aviso Prévio Indenizado | H85: =H84*8% -> 0.00033333333 | I85: =H85*I38 -> 0.88533333
A86: C | B86: Multa do FGTS e Contribuição Social sobre o Aviso Prévio Indenizado | H86: =((1+2/12+(1/3*1/12))*0.08*0.4*0.9) -> 0.0344 | I86: =I38*H86 -> 91.3664
A87: D | B87: Aviso Prévio Trabalhado | H87: =(7/30)/12 -> 0.019444444 | I87: =I38*H87 -> 51.644444
A88: E | B88: Incidência dos encargos do submódulo 2.2 sobre Aviso Prévio Trabalhado | H88: =(H57*H87) -> 0.0071555556 | I88: =I38*H88 -> 19.005156
A89: F | B89: Multa do FGTS e Contribuição Social sobre o Aviso Prévio Trabalhado. | H89: =H87*0.08*0.4 -> 0.00062222222 | I89: =I38*H89 -> 1.6526222
A90: TOTAL | H90: =TRUNC(SUM(H84:H89),4) -> 0.0661 | I90: =TRUNC(SUM(I84:I89),2) -> 175.62
A92: MÓDULO 4 – CUSTO DE REPOSIÇÃO DO PROFISSIONAL AUSENTE
A93: Submódulo 4.1 - Ausências Legais
A94: 4.1 | B94: Ausências Legais | H94: % | I94: VALOR (R$)
A95: A | B95: Férias | H95: =(1/12) -> 0.083333333 | I95: =(I38+I80+I90)*H95 -> 420.86833
A96: B | B96: Ausências Legais | H96: =(8/30/12) -> 0.022222222 | I96: =(I38+I80+I90)*H96 -> 112.23156
A97: C | B97: Licença Paternidade | H97: =(20/30/12)*0.01416%*45.22 -> 0.00035573067 | I97: =(I38+I80+I90)*H97 -> 1.7965893
A98: D | B98: Ausência por Acidente de Trabalho | H98: =((15/30)/12)*0.44% -> 0.00018333333 | I98: =(I38+I80+I90)*H98 -> 0.92591033
A99: E | B99: Afastamento Maternidade | H99: =((180/30)/12*1.416%*54.78%)*H57 -> 0.00142726 | I99: =(I38+I80+I90)*H99 -> 7.2082626
A100: F | B100: Outros (especificar) | H100: 0 | I100: =(I38+I80+I90)*H100 -> 0
A101: TOTAL | H101: =TRUNC(SUM(H95:H100),4) -> 0.1075 | I101: =TRUNC(SUM(I95:I100),2) -> 543.03
A103: Submódulo 4.2 - Intrajornada
A104: 4.2 | B104: Intrajornada | H104: % | I104: VALOR (R$)
A105: A | B105: Intervalo para Repouso ou Alimentação | H105: 0 | I105: =I38*H105 -> 0
A106: TOTAL SUBMÓDULO 4.2 | H106: =TRUNC(SUM(H105),4) -> 0 | I106: =TRUNC(SUM(I105),2) -> 0
A108: QUADRO-RESUMO DO MÓDULO 4 - CUSTO DE REPOSIÇÃO DO PROFISSIONAL AUSENTE
A109: 4 | B109: Custo de Reposição do Profissional Ausente | I109: VALOR (R$)
A110: 4.1 | B110: Ausências Legais | I110: =I101 -> 543.03
A111: 4.2 | B111: Intrajornada | I111: =I106 -> 0
A112: TOTAL | I112: =TRUNC(SUM(I110:I111),2) -> 543.03
A114: MÓDULO 5 – INSUMOS DIVERSOS
A115: 5 | B115: INSUMOS DIVERSOS | H115: Quant. | I115: VALOR (R$)
A116: A | B116: Uniformes | H116: - | I116: =Uniformes!H25 -> 230.16667
A117: B | B117: Materiais | H117: - | I117: 0
...

Sheet Motorista 2 (44h)  
A1: PLANILHA DE CUSTOS E FORMAÇÃO DE PREÇOS
A3: Pregão Eletrônico n.º:
A4: Data: | C4: Horário:
A6: Categoria profissional:
A8: DISCRIMINAÇÃO DOS SERVIÇOS (DADOS REFERENTES À CONTRATAÇÃO)
A9: A | B9: Data de apresentação da proposta (dia/mês/ano):
A10: B | B10: Município/UF: CURITIBA/PR (SEDE) | I10: PR
A11: C | B11: Ano do Acordo, Convenção ou Dissídio Coletivo | I11: 2025 á 2026
A12: D | B12: Nº de meses de execução contratual | I12: 12
A14: IDENTIFICAÇÃO DO SERVIÇO
A15: Tipo de Serviço | C15: Unidade de Medida (m2) | E15: Quantidade total a contratar (Em função da unidade de medida)
A16: Motorista | C16: Não se aplica | E16: 1
A20: 1. MÓDULOS
A21: Mão de Obra
A22: Dados para composição dos custos referentes à mão-de-obra
A23: 1 | B23: Tipo de serviço (mesmo serviço com características distintas) | I23: Motorista
A24: 2 | B24: Classificação Brasileira de Ocupações (CBO) | I24: 7823-10
A25: 3 | B25: Salário Nominativo da Categoria Profissional | I25: 2656
A26: 4 | B26: Categoria profissional (vinculada à execução contratual) | I26: Motorista
A27: 5 | B27: Data base da categoria (dia/mês/ano) | I27: 45808
A29: MÓDULO 1 - COMPOSIÇÃO DA REMUNERAÇÃO
A30: 1 | B30: COMPOSIÇÃO DA REMUNERAÇÃO | F30: QTDE. | G30: VLR. HR | H30: % | I30: VALOR (R$)
A31: A | B31: Salário Base | I31: =I25 -> 2656
A32: B | B32: Gratificação de função | H32: 0 | I32: 0
A33: C | B33: Adicional Insalubridade | H33: 0 | I33: =H33*I31 -> 0
A34: D | B34: Hora extra período entre 05h00 as 22h00 - Seg. a Sab. | F34: 0 | G34: 0 | H34: 0 | I34: =F34*G34 -> 0
A35: E | B35: Hora extra período entre 22h00 as 05h00 | F35: 0 | G35: 0 | H35: 0 | I35: =F35*G35 -> 0
A36: F | B36: Trabalho aos domingos e feriados | F36: 0 | G36: =I174 -> 241.45 | H36: 0 | I36: =F36*G36 -> 0
A37: G | B37: Outros (especificar) | H37: 0 | I37: 0
A38: TOTAL | I38: =TRUNC(SUM(I31:I37),2) -> 2656
A40: MÓDULO 2 – ENCARGOS E BENEFÍCIOS ANUAIS, MENSAIS E DIÁRIOS
A41: Submódulo 2.1 - 13º (décimo terceiro) Salário, Férias e Adicional de Férias
A42: 2.1 | B42: 13º (Décimo terceiro) Salário, Férias e Adicional de Férias | H42: % | I42: VALOR (R$)
A43: A | B43: 13 (Décimo-terceiro) salário | H43: 0.0833 | I43: =$I$38*H43 -> 221.2448
A44: B | B44: Férias e Adicional de Férias | H44: 0.0278 | I44: =H44*I38 -> 73.8368
A45: TOTAL | H45: =TRUNC(SUM(H43:H44),4) -> 0.1111 | I45: =TRUNC(SUM(I43:I44),2) -> 295.08
A47: Submódulo 2.2 - Encargos Previdenciários (GPS), Fundo de Garantia por Tempo de Serviço (FGTS) e outras contribuições
A48: 2.2 | B48: GPS, FGTS e Outras Contribuições | H48: % | I48: VALOR (R$)
A49: A | B49: INSS | H49: 0.2 | I49: =(I38+I45)*H49 -> 590.216
A50: B | B50: Salário Educação | H50: 0.025 | I50: =(I38+I45)*H50 -> 73.777
A51: C | B51: SAT - GIL/RAT | H51: 0.03 | I51: =(I38+I45)*H51 -> 88.5324
A52: D | B52: SESC ou SESI | H52: 0.015 | I52: =(I38+I45)*H52 -> 44.2662
A53: E | B53: SENAI - SENAC | H53: 0.01 | I53: =(I38+I45)*H53 -> 29.5108
A54: F | B54: SEBRAE | H54: 0.006 | I54: =(I38+I45)*H54 -> 17.70648
A55: G | B55: INCRA | H55: 0.002 | I55: =(I38+I45)*H55 -> 5.90216
A56: H | B56: FGTS | H56: 0.08 | I56: =(I38+I45)*H56 -> 236.0864
A57: TOTAL | H57: =SUM(H49:H56) -> 0.368 | I57: =TRUNC(SUM(I49:I56),2) -> 1085.99
A59: Submódulo 2.3 - Benefícios Mensais e Diários
A60: 2.3 | B60: Benefícios Mensais e Diários | H60: VALOR UNIT. | I60: VALOR (R$)
A61: A | B61: Transporte | H61: =A160 -> 6 | I61: =C166 -> 104.64
A62: B | B62: Auxílio-Refeição/Alimentação | H62: =F160 -> 33 | I62: =H166 -> 653.4
A63: C | B63: Assistência Médica e Familiar | H63: 0 | I63: =H63 -> 0
A64: D | B64: Assistência Social | H64: 0 | I64: 0
A65: E | B65: Treinamento/Capacitação/Reciclagem | H65: 0 | I65: 0
A66: F | B66: Assitência Social Familiar | H66: 0.01 | I66: =(I25*1%) -> 26.56
A67: G | B67: Fundo de Formação Profissional | H67: 0 | I67: =H67 -> 0
A68: H | B68: Medicina do Trabalho | H68: 0 | I68: 0
A69: I | B69: Seguro de Vida | H69: 53.13 | I69: =H69 -> 53.13
A70: J | B70: Benefício nascimento de filho | H70: 0 | I70: 0
A71: K | B71: Benefício empregado que não cometer falta | H71: 0 | I71: =H71 -> 0
A72: L | B72: Outros (especificar) - Plano Odontológico | H72: 0 | I72: =H72 -> 0
A73: TOTAL | I73: =TRUNC(SUM(I61:I72),2) -> 837.73
A75: QUADRO-RESUMO DO MÓDULO 2 - ENCARGOS, BENEFÍCIOS ANUAIS, MENSAIS E DIÁRIOS
A76: 2 | B76: Encargos, Benefícios Anuais, Mensais e Diários | I76: VALOR (R$)
A77: 2.1 | B77: 13º Salário, Férias e Adicional de Férias | I77: =I45 -> 295.08
A78: 2.2 | B78: GPS, FGTS e Outras Contribuições | I78: =I57 -> 1085.99
A79: 2.3 | B79: Benefícios Mensais e Diários | I79: =I73 -> 837.73
A80: TOTAL | I80: =TRUNC(SUM(I77:I79),2) -> 2218.8
A82: MÓDULO 3 – PROVISÃO PARA RESCISÃO
A83: 3 | B83: PROVISÃO PARA RESCISÃO | H83: % | I83: VALOR (R$)
A84: A | B84: Aviso Prévio Indenizado | H84: =((1/12)*0.05) -> 0.0041666667 | I84: =I38*H84 -> 11.066667
A85: B | B85: Incidência do FGTS sobre Aviso Prévio Indenizado | H85: =H84*8% -> 0.00033333333 | I85: =H85*I38 -> 0.88533333
A86: C | B86: Multa do FGTS e Contribuição Social sobre o Aviso Prévio Indenizado | H86: =((1+2/12+(1/3*1/12))*0.08*0.4*0.9) -> 0.0344 | I86: =I38*H86 -> 91.3664
A87: D | B87: Aviso Prévio Trabalhado | H87: =(7/30)/12 -> 0.019444444 | I87: =I38*H87 -> 51.644444
A88: E | B88: Incidência dos encargos do submódulo 2.2 sobre Aviso Prévio Trabalhado | H88: =(H57*H87) -> 0.0071555556 | I88: =I38*H88 -> 19.005156
A89: F | B89: Multa do FGTS e Contribuição Social sobre o Aviso Prévio Trabalhado. | H89: =H87*0.08*0.4 -> 0.00062222222 | I89: =I38*H89 -> 1.6526222
A90: TOTAL | H90: =TRUNC(SUM(H84:H89),4) -> 0.0661 | I90: =TRUNC(SUM(I84:I89),2) -> 175.62
A92: MÓDULO 4 – CUSTO DE REPOSIÇÃO DO PROFISSIONAL AUSENTE
A93: Submódulo 4.1 - Ausências Legais
A94: 4.1 | B94: Ausências Legais | H94: % | I94: VALOR (R$)
A95: A | B95: Férias | H95: =(1/12) -> 0.083333333 | I95: =(I38+I80+I90)*H95 -> 420.86833
A96: B | B96: Ausências Legais | H96: =(8/30/12) -> 0.022222222 | I96: =(I38+I80+I90)*H96 -> 112.23156
A97: C | B97: Licença Paternidade | H97: =(20/30/12)*0.01416%*45.22 -> 0.00035573067 | I97: =(I38+I80+I90)*H97 -> 1.7965893
A98: D | B98: Ausência por Acidente de Trabalho | H98: =((15/30)/12)*0.44% -> 0.00018333333 | I98: =(I38+I80+I90)*H98 -> 0.92591033
A99: E | B99: Afastamento Maternidade | H99: =((180/30)/12*1.416%*54.78%)*H57 -> 0.00142726 | I99: =(I38+I80+I90)*H99 -> 7.2082626
A100: F | B100: Outros (especificar) | H100: 0 | I100: =(I38+I80+I90)*H100 -> 0
A101: TOTAL | H101: =TRUNC(SUM(H95:H100),4) -> 0.1075 | I101: =TRUNC(SUM(I95:I100),2) -> 543.03
A103: Submódulo 4.2 - Intrajornada
A104: 4.2 | B104: Intrajornada | H104: % | I104: VALOR (R$)
A105: A | B105: Intervalo para Repouso ou Alimentação | H105: 0 | I105: =I38*H105 -> 0
A106: TOTAL SUBMÓDULO 4.2 | H106: =TRUNC(SUM(H105),4) -> 0 | I106: =TRUNC(SUM(I105),2) -> 0
A108: QUADRO-RESUMO DO MÓDULO 4 - CUSTO DE REPOSIÇÃO DO PROFISSIONAL AUSENTE
A109: 4 | B109: Custo de Reposição do Profissional Ausente | I109: VALOR (R$)
A110: 4.1 | B110: Ausências Legais | I110: =I101 -> 543.03
A111: 4.2 | B111: Intrajornada | I111: =I106 -> 0
A112: TOTAL | I112: =TRUNC(SUM(I110:I111),2) -> 543.03
A114: MÓDULO 5 – INSUMOS DIVERSOS
A115: 5 | B115: INSUMOS DIVERSOS | H115: Quant. | I115: VALOR (R$)
A116: A | B116: Uniformes | H116: - | I116: =Uniformes!H25 -> 230.16667
A117: B | B117: Materiais | H117: - | I117: 0
...

Sheet Portaria Diurno Temp. SED (40h)
A1: PLANILHA DE CUSTOS E FORMAÇÃO DE PREÇOS | J1: ok
J2: ok
A3: Pregão Eletrônico n.º: | J3: ok
A4: Data: | C4: Horário: | J4: ok
J5: ok
A6: Categoria profissional: | J6: ok
J7: ok
A8: DISCRIMINAÇÃO DOS SERVIÇOS (DADOS REFERENTES À CONTRATAÇÃO) | J8: ok
A9: A | B9: Data de apresentação da proposta (dia/mês/ano): | J9: ok
A10: B | B10: Município/UF: CURITIBA/PR (SEDE) | I10: PR | J10: ok
A11: C | B11: Ano do Acordo, Convenção ou Dissídio Coletivo | I11: 2025 á 2027 | J11: ok
A12: D | B12: Nº de meses de execução contratual | I12: 12 | J12: ok
J13: ok
A14: IDENTIFICAÇÃO DO SERVIÇO | J14: ok
A15: Tipo de Serviço | C15: Unidade de Medida (m2) | E15: Quantidade total a contratar (Em função da unidade de medida) | J15: ok
A16: Portaria | C16: Não se aplica | E16: 1 | J16: ok
J17: ok
J18: ok
J19: ok
A20: 1. MÓDULOS | J20: ok
A21: Mão de Obra | J21: ok
A22: Dados para composição dos custos referentes à mão-de-obra | J22: ok
A23: 1 | B23: Tipo de serviço (mesmo serviço com características distintas) | I23: Portaria | J23: ok
A24: 2 | B24: Classificação Brasileira de Ocupações (CBO) | I24: 5174-10 | J24: ok
A25: 3 | B25: Salário Nominativo da Categoria Profissional | I25: 2242
A26: 4 | B26: Categoria profissional (vinculada à execução contratual) | I26: Portaria
A27: 5 | B27: Data base da categoria (dia/mês/ano) | I27: 46053
A29: MÓDULO 1 - COMPOSIÇÃO DA REMUNERAÇÃO
A30: 1 | B30: COMPOSIÇÃO DA REMUNERAÇÃO | H30: VALOR (R$) | I30: VALOR (R$)
A31: A | B31: Salário Base | I31: =(I25/220)*200 -> 2038.1818
A32: B | B32: Gratificação de função | I32: 0
A33: C | B33: Adicional Insalubridade | I33: =H33*I31 -> 0
A34: D | B34: Adicional Noturno | I34: 0
A35: E | B35: Adicional de Hora Noturna Reduzida | I35: 0
A36: F | B36: Adicional de Hora Extra no Feriado Trabalhado | I36: 0
A37: G | B37: Adicional de risco | H37: 80 | I37: 80
A38: TOTAL | I38: =TRUNC(SUM(I31:I37),4) -> 2118.1818
A40: MÓDULO 2 – ENCARGOS E BENEFÍCIOS ANUAIS, MENSAIS E DIÁRIOS
A41: Submódulo 2.1 - 13º (décimo terceiro) Salário, Férias e Adicional de Férias
A42: 2.1 | B42: 13º (Décimo terceiro) Salário, Férias e Adicional de Férias | H42: % | I42: VALOR (R$)
A43: A | B43: 13 (Décimo-terceiro) salário | H43: 0.0833 | I43: =$I$38*H43 -> 176.44454
A44: B | B44: Férias e Adicional de Férias | H44: 0.0278 | I44: =H44*I38 -> 58.885454
A45: TOTAL | H45: =TRUNC(SUM(H43:H44),4) -> 0.1111 | I45: =TRUNC(SUM(I43:I44),4) -> 235.3299
A47: Submódulo 2.2 - Encargos Previdenciários (GPS), Fundo de Garantia por Tempo de Serviço (FGTS) e outras contribuições
A48: 2.2 | B48: GPS, FGTS e Outras Contribuições | H48: % | I48: VALOR (R$)
A49: A | B49: INSS | H49: 0.2 | I49: =(I38+I45)*H49 -> 470.70234
A50: B | B50: Salário Educação | H50: 0.025 | I50: =(I38+I45)*H50 -> 58.837793
A51: C | B51: SAT - GIL/RAT | H51: 0.03 | I51: =(I38+I45)*H51 -> 70.605351
A52: D | B52: SESC ou SESI | H52: 0.015 | I52: =(I38+I45)*H52 -> 35.302675
A53: E | B53: SENAI - SENAC | H53: 0.01 | I53: =(I38+I45)*H53 -> 23.535117
A54: F | B54: SEBRAE | H54: 0.006 | I54: =(I38+I45)*H54 -> 14.12107
A55: G | B55: INCRA | H55: 0.002 | I55: =(I38+I45)*H55 -> 4.7070234
A56: H | B56: FGTS | H56: 0.08 | I56: =(I38+I45)*H56 -> 188.28094
A57: TOTAL | H57: =SUM(H49:H56) -> 0.368 | I57: =TRUNC(SUM(I49:I56),4) -> 866.0923
A59: Submódulo 2.3 - Benefícios Mensais e Diários
A60: 2.3 | B60: Benefícios Mensais e Diários | H60: VALOR UNIT. | I60: VALOR (R$)
A61: A | B61: Transporte | H61: =A159 -> 6 | I61: =C165 -> 141.70909
A62: B | B62: Auxílio-Refeição/Alimentação | H62: =F159 -> 26.8333 | I62: =H165 -> 643.9992
A63: C | B63: Assistência Médica e Familiar | H63: 87.5 | I63: =H63 -> 87.5
A64: D | B64: Assistência Social | H64: 0 | I64: 0
A65: E | B65: Treinamento/Capacitação/Reciclagem | H65: 0 | I65: 0
A66: F | B66: Assitência Social Familiar | H66: 28 | I66: =H66 -> 28
A67: G | B67: Fundo de Formação Profissional | H67: 28 | I67: =H67 -> 28
A68: H | B68: Medicina do Trabalho | H68: 0 | I68: 0
A69: I | B69: Seguro de Vida | H69: 0 | I69: 0
A70: J | B70: Benefício nascimento de filho | H70: 0 | I70: 0
A71: K | B71: Benefício empregado que não cometer falta | H71: 0 | I71: =H71 -> 0
A72: L | B72: Outros (especificar) | H72: 0 | I72: 0
A73: TOTAL | I73: =TRUNC(SUM(I61:I72),4) -> 929.2082
A75: QUADRO-RESUMO DO MÓDULO 2 - ENCARGOS, BENEFÍCIOS ANUAIS, MENSAIS E DIÁRIOS
A76: 2 | B76: Encargos, Benefícios Anuais, Mensais e Diários | I76: VALOR (R$)
A77: 2.1 | B77: 13º Salário, Férias e Adicional de Férias | I77: =I45 -> 235.3299
A78: 2.2 | B78: GPS, FGTS e Outras Contribuições | I78: =I57 -> 866.0923
A79: 2.3 | B79: Benefícios Mensais e Diários | I79: =I73 -> 929.2082
A80: TOTAL | I80: =TRUNC(SUM(I77:I79),4) -> 2030.6304
A82: MÓDULO 3 – PROVISÃO PARA RESCISÃO
A83: 3 | B83: PROVISÃO PARA RESCISÃO | H83: % | I83: VALOR (R$)
A84: A | B84: Aviso Prévio Indenizado | H84: =((1/12)*0.05) -> 0.0041666667 | I84: =I38*H84 -> 8.8257575
A85: B | B85: Incidência do FGTS sobre Aviso Prévio Indenizado | H85: =H84*8% -> 0.00033333333 | I85: =H85*I38 -> 0.7060606
A86: C | B86: Multa do FGTS e Contribuição Social sobre o Aviso Prévio Indenizado | H86: =((1+2/12+(1/3*1/12))*0.08*0.4*0.9) -> 0.0344 | I86: =I38*H86 -> 72.865454
A87: D | B87: Aviso Prévio Trabalhado | H87: =(7/30)/12 -> 0.019444444 | I87: =I38*H87 -> 41.186868
A88: E | B88: Incidência dos encargos do submódulo 2.2 sobre Aviso Prévio Trabalhado | H88: =(H57*H87) -> 0.0071555556 | I88: =I38*H88 -> 15.156768
A89: F | B89: Multa do FGTS e Contribuição Social sobre o Aviso Prévio Trabalhado. | H89: =H87*0.08*0.4 -> 0.00062222222 | I89: =I38*H89 -> 1.3179798
A90: TOTAL | H90: =TRUNC(SUM(H84:H89),4) -> 0.0661 | I90: =TRUNC(SUM(I84:I89),4) -> 140.0588
A92: MÓDULO 4 – CUSTO DE REPOSIÇÃO DO PROFISSIONAL AUSENTE
A93: Submódulo 4.1 - Ausências Legais
A94: 4.1 | B94: Ausências Legais | H94: % | I94: VALOR (R$)
A95: A | B95: Férias | H95: =(1/12) -> 0.083333333 | I95: =(I38+I80+I90)*H95 -> 357.40592
A96: B | B96: Ausências Legais | H96: =(8/30/12) -> 0.022222222 | I96: =(I38+I80+I90)*H96 -> 95.308244
A97: C | B97: Licença Paternidade | H97: =(20/30/12)*0.01416%*45.22 -> 0.00035573067 | I97: =(I38+I80+I90)*H97 -> 1.5256829
A98: D | B98: Ausência por Acidente de Trabalho | H98: =((15/30)/12)*0.44% -> 0.00018333333 | I98: =(I38+I80+I90)*H98 -> 0.78629302
A99: E | B99: Afastamento Maternidade | H99: =((180/30)/12*1.416%*54.78%)*H57 -> 0.00142726 | I99: =(I38+I80+I90)*H99 -> 6.1213342
A100: F | B100: Outros (especificar) | H100: 0 | I100: =(I38+I80+I90)*H100 -> 0
A101: TOTAL | H101: =TRUNC(SUM(H95:H100),4) -> 0.1075 | I101: =TRUNC(SUM(I95:I100),4) -> 461.1474
A103: Submódulo 4.2 - Intrajornada
A104: 4.2 | B104: Intrajornada | I104: VALOR (R$)
A105: A | B105: Intervalo para Repouso ou Alimentação | I105: 0
A106: TOTAL SUBMÓDULO 4.2 | I106: =TRUNC(SUM(I105),4) -> 0
A108: QUADRO-RESUMO DO MÓDULO 4 - CUSTO DE REPOSIÇÃO DO PROFISSIONAL AUSENTE
A109: 4 | B109: Custo de Reposição do Profissional Ausente | I109: VALOR (R$)
...

Sheet Portaria Diurno SEDE (40h)
A1: PLANILHA DE CUSTOS E FORMAÇÃO DE PREÇOS
A3: Pregão Eletrônico n.º:
A4: Data: | C4: Horário:
A6: Categoria profissional:
A8: DISCRIMINAÇÃO DOS SERVIÇOS (DADOS REFERENTES À CONTRATAÇÃO)
A9: A | B9: Data de apresentação da proposta (dia/mês/ano):
A10: B | B10: Município/UF: CURITIBA/PR (SEDE) | I10: PR
A11: C | B11: Ano do Acordo, Convenção ou Dissídio Coletivo | I11: 2025 á 2027
A12: D | B12: Nº de meses de execução contratual | I12: 12
A14: IDENTIFICAÇÃO DO SERVIÇO
A15: Tipo de Serviço | C15: Unidade de Medida (m2) | E15: Quantidade total a contratar (Em função da unidade de medida)
A16: Portaria | C16: Não se aplica | E16: 1
A20: 1. MÓDULOS
A21: Mão de Obra
A22: Dados para composição dos custos referentes à mão-de-obra
A23: 1 | B23: Tipo de serviço (mesmo serviço com características distintas) | I23: Portaria
A24: 2 | B24: Classificação Brasileira de Ocupações (CBO) | I24: 5174-10
A25: 3 | B25: Salário Nominativo da Categoria Profissional | I25: 2242
A26: 4 | B26: Categoria profissional (vinculada à execução contratual) | I26: Portaria
A27: 5 | B27: Data base da categoria (dia/mês/ano) | I27: 46053
A29: MÓDULO 1 - COMPOSIÇÃO DA REMUNERAÇÃO
A30: 1 | B30: COMPOSIÇÃO DA REMUNERAÇÃO | H30: VALOR (R$) | I30: VALOR (R$)
A31: A | B31: Salário Base | I31: =(I25/220)*200 -> 2038.1818
A32: B | B32: Gratificação de função | I32: 0
A33: C | B33: Adicional Insalubridade | I33: =H33*I31 -> 0
A34: D | B34: Adicional Noturno | I34: 0
A35: E | B35: Adicional de Hora Noturna Reduzida | I35: 0
A36: F | B36: Adicional de Hora Extra no Feriado Trabalhado | I36: 0
A37: G | B37: Adicional de risco | H37: 80 | I37: 80
A38: TOTAL | I38: =TRUNC(SUM(I31:I37),4) -> 2118.1818
A40: MÓDULO 2 – ENCARGOS E BENEFÍCIOS ANUAIS, MENSAIS E DIÁRIOS
A41: Submódulo 2.1 - 13º (décimo terceiro) Salário, Férias e Adicional de Férias
A42: 2.1 | B42: 13º (Décimo terceiro) Salário, Férias e Adicional de Férias | H42: % | I42: VALOR (R$)
A43: A | B43: 13 (Décimo-terceiro) salário | H43: 0.0833 | I43: =$I$38*H43 -> 176.44454
A44: B | B44: Férias e Adicional de Férias | H44: 0.0278 | I44: =H44*I38 -> 58.885454
A45: TOTAL | H45: =TRUNC(SUM(H43:H44),4) -> 0.1111 | I45: =TRUNC(SUM(I43:I44),4) -> 235.3299
A47: Submódulo 2.2 - Encargos Previdenciários (GPS), Fundo de Garantia por Tempo de Serviço (FGTS) e outras contribuições
A48: 2.2 | B48: GPS, FGTS e Outras Contribuições | H48: % | I48: VALOR (R$)
A49: A | B49: INSS | H49: 0.2 | I49: =(I38+I45)*H49 -> 470.70234
A50: B | B50: Salário Educação | H50: 0.025 | I50: =(I38+I45)*H50 -> 58.837793
A51: C | B51: SAT - GIL/RAT | H51: 0.03 | I51: =(I38+I45)*H51 -> 70.605351
A52: D | B52: SESC ou SESI | H52: 0.015 | I52: =(I38+I45)*H52 -> 35.302675
A53: E | B53: SENAI - SENAC | H53: 0.01 | I53: =(I38+I45)*H53 -> 23.535117
A54: F | B54: SEBRAE | H54: 0.006 | I54: =(I38+I45)*H54 -> 14.12107
A55: G | B55: INCRA | H55: 0.002 | I55: =(I38+I45)*H55 -> 4.7070234
A56: H | B56: FGTS | H56: 0.08 | I56: =(I38+I45)*H56 -> 188.28094
A57: TOTAL | H57: =SUM(H49:H56) -> 0.368 | I57: =TRUNC(SUM(I49:I56),4) -> 866.0923
A59: Submódulo 2.3 - Benefícios Mensais e Diários
A60: 2.3 | B60: Benefícios Mensais e Diários | H60: VALOR UNIT. | I60: VALOR (R$)
A61: A | B61: Transporte | H61: =A159 -> 6 | I61: =C165 -> 141.70909
A62: B | B62: Auxílio-Refeição/Alimentação | H62: =F159 -> 26.8333 | I62: =H165 -> 643.9992
A63: C | B63: Assistência Médica e Familiar | H63: 87.5 | I63: =H63 -> 87.5
A64: D | B64: Assistência Social | H64: 0 | I64: 0
A65: E | B65: Treinamento/Capacitação/Reciclagem | H65: 0 | I65: 0
A66: F | B66: Assitência Social Familiar | H66: 28 | I66: =H66 -> 28
A67: G | B67: Fundo de Formação Profissional | H67: 28 | I67: =H67 -> 28
A68: H | B68: Medicina do Trabalho | H68: 0 | I68: 0
A69: I | B69: Seguro de Vida | H69: 0 | I69: 0
A70: J | B70: Benefício nascimento de filho | H70: 0 | I70: 0
A71: K | B71: Benefício empregado que não cometer falta | H71: 0 | I71: =H71 -> 0
A72: L | B72: Outros (especificar) | H72: 0 | I72: 0
A73: TOTAL | I73: =TRUNC(SUM(I61:I72),4) -> 929.2082
A75: QUADRO-RESUMO DO MÓDULO 2 - ENCARGOS, BENEFÍCIOS ANUAIS, MENSAIS E DIÁRIOS
A76: 2 | B76: Encargos, Benefícios Anuais, Mensais e Diários | I76: VALOR (R$)
A77: 2.1 | B77: 13º Salário, Férias e Adicional de Férias | I77: =I45 -> 235.3299
A78: 2.2 | B78: GPS, FGTS e Outras Contribuições | I78: =I57 -> 866.0923
A79: 2.3 | B79: Benefícios Mensais e Diários | I79: =I73 -> 929.2082
A80: TOTAL | I80: =TRUNC(SUM(I77:I79),4) -> 2030.6304
A82: MÓDULO 3 – PROVISÃO PARA RESCISÃO
A83: 3 | B83: PROVISÃO PARA RESCISÃO | H83: % | I83: VALOR (R$)
A84: A | B84: Aviso Prévio Indenizado | H84: =((1/12)*0.05) -> 0.0041666667 | I84: =I38*H84 -> 8.8257575
A85: B | B85: Incidência do FGTS sobre Aviso Prévio Indenizado | H85: =H84*8% -> 0.00033333333 | I85: =H85*I38 -> 0.7060606
A86: C | B86: Multa do FGTS e Contribuição Social sobre o Aviso Prévio Indenizado | H86: =((1+2/12+(1/3*1/12))*0.08*0.4*0.9) -> 0.0344 | I86: =I38*H86 -> 72.865454
A87: D | B87: Aviso Prévio Trabalhado | H87: =(7/30)/12 -> 0.019444444 | I87: =I38*H87 -> 41.186868
A88: E | B88: Incidência dos encargos do submódulo 2.2 sobre Aviso Prévio Trabalhado | H88: =(H57*H87) -> 0.0071555556 | I88: =I38*H88 -> 15.156768
A89: F | B89: Multa do FGTS e Contribuição Social sobre o Aviso Prévio Trabalhado. | H89: =H87*0.08*0.4 -> 0.00062222222 | I89: =I38*H89 -> 1.3179798
A90: TOTAL | H90: =TRUNC(SUM(H84:H89),4) -> 0.0661 | I90: =TRUNC(SUM(I84:I89),4) -> 140.0588
A92: MÓDULO 4 – CUSTO DE REPOSIÇÃO DO PROFISSIONAL AUSENTE
A93: Submódulo 4.1 - Ausências Legais
A94: 4.1 | B94: Ausências Legais | H94: % | I94: VALOR (R$)
A95: A | B95: Férias | H95: =(1/12) -> 0.083333333 | I95: =(I38+I80+I90)*H95 -> 357.40592
A96: B | B96: Ausências Legais | H96: =(8/30/12) -> 0.022222222 | I96: =(I38+I80+I90)*H96 -> 95.308244
A97: C | B97: Licença Paternidade | H97: =(20/30/12)*0.01416%*45.22 -> 0.00035573067 | I97: =(I38+I80+I90)*H97 -> 1.5256829
A98: D | B98: Ausência por Acidente de Trabalho | H98: =((15/30)/12)*0.44% -> 0.00018333333 | I98: =(I38+I80+I90)*H98 -> 0.78629302
A99: E | B99: Afastamento Maternidade | H99: =((180/30)/12*1.416%*54.78%)*H57 -> 0.00142726 | I99: =(I38+I80+I90)*H99 -> 6.1213342
A100: F | B100: Outros (especificar) | H100: 0 | I100: =(I38+I80+I90)*H100 -> 0
A101: TOTAL | H101: =TRUNC(SUM(H95:H100),4) -> 0.1075 | I101: =TRUNC(SUM(I95:I100),4) -> 461.1474
A103: Submódulo 4.2 - Intrajornada
A104: 4.2 | B104: Intrajornada | I104: VALOR (R$)
A105: A | B105: Intervalo para Repouso ou Alimentação | I105: 0
A106: TOTAL SUBMÓDULO 4.2 | I106: =TRUNC(SUM(I105),4) -> 0
A108: QUADRO-RESUMO DO MÓDULO 4 - CUSTO DE REPOSIÇÃO DO PROFISSIONAL AUSENTE
A109: 4 | B109: Custo de Reposição do Profissional Ausente | I109: VALOR (R$)
A110: 4.1 | B110: Ausências Legais | I110: =I101 -> 461.1474
A111: 4.2 | B111: Intrajornada | I111: =I106 -> 0
A112: TOTAL | I112: =TRUNC(SUM(I110:I111),4) -> 461.1474
A114: MÓDULO 5 – INSUMOS DIVERSOS
A115: 5 | B115: INSUMOS DIVERSOS | H115: Quant. | I115: VALOR (R$)
A116: A | B116: Uniformes | H116: - | I116: =Uniformes!H25 -> 230.16667
A117: B | B117: Materiais | H117: - | I117: 0
...

Sheet Portaria Diurno Mgá (40h) 
A1: PLANILHA DE CUSTOS E FORMAÇÃO DE PREÇOS
A3: Pregão Eletrônico n.º:
A4: Data: | C4: Horário:
A6: Categoria profissional:
A8: DISCRIMINAÇÃO DOS SERVIÇOS (DADOS REFERENTES À CONTRATAÇÃO)
A9: A | B9: Data de apresentação da proposta (dia/mês/ano):
A10: B | B10: Município/UF: CURITIBA/PR (SEDE) | I10: PR
A11: C | B11: Ano do Acordo, Convenção ou Dissídio Coletivo | I11: 2025 á 2027
A12: D | B12: Nº de meses de execução contratual | I12: 12
A14: IDENTIFICAÇÃO DO SERVIÇO
A15: Tipo de Serviço | C15: Unidade de Medida (m2) | E15: Quantidade total a contratar (Em função da unidade de medida)
A16: Portaria | C16: Não se aplica | E16: 1
A20: 1. MÓDULOS
A21: Mão de Obra
A22: Dados para composição dos custos referentes à mão-de-obra
A23: 1 | B23: Tipo de serviço (mesmo serviço com características distintas) | I23: Portaria
A24: 2 | B24: Classificação Brasileira de Ocupações (CBO) | I24: 5174-10
A25: 3 | B25: Salário Nominativo da Categoria Profissional | I25: 2242
A26: 4 | B26: Categoria profissional (vinculada à execução contratual) | I26: Portaria
A27: 5 | B27: Data base da categoria (dia/mês/ano) | I27: 46053
A29: MÓDULO 1 - COMPOSIÇÃO DA REMUNERAÇÃO
A30: 1 | B30: COMPOSIÇÃO DA REMUNERAÇÃO | E30: QTDE. | F30: VLR. HR | G30: % | H30: VALOR (R$) | I30: VALOR (R$)
A31: A | B31: Salário Base | I31: =(I25/220)*200 -> 2038.1818
A32: B | B32: Gratificação de função | G32: 0 | I32: 0
A33: C | B33: Adicional Insalubridade | G33: 0 | I33: =H33*I31 -> 0
A34: D | B34: Hora extra período entre 05h00 as 22h00 - Seg. a Sab. | E34: 5 | F34: =I169 -> 91.71 | G34: 0 | I34: 0
A35: E | B35: Hora extra período entre 22h00 as 05h00 | E35: 0 | F35: =H170 -> 0 | G35: 0 | I35: 0
A36: F | B36: Trabalho aos domingos e feriados | E36: 1 | F36: =I174 -> 101.9 | G36: 0 | I36: 0
A37: G | B37: Adicional de risco | G37: 0 | H37: 80 | I37: 80
A38: TOTAL | I38: =TRUNC(SUM(I31:I37),4) -> 2118.1818
A40: MÓDULO 2 – ENCARGOS E BENEFÍCIOS ANUAIS, MENSAIS E DIÁRIOS
A41: Submódulo 2.1 - 13º (décimo terceiro) Salário, Férias e Adicional de Férias
A42: 2.1 | B42: 13º (Décimo terceiro) Salário, Férias e Adicional de Férias | H42: % | I42: VALOR (R$)
A43: A | B43: 13 (Décimo-terceiro) salário | H43: 0.0833 | I43: =$I$38*H43 -> 176.44454
A44: B | B44: Férias e Adicional de Férias | H44: 0.0278 | I44: =H44*I38 -> 58.885454
A45: TOTAL | H45: =TRUNC(SUM(H43:H44),4) -> 0.1111 | I45: =TRUNC(SUM(I43:I44),4) -> 235.3299
A47: Submódulo 2.2 - Encargos Previdenciários (GPS), Fundo de Garantia por Tempo de Serviço (FGTS) e outras contribuições
A48: 2.2 | B48: GPS, FGTS e Outras Contribuições | H48: % | I48: VALOR (R$)
A49: A | B49: INSS | H49: 0.2 | I49: =(I38+I45)*H49 -> 470.70234
A50: B | B50: Salário Educação | H50: 0.025 | I50: =(I38+I45)*H50 -> 58.837793
A51: C | B51: SAT - GIL/RAT | H51: 0.03 | I51: =(I38+I45)*H51 -> 70.605351
A52: D | B52: SESC ou SESI | H52: 0.015 | I52: =(I38+I45)*H52 -> 35.302675
A53: E | B53: SENAI - SENAC | H53: 0.01 | I53: =(I38+I45)*H53 -> 23.535117
A54: F | B54: SEBRAE | H54: 0.006 | I54: =(I38+I45)*H54 -> 14.12107
A55: G | B55: INCRA | H55: 0.002 | I55: =(I38+I45)*H55 -> 4.7070234
A56: H | B56: FGTS | H56: 0.08 | I56: =(I38+I45)*H56 -> 188.28094
A57: TOTAL | H57: =SUM(H49:H56) -> 0.368 | I57: =TRUNC(SUM(I49:I56),4) -> 866.0923
A59: Submódulo 2.3 - Benefícios Mensais e Diários
A60: 2.3 | B60: Benefícios Mensais e Diários | H60: VALOR UNIT. | I60: VALOR (R$)
A61: A | B61: Transporte | H61: =A160 -> 5.95 | I61: =C166 -> 139.50909
A62: B | B62: Auxílio-Refeição/Alimentação | H62: =F160 -> 26.8333 | I62: =H166 -> 643.9992
A63: C | B63: Assistência Médica e Familiar | H63: 87.5 | I63: =H63 -> 87.5
A64: D | B64: Assistência Social | H64: 0 | I64: 0
A65: E | B65: Treinamento/Capacitação/Reciclagem | H65: 0 | I65: 0
A66: F | B66: Assitência Social Familiar | H66: 28 | I66: =H66 -> 28
A67: G | B67: Fundo de Formação Profissional | H67: 28 | I67: =H67 -> 28
A68: H | B68: Medicina do Trabalho | H68: 0 | I68: 0
A69: I | B69: Seguro de Vida | H69: 0 | I69: 0
A70: J | B70: Benefício nascimento de filho | H70: 0 | I70: 0
A71: K | B71: Benefício empregado que não cometer falta | H71: 0 | I71: =H71 -> 0
A72: L | B72: Outros (especificar) | H72: 0 | I72: 0
A73: TOTAL | I73: =TRUNC(SUM(I61:I72),4) -> 927.0082
A75: QUADRO-RESUMO DO MÓDULO 2 - ENCARGOS, BENEFÍCIOS ANUAIS, MENSAIS E DIÁRIOS
A76: 2 | B76: Encargos, Benefícios Anuais, Mensais e Diários | I76: VALOR (R$)
A77: 2.1 | B77: 13º Salário, Férias e Adicional de Férias | I77: =I45 -> 235.3299
A78: 2.2 | B78: GPS, FGTS e Outras Contribuições | I78: =I57 -> 866.0923
A79: 2.3 | B79: Benefícios Mensais e Diários | I79: =I73 -> 927.0082
A80: TOTAL | I80: =TRUNC(SUM(I77:I79),4) -> 2028.4304
A82: MÓDULO 3 – PROVISÃO PARA RESCISÃO
A83: 3 | B83: PROVISÃO PARA RESCISÃO | H83: % | I83: VALOR (R$)
A84: A | B84: Aviso Prévio Indenizado | H84: =((1/12)*0.05) -> 0.0041666667 | I84: =I38*H84 -> 8.8257575
A85: B | B85: Incidência do FGTS sobre Aviso Prévio Indenizado | H85: =H84*8% -> 0.00033333333 | I85: =H85*I38 -> 0.7060606
A86: C | B86: Multa do FGTS e Contribuição Social sobre o Aviso Prévio Indenizado | H86: =((1+2/12+(1/3*1/12))*0.08*0.4*0.9) -> 0.0344 | I86: =I38*H86 -> 72.865454
A87: D | B87: Aviso Prévio Trabalhado | H87: =(7/30)/12 -> 0.019444444 | I87: =I38*H87 -> 41.186868
A88: E | B88: Incidência dos encargos do submódulo 2.2 sobre Aviso Prévio Trabalhado | H88: =(H57*H87) -> 0.0071555556 | I88: =I38*H88 -> 15.156768
A89: F | B89: Multa do FGTS e Contribuição Social sobre o Aviso Prévio Trabalhado. | H89: =H87*0.08*0.4 -> 0.00062222222 | I89: =I38*H89 -> 1.3179798
A90: TOTAL | H90: =TRUNC(SUM(H84:H89),4) -> 0.0661 | I90: =TRUNC(SUM(I84:I89),4) -> 140.0588
A92: MÓDULO 4 – CUSTO DE REPOSIÇÃO DO PROFISSIONAL AUSENTE
A93: Submódulo 4.1 - Ausências Legais
A94: 4.1 | B94: Ausências Legais | H94: % | I94: VALOR (R$)
A95: A | B95: Férias | H95: =(1/12) -> 0.083333333 | I95: =(I38+I80+I90)*H95 -> 357.22258
A96: B | B96: Ausências Legais | H96: =(8/30/12) -> 0.022222222 | I96: =(I38+I80+I90)*H96 -> 95.259356
A97: C | B97: Licença Paternidade | H97: =(20/30/12)*0.01416%*45.22 -> 0.00035573067 | I97: =(I38+I80+I90)*H97 -> 1.5249003
A98: D | B98: Ausência por Acidente de Trabalho | H98: =((15/30)/12)*0.44% -> 0.00018333333 | I98: =(I38+I80+I90)*H98 -> 0.78588968
A99: E | B99: Afastamento Maternidade | H99: =((180/30)/12*1.416%*54.78%)*H57 -> 0.00142726 | I99: =(I38+I80+I90)*H99 -> 6.1181942
A100: F | B100: Outros (especificar) | H100: 0 | I100: =(I38+I80+I90)*H100 -> 0
A101: TOTAL | H101: =TRUNC(SUM(H95:H100),4) -> 0.1075 | I101: =TRUNC(SUM(I95:I100),4) -> 460.9109
A103: Submódulo 4.2 - Intrajornada
A104: 4.2 | B104: Intrajornada | I104: VALOR (R$)
A105: A | B105: Intervalo para Repouso ou Alimentação | I105: 0
A106: TOTAL SUBMÓDULO 4.2 | I106: =TRUNC(SUM(I105),4) -> 0
A108: QUADRO-RESUMO DO MÓDULO 4 - CUSTO DE REPOSIÇÃO DO PROFISSIONAL AUSENTE
A109: 4 | B109: Custo de Reposição do Profissional Ausente | I109: VALOR (R$)
A110: 4.1 | B110: Ausências Legais | I110: =I101 -> 460.9109
A111: 4.2 | B111: Intrajornada | I111: =I106 -> 0
A112: TOTAL | I112: =TRUNC(SUM(I110:I111),4) -> 460.9109
A114: MÓDULO 5 – INSUMOS DIVERSOS
A115: 5 | B115: INSUMOS DIVERSOS | H115: Quant. | I115: VALOR (R$)
A116: A | B116: Uniformes | H116: - | I116: =Uniformes!H25 -> 230.16667
A117: B | B117: Materiais | H117: - | I117: 0
...

Sheet Aux. Manut. Pred. (40h) 
A1: PLANILHA DE CUSTOS E FORMAÇÃO DE PREÇOS
A3: Pregão Eletrônico n.º:
A4: Data: | C4: Horário:
A6: Categoria profissional:
A8: DISCRIMINAÇÃO DOS SERVIÇOS (DADOS REFERENTES À CONTRATAÇÃO)
A9: A | B9: Data de apresentação da proposta (dia/mês/ano):
A10: B | B10: Município/UF: CURITIBA/PR (SEDE) | I10: PR
A11: C | B11: Ano do Acordo, Convenção ou Dissídio Coletivo | I11: 2025 á 2027
A12: D | B12: Nº de meses de execução contratual | I12: 12
A14: IDENTIFICAÇÃO DO SERVIÇO
A15: Tipo de Serviço | C15: Unidade de Medida (m2) | E15: Quantidade total a contratar (Em função da unidade de medida)
A16: Auxiliar Manut. | C16: Não se aplica | E16: 1
A20: 1. MÓDULOS
A21: Mão de Obra
A22: Dados para composição dos custos referentes à mão-de-obra
A23: 1 | B23: Tipo de serviço (mesmo serviço com características distintas) | I23: Auxiliar Manut.
A24: 2 | B24: Classificação Brasileira de Ocupações (CBO) | I24: 5143-10
A25: 3 | B25: Salário Nominativo da Categoria Profissional | I25: 1764
A26: 4 | B26: Categoria profissional (vinculada à execução contratual) | I26: Auxiliar Manut.
A27: 5 | B27: Data base da categoria (dia/mês/ano) | I27: 46053
A29: MÓDULO 1 - COMPOSIÇÃO DA REMUNERAÇÃO
A30: 1 | B30: COMPOSIÇÃO DA REMUNERAÇÃO | H30: % | I30: VALOR (R$)
A31: A | B31: Salário Base | I31: =(I25/220)*200 -> 1603.6364
A32: B | B32: Gratificação de função | H32: 0 | I32: 0
A33: C | B33: Adicional Insalubridade | H33: 0 | I33: =H33*I31 -> 0
A34: D | B34: Adicional Noturno | H34: 0 | I34: 0
A35: E | B35: Adicional de Hora Noturna Reduzida | H35: 0 | I35: 0
A36: F | B36: Adicional de Hora Extra no Feriado Trabalhado | H36: 0 | I36: 0
A37: G | B37: Adicional Periculosidade | H37: 0 | I37: 0
A38: TOTAL | I38: =TRUNC(SUM(I31:I37),4) -> 1603.6363
A40: MÓDULO 2 – ENCARGOS E BENEFÍCIOS ANUAIS, MENSAIS E DIÁRIOS
A41: Submódulo 2.1 - 13º (décimo terceiro) Salário, Férias e Adicional de Férias
A42: 2.1 | B42: 13º (Décimo terceiro) Salário, Férias e Adicional de Férias | H42: % | I42: VALOR (R$)
A43: A | B43: 13 (Décimo-terceiro) salário | H43: 0.0833 | I43: =$I$38*H43 -> 133.5829
A44: B | B44: Férias e Adicional de Férias | H44: 0.0278 | I44: =H44*I38 -> 44.581089
A45: TOTAL | H45: =TRUNC(SUM(H43:H44),4) -> 0.1111 | I45: =TRUNC(SUM(I43:I44),4) -> 178.1639
A47: Submódulo 2.2 - Encargos Previdenciários (GPS), Fundo de Garantia por Tempo de Serviço (FGTS) e outras contribuições
A48: 2.2 | B48: GPS, FGTS e Outras Contribuições | H48: % | I48: VALOR (R$)
A49: A | B49: INSS | H49: 0.2 | I49: =(I38+I45)*H49 -> 356.36004
A50: B | B50: Salário Educação | H50: 0.025 | I50: =(I38+I45)*H50 -> 44.545005
A51: C | B51: SAT - GIL/RAT | H51: 0.03 | I51: =(I38+I45)*H51 -> 53.454006
A52: D | B52: SESC ou SESI | H52: 0.015 | I52: =(I38+I45)*H52 -> 26.727003
A53: E | B53: SENAI - SENAC | H53: 0.01 | I53: =(I38+I45)*H53 -> 17.818002
A54: F | B54: SEBRAE | H54: 0.006 | I54: =(I38+I45)*H54 -> 10.690801
A55: G | B55: INCRA | H55: 0.002 | I55: =(I38+I45)*H55 -> 3.5636004
A56: H | B56: FGTS | H56: 0.08 | I56: =(I38+I45)*H56 -> 142.54402
A57: TOTAL | H57: =SUM(H49:H56) -> 0.368 | I57: =TRUNC(SUM(I49:I56),4) -> 655.7024
A59: Submódulo 2.3 - Benefícios Mensais e Diários
A60: 2.3 | B60: Benefícios Mensais e Diários | H60: VALOR UNIT. | I60: VALOR (R$)
A61: A | B61: Transporte | H61: =A160 -> 6 | I61: =C166 -> 167.78182
A62: B | B62: Auxílio-Refeição/Alimentação | H62: =F160 -> 26.8333 | I62: =H166 -> 643.9992
A63: C | B63: Assistência Médica e Familiar | H63: 87.5 | I63: =H63 -> 87.5
A64: D | B64: Assistência Social | H64: 0 | I64: 0
A65: E | B65: Treinamento/Capacitação/Reciclagem | H65: 0 | I65: 0
A66: F | B66: Assitência Social Familiar | H66: 28 | I66: =H66 -> 28
A67: G | B67: Fundo de Formação Profissional | H67: 28 | I67: =H67 -> 28
A68: H | B68: Medicina do Trabalho | H68: 0 | I68: 0
A69: I | B69: Seguro de Vida | H69: 0 | I69: 0
A70: J | B70: Benefício nascimento de filho | H70: 0 | I70: 0
A71: K | B71: Benefício empregado que não cometer falta | H71: 0 | I71: =H71 -> 0
A72: L | B72: Outros (especificar) | H72: 0 | I72: 0
A73: TOTAL | I73: =TRUNC(SUM(I61:I72),4) -> 955.281
A75: QUADRO-RESUMO DO MÓDULO 2 - ENCARGOS, BENEFÍCIOS ANUAIS, MENSAIS E DIÁRIOS
A76: 2 | B76: Encargos, Benefícios Anuais, Mensais e Diários | I76: VALOR (R$)
A77: 2.1 | B77: 13º Salário, Férias e Adicional de Férias | I77: =I45 -> 178.1639
A78: 2.2 | B78: GPS, FGTS e Outras Contribuições | I78: =I57 -> 655.7024
A79: 2.3 | B79: Benefícios Mensais e Diários | I79: =I73 -> 955.281
A80: TOTAL | I80: =TRUNC(SUM(I77:I79),4) -> 1789.1473
A82: MÓDULO 3 – PROVISÃO PARA RESCISÃO
A83: 3 | B83: PROVISÃO PARA RESCISÃO | H83: % | I83: VALOR (R$)
A84: A | B84: Aviso Prévio Indenizado | H84: =((1/12)*0.05) -> 0.0041666667 | I84: =I38*H84 -> 6.6818179
A85: B | B85: Incidência do FGTS sobre Aviso Prévio Indenizado | H85: =H84*8% -> 0.00033333333 | I85: =H85*I38 -> 0.53454543
A86: C | B86: Multa do FGTS e Contribuição Social sobre o Aviso Prévio Indenizado | H86: =((1+2/12+(1/3*1/12))*0.08*0.4*0.9) -> 0.0344 | I86: =I38*H86 -> 55.165089
A87: D | B87: Aviso Prévio Trabalhado | H87: =(7/30)/12 -> 0.019444444 | I87: =I38*H87 -> 31.181817
A88: E | B88: Incidência dos encargos do submódulo 2.2 sobre Aviso Prévio Trabalhado | H88: =(H57*H87) -> 0.0071555556 | I88: =I38*H88 -> 11.474909
A89: F | B89: Multa do FGTS e Contribuição Social sobre o Aviso Prévio Trabalhado. | H89: =H87*0.08*0.4 -> 0.00062222222 | I89: =I38*H89 -> 0.99781814
A90: TOTAL | H90: =TRUNC(SUM(H84:H89),4) -> 0.0661 | I90: =TRUNC(SUM(I84:I89),4) -> 106.0359
A92: MÓDULO 4 – CUSTO DE REPOSIÇÃO DO PROFISSIONAL AUSENTE
A93: Submódulo 4.1 - Ausências Legais
A94: 4.1 | B94: Ausências Legais | H94: % | I94: VALOR (R$)
A95: A | B95: Férias | H95: =(1/12) -> 0.083333333 | I95: =(I38+I80+I90)*H95 -> 291.56829
A96: B | B96: Ausências Legais | H96: =(8/30/12) -> 0.022222222 | I96: =(I38+I80+I90)*H96 -> 77.751544
A97: C | B97: Licença Paternidade | H97: =(20/30/12)*0.01416%*45.22 -> 0.00035573067 | I97: =(I38+I80+I90)*H97 -> 1.2446374
A98: D | B98: Ausência por Acidente de Trabalho | H98: =((15/30)/12)*0.44% -> 0.00018333333 | I98: =(I38+I80+I90)*H98 -> 0.64145024
A99: E | B99: Afastamento Maternidade | H99: =((180/30)/12*1.416%*54.78%)*H57 -> 0.00142726 | I99: =(I38+I80+I90)*H99 -> 4.9937252
A100: F | B100: Outros (especificar) | H100: 0 | I100: =(I38+I80+I90)*H100 -> 0
A101: TOTAL | H101: =TRUNC(SUM(H95:H100),4) -> 0.1075 | I101: =TRUNC(SUM(I95:I100),4) -> 376.1996
A103: Submódulo 4.2 - Intrajornada
A104: 4.2 | B104: Intrajornada | H104: % | I104: VALOR (R$)
A105: A | B105: Intervalo para Repouso ou Alimentação | H105: 0 | I105: =I38*H105 -> 0
A106: TOTAL SUBMÓDULO 4.2 | H106: =TRUNC(SUM(H105),4) -> 0 | I106: =TRUNC(SUM(I105),4) -> 0
A108: QUADRO-RESUMO DO MÓDULO 4 - CUSTO DE REPOSIÇÃO DO PROFISSIONAL AUSENTE
A109: 4 | B109: Custo de Reposição do Profissional Ausente | I109: VALOR (R$)
A110: 4.1 | B110: Ausências Legais | I110: =I101 -> 376.1996
A111: 4.2 | B111: Intrajornada | I111: =I106 -> 0
A112: TOTAL | I112: =TRUNC(SUM(I110:I111),4) -> 376.1996
A114: MÓDULO 5 – INSUMOS DIVERSOS
A115: 5 | B115: INSUMOS DIVERSOS | H115: Quant. | I115: VALOR (R$)
A116: A | B116: Uniformes | H116: - | I116: =Uniformes!H59 -> 157.5
A117: B | B117: Materiais | H117: -
...

Sheet Supervisor 
A1: PLANILHA DE CUSTOS E FORMAÇÃO DE PREÇOS
A3: Pregão Eletrônico n.º:
A4: Data: | C4: Horário:
A6: Categoria profissional:
A8: DISCRIMINAÇÃO DOS SERVIÇOS (DADOS REFERENTES À CONTRATAÇÃO)
A9: A | B9: Data de apresentação da proposta (dia/mês/ano):
A10: B | B10: Município/UF: CURITIBA/PR (SEDE) | I10: PR
A11: C | B11: Ano do Acordo, Convenção ou Dissídio Coletivo | I11: 2025 á 2027
A12: D | B12: Nº de meses de execução contratual | I12: 12
A14: IDENTIFICAÇÃO DO SERVIÇO
A15: Tipo de Serviço | C15: Unidade de Medida (m2) | E15: Quantidade total a contratar (Em função da unidade de medida)
A16: Supervisor Administrativo | C16: Não se aplica | E16: 1
A20: 1. MÓDULOS
A21: Mão de Obra
A22: Dados para composição dos custos referentes à mão-de-obra
A23: 1 | B23: Tipo de serviço (mesmo serviço com características distintas) | I23: Supervisor
A24: 2 | B24: Classificação Brasileira de Ocupações (CBO) | I24: 4101-05
A25: 3 | B25: Salário Nominativo da Categoria Profissional | I25: 2807
A26: 4 | B26: Categoria profissional (vinculada à execução contratual) | I26: Supervisor
A27: 5 | B27: Data base da categoria (dia/mês/ano) | I27: 46053
A29: MÓDULO 1 - COMPOSIÇÃO DA REMUNERAÇÃO
A30: 1 | B30: COMPOSIÇÃO DA REMUNERAÇÃO | H30: % | I30: VALOR (R$)
A31: A | B31: Salário Base | I31: =(I25/220)*200 -> 2551.8182
A32: B | B32: Gratificação de função | H32: 280 | I32: =(H32/220)*220 -> 280
A33: C | B33: Adicional Insalubridade | H33: 0 | I33: =H33*I31 -> 0
A34: D | B34: Adicional Noturno | H34: 0 | I34: 0
A35: E | B35: Adicional de Hora Noturna Reduzida | H35: 0 | I35: 0
A36: F | B36: Adicional de Hora Extra no Feriado Trabalhado | H36: 0 | I36: 0
A37: G | B37: Adicional Periculosidade | H37: 0 | I37: =ROUND(I31*H37,2) -> 0
A38: TOTAL | I38: =TRUNC(SUM(I31:I37),4) -> 2831.8181
A40: MÓDULO 2 – ENCARGOS E BENEFÍCIOS ANUAIS, MENSAIS E DIÁRIOS
A41: Submódulo 2.1 - 13º (décimo terceiro) Salário, Férias e Adicional de Férias
A42: 2.1 | B42: 13º (Décimo terceiro) Salário, Férias e Adicional de Férias | H42: % | I42: VALOR (R$)
A43: A | B43: 13 (Décimo-terceiro) salário | H43: 0.0833 | I43: =$I$38*H43 -> 235.89045
A44: B | B44: Férias e Adicional de Férias | H44: 0.0278 | I44: =H44*I38 -> 78.724543
A45: TOTAL | H45: =TRUNC(SUM(H43:H44),4) -> 0.1111 | I45: =TRUNC(SUM(I43:I44),4) -> 314.6149
A47: Submódulo 2.2 - Encargos Previdenciários (GPS), Fundo de Garantia por Tempo de Serviço (FGTS) e outras contribuições
A48: 2.2 | B48: GPS, FGTS e Outras Contribuições | H48: % | I48: VALOR (R$)
A49: A | B49: INSS | H49: 0.2 | I49: =(I38+I45)*H49 -> 629.2866
A50: B | B50: Salário Educação | H50: 0.025 | I50: =(I38+I45)*H50 -> 78.660825
A51: C | B51: SAT - GIL/RAT | H51: 0.03 | I51: =(I38+I45)*H51 -> 94.39299
A52: D | B52: SESC ou SESI | H52: 0.015 | I52: =(I38+I45)*H52 -> 47.196495
A53: E | B53: SENAI - SENAC | H53: 0.01 | I53: =(I38+I45)*H53 -> 31.46433
A54: F | B54: SEBRAE | H54: 0.006 | I54: =(I38+I45)*H54 -> 18.878598
A55: G | B55: INCRA | H55: 0.002 | I55: =(I38+I45)*H55 -> 6.292866
A56: H | B56: FGTS | H56: 0.08 | I56: =(I38+I45)*H56 -> 251.71464
A57: TOTAL | H57: =SUM(H49:H56) -> 0.368 | I57: =TRUNC(SUM(I49:I56),4) -> 1157.8873
A59: Submódulo 2.3 - Benefícios Mensais e Diários
A60: 2.3 | B60: Benefícios Mensais e Diários | H60: VALOR UNIT. | I60: VALOR (R$)
A61: A | B61: Transporte | H61: =A160 -> 6 | I61: =C166 -> 110.89091
A62: B | B62: Auxílio-Refeição/Alimentação | H62: =F160 -> 26.8333 | I62: =H166 -> 643.9992
A63: C | B63: Assistência Médica e Familiar | H63: 87.5 | I63: =H63 -> 87.5
A64: D | B64: Assistência Social | H64: 0 | I64: 0
A65: E | B65: Treinamento/Capacitação/Reciclagem | H65: 0 | I65: 0
A66: F | B66: Assitência Social Familiar | H66: 28 | I66: =H66 -> 28
A67: G | B67: Fundo de Formação Profissional | H67: 28 | I67: =H67 -> 28
A68: H | B68: Medicina do Trabalho | H68: 0 | I68: 0
A69: I | B69: Seguro de Vida | H69: 0 | I69: 0
A70: J | B70: Benefício nascimento de filho | H70: 0 | I70: 0
A71: K | B71: Benefício empregado que não cometer falta | H71: 0 | I71: =H71 -> 0
A72: L | B72: Outros (especificar) | H72: 0 | I72: 0
A73: TOTAL | I73: =TRUNC(SUM(I61:I72),4) -> 898.3901
A75: QUADRO-RESUMO DO MÓDULO 2 - ENCARGOS, BENEFÍCIOS ANUAIS, MENSAIS E DIÁRIOS
A76: 2 | B76: Encargos, Benefícios Anuais, Mensais e Diários | I76: VALOR (R$)
A77: 2.1 | B77: 13º Salário, Férias e Adicional de Férias | I77: =I45 -> 314.6149
A78: 2.2 | B78: GPS, FGTS e Outras Contribuições | I78: =I57 -> 1157.8873
A79: 2.3 | B79: Benefícios Mensais e Diários | I79: =I73 -> 898.3901
A80: TOTAL | I80: =TRUNC(SUM(I77:I79),4) -> 2370.8923
A82: MÓDULO 3 – PROVISÃO PARA RESCISÃO
A83: 3 | B83: PROVISÃO PARA RESCISÃO | H83: % | I83: VALOR (R$)
A84: A | B84: Aviso Prévio Indenizado | H84: =((1/12)*0.05) -> 0.0041666667 | I84: =I38*H84 -> 11.799242
A85: B | B85: Incidência do FGTS sobre Aviso Prévio Indenizado | H85: =H84*8% -> 0.00033333333 | I85: =H85*I38 -> 0.94393937
A86: C | B86: Multa do FGTS e Contribuição Social sobre o Aviso Prévio Indenizado | H86: =((1+2/12+(1/3*1/12))*0.08*0.4*0.9) -> 0.0344 | I86: =I38*H86 -> 97.414543
A87: D | B87: Aviso Prévio Trabalhado | H87: =(7/30)/12 -> 0.019444444 | I87: =I38*H87 -> 55.06313
A88: E | B88: Incidência dos encargos do submódulo 2.2 sobre Aviso Prévio Trabalhado | H88: =(H57*H87) -> 0.0071555556 | I88: =I38*H88 -> 20.263232
A89: F | B89: Multa do FGTS e Contribuição Social sobre o Aviso Prévio Trabalhado. | H89: =H87*0.08*0.4 -> 0.00062222222 | I89: =I38*H89 -> 1.7620202
A90: TOTAL | H90: =TRUNC(SUM(H84:H89),4) -> 0.0661 | I90: =TRUNC(SUM(I84:I89),4) -> 187.2461
A92: MÓDULO 4 – CUSTO DE REPOSIÇÃO DO PROFISSIONAL AUSENTE
A93: Submódulo 4.1 - Ausências Legais
A94: 4.1 | B94: Ausências Legais | H94: % | I94: VALOR (R$)
A95: A | B95: Férias | H95: =(1/12) -> 0.083333333 | I95: =(I38+I80+I90)*H95 -> 449.16304
A96: B | B96: Ausências Legais | H96: =(4/30/12) -> 0.011111111 | I96: =(I38+I80+I90)*H96 -> 59.888406
A97: C | B97: Licença Paternidade | H97: =(20/30/12)*0.01416%*45.22 -> 0.00035573067 | I97: =(I38+I80+I90)*H97 -> 1.9173728
A98: D | B98: Ausência por Acidente de Trabalho | H98: =((15/30)/12)*0.44% -> 0.00018333333 | I98: =(I38+I80+I90)*H98 -> 0.98815869
A99: E | B99: Afastamento Maternidade | H99: =((180/30)/12*1.416%*54.78%)*H57 -> 0.00142726 | I99: =(I38+I80+I90)*H99 -> 7.6928695
A100: F | B100: Outros (especificar) | H100: 0 | I100: =(I38+I80+I90)*H100 -> 0
A101: TOTAL | H101: =TRUNC(SUM(H95:H100),4) -> 0.0964 | I101: =TRUNC(SUM(I95:I100),4) -> 519.6498
A103: Submódulo 4.2 - Intrajornada
A104: 4.2 | B104: Intrajornada | H104: % | I104: VALOR (R$)
A105: A | B105: Intervalo para Repouso ou Alimentação | H105: 0 | I105: =I38*H105 -> 0
A106: TOTAL SUBMÓDULO 4.2 | H106: =TRUNC(SUM(H105),4) -> 0 | I106: =TRUNC(SUM(I105),4) -> 0
A108: QUADRO-RESUMO DO MÓDULO 4 - CUSTO DE REPOSIÇÃO DO PROFISSIONAL AUSENTE
A109: 4 | B109: Custo de Reposição do Profissional Ausente | I109: VALOR (R$)
A110: 4.1 | B110: Ausências Legais | I110: =I101 -> 519.6498
A111: 4.2 | B111: Intrajornada | I111: =I106 -> 0
A112: TOTAL | I112: =TRUNC(SUM(I110:I111),4) -> 519.6498
A114: MÓDULO 5 – INSUMOS DIVERSOS
A115: 5 | B115: INSUMOS DIVERSOS | H115: Quant. | I115: VALOR (R$)
A116: A | B116: Uniformes | H116: - | I116: =Uniformes!H37 -> 230.16667
A117: B | B117: Materiais | H117: - | I117: 0
...

Sheet Planilha2

Sheet Limpeza Sede Administrativa 
A1: PLANILHA DE CUSTOS E FORMAÇÃO DE PREÇOS
A3: Pregão Eletrônico n.º:
A4: Data: | C4: Horário:
A6: Categoria profissional:
A8: DISCRIMINAÇÃO DOS SERVIÇOS (DADOS REFERENTES À CONTRATAÇÃO)
A9: A | B9: Data de apresentação da proposta (dia/mês/ano):
A10: B | B10: Município/UF: CURITIBA/PR (SEDE) | I10: PR
A11: C | B11: Ano do Acordo, Convenção ou Dissídio Coletivo | I11: 2025 á 2027
A12: D | B12: Nº de meses de execução contratual | I12: 12
A14: IDENTIFICAÇÃO DO SERVIÇO
A15: Tipo de Serviço | C15: Unidade de Medida (m2) | E15: Quantidade total a contratar (Em função da unidade de medida)
A16: Limpeza e conservação | E16: 2
A20: 1. MÓDULOS
A21: Mão de Obra
A22: Dados para composição dos custos referentes à mão-de-obra
A23: 1 | B23: Tipo de serviço (mesmo serviço com características distintas) | I23: Limpeza
A24: 2 | B24: Classificação Brasileira de Ocupações (CBO) | I24: 5143-20
A25: 3 | B25: Salário Nominativo da Categoria Profissional | I25: 1764
A26: 4 | B26: Categoria profissional (vinculada à execução contratual) | I26: Servente
A27: 5 | B27: Data base da categoria (dia/mês/ano) | I27: 46053
A29: MÓDULO 1 - COMPOSIÇÃO DA REMUNERAÇÃO
A30: 1 | B30: COMPOSIÇÃO DA REMUNERAÇÃO | H30: VALOR (R$) | I30: VALOR (R$)
A31: A | B31: Salário Base | I31: =(I25) -> 1764
A32: B | B32: Gratificação de função | H32: 122 | I32: =H32 -> 122
A33: C | B33: Adicional Insalubridade | I33: =H33*I31 -> 0
A34: D | B34: Adicional Noturno | I34: =H34*I31 -> 0
A35: E | B35: Adicional de Hora Noturna Reduzida | I35: 0
A36: F | B36: Adicional de Hora Extra no Feriado Trabalhado | I36: 0
A37: G | B37: Outros (especificar) | I37: 0
A38: TOTAL | I38: =TRUNC(SUM(I31:I37),4) -> 1886
A40: MÓDULO 2 – ENCARGOS E BENEFÍCIOS ANUAIS, MENSAIS E DIÁRIOS
A41: Submódulo 2.1 - 13º (décimo terceiro) Salário, Férias e Adicional de Férias
A42: 2.1 | B42: 13º (Décimo terceiro) Salário, Férias e Adicional de Férias | H42: % | I42: VALOR (R$)
A43: A | B43: 13 (Décimo-terceiro) salário | H43: 0.0833 | I43: =$I$38*H43 -> 157.1038
A44: B | B44: Férias e Adicional de Férias | H44: 0.0278 | I44: =H44*I38 -> 52.4308
A45: TOTAL | H45: =TRUNC(SUM(H43:H44),4) -> 0.1111 | I45: =TRUNC(SUM(I43:I44),4) -> 209.5346
A47: Submódulo 2.2 - Encargos Previdenciários (GPS), Fundo de Garantia por Tempo de Serviço (FGTS) e outras contribuições
A48: 2.2 | B48: GPS, FGTS e Outras Contribuições | H48: % | I48: VALOR (R$)
A49: A | B49: INSS | H49: 0.2 | I49: =(I38+I45)*H49 -> 419.10692
A50: B | B50: Salário Educação | H50: 0.025 | I50: =(I38+I45)*H50 -> 52.388365
A51: C | B51: SAT - GIL/RAT | H51: 0.03 | I51: =(I38+I45)*H51 -> 62.866038
A52: D | B52: SESC ou SESI | H52: 0.015 | I52: =(I38+I45)*H52 -> 31.433019
A53: E | B53: SENAI - SENAC | H53: 0.01 | I53: =(I38+I45)*H53 -> 20.955346
A54: F | B54: SEBRAE | H54: 0.006 | I54: =(I38+I45)*H54 -> 12.573208
A55: G | B55: INCRA | H55: 0.002 | I55: =(I38+I45)*H55 -> 4.1910692
A56: H | B56: FGTS | H56: 0.08 | I56: =(I38+I45)*H56 -> 167.64277
A57: TOTAL | H57: =SUM(H49:H56) -> 0.368 | I57: =TRUNC(SUM(I49:I56),4) -> 771.1567
A59: Submódulo 2.3 - Benefícios Mensais e Diários
A60: 2.3 | B60: Benefícios Mensais e Diários | H60: VALOR UNIT. | I60: VALOR (R$)
A61: A | B61: Transporte | H61: =A160 -> 6 | I61: =C166 -> 158.16
A62: B | B62: Auxílio-Refeição/Alimentação | H62: =F160 -> 26.8333 | I62: =H166 -> 643.9992
A63: C | B63: Assistência Médica e Familiar | H63: 87.5 | I63: =H63 -> 87.5
A64: D | B64: Assistência Social | H64: 0 | I64: 0
A65: E | B65: Treinamento/Capacitação/Reciclagem | H65: 0 | I65: 0
A66: F | B66: Assitência Social Familiar | H66: 28 | I66: =H66 -> 28
A67: G | B67: Fundo de Formação Profissional | H67: 28 | I67: =H67 -> 28
A68: H | B68: Medicina do Trabalho | H68: 0 | I68: 0
A69: I | B69: Seguro de Vida | H69: 0 | I69: 0
A70: J | B70: Benefício nascimento de filho | H70: 0 | I70: 0
A71: K | B71: Benefício empregado que não cometer falta | H71: 0 | I71: =H71 -> 0
A72: L | B72: Outros (especificar) | H72: 0 | I72: 0
A73: TOTAL | I73: =TRUNC(SUM(I61:I72),4) -> 945.6592
A75: QUADRO-RESUMO DO MÓDULO 2 - ENCARGOS, BENEFÍCIOS ANUAIS, MENSAIS E DIÁRIOS
A76: 2 | B76: Encargos, Benefícios Anuais, Mensais e Diários | I76: VALOR (R$)
A77: 2.1 | B77: 13º Salário, Férias e Adicional de Férias | I77: =I45 -> 209.5346
A78: 2.2 | B78: GPS, FGTS e Outras Contribuições | I78: =I57 -> 771.1567
A79: 2.3 | B79: Benefícios Mensais e Diários | I79: =I73 -> 945.6592
A80: TOTAL | I80: =TRUNC(SUM(I77:I79),4) -> 1926.3505
A82: MÓDULO 3 – PROVISÃO PARA RESCISÃO
A83: 3 | B83: PROVISÃO PARA RESCISÃO | H83: % | I83: VALOR (R$)
A84: A | B84: Aviso Prévio Indenizado | H84: =((1/12)*0.05) -> 0.0041666667 | I84: =I38*H84 -> 7.8583333
A85: B | B85: Incidência do FGTS sobre Aviso Prévio Indenizado | H85: =H84*8% -> 0.00033333333 | I85: =H85*I38 -> 0.62866667
A86: C | B86: Multa do FGTS e Contribuição Social sobre o Aviso Prévio Indenizado | H86: =((1+2/12+(1/3*1/12))*0.08*0.4*0.9) -> 0.0344 | I86: =I38*H86 -> 64.8784
A87: D | B87: Aviso Prévio Trabalhado | H87: =(7/30)/12 -> 0.019444444 | I87: =I38*H87 -> 36.672222
A88: E | B88: Incidência dos encargos do submódulo 2.2 sobre Aviso Prévio Trabalhado | H88: =(H57*H87) -> 0.0071555556 | I88: =I38*H88 -> 13.495378
A89: F | B89: Multa do FGTS e Contribuição Social sobre o Aviso Prévio Trabalhado. | H89: =H87*0.08*0.4 -> 0.00062222222 | I89: =I38*H89 -> 1.1735111
A90: TOTAL | H90: =TRUNC(SUM(H84:H89),4) -> 0.0661 | I90: =TRUNC(SUM(I84:I89),4) -> 124.7065
A92: MÓDULO 4 – CUSTO DE REPOSIÇÃO DO PROFISSIONAL AUSENTE
A93: Submódulo 4.1 - Ausências Legais
A94: 4.1 | B94: Ausências Legais | H94: % | I94: VALOR (R$)
A95: A | B95: Férias | H95: =(1/12) -> 0.083333333 | I95: =(I38+I80+I90)*H95 -> 328.08808
A96: B | B96: Ausências Legais | H96: =(8/30/12) -> 0.022222222 | I96: =(I38+I80+I90)*H96 -> 87.490156
A97: C | B97: Licença Paternidade | H97: =(20/30/12)*0.01416%*45.22 -> 0.00035573067 | I97: =(I38+I80+I90)*H97 -> 1.4005319
A98: D | B98: Ausência por Acidente de Trabalho | H98: =((15/30)/12)*0.44% -> 0.00018333333 | I98: =(I38+I80+I90)*H98 -> 0.72179378
A99: E | B99: Afastamento Maternidade | H99: =((180/30)/12*1.416%*54.78%)*H57 -> 0.00142726 | I99: =(I38+I80+I90)*H99 -> 5.6192041
A100: F | B100: Outros (especificar) | H100: 0 | I100: =(I38+I80+I90)*H100 -> 0
A101: TOTAL | H101: =TRUNC(SUM(H95:H100),4) -> 0.1075 | I101: =TRUNC(SUM(I95:I100),4) -> 423.3197
A103: Submódulo 4.2 - Intrajornada
A104: 4.2 | B104: Intrajornada | H104: % | I104: VALOR (R$)
A105: A | B105: Intervalo para Repouso ou Alimentação | H105: 0 | I105: =I38*H105 -> 0
A106: TOTAL SUBMÓDULO 4.2 | H106: =TRUNC(SUM(H105),4) -> 0 | I106: =TRUNC(SUM(I105),4) -> 0
A108: QUADRO-RESUMO DO MÓDULO 4 - CUSTO DE REPOSIÇÃO DO PROFISSIONAL AUSENTE
A109: 4 | B109: Custo de Reposição do Profissional Ausente | I109: VALOR (R$)
A110: 4.1 | B110: Ausências Legais | I110: =I101 -> 423.3197
A111: 4.2 | B111: Intrajornada | I111: =I106 -> 0
A112: TOTAL | I112: =TRUNC(SUM(I110:I111),4) -> 423.3197
A114: MÓDULO 5 – INSUMOS DIVERSOS
A115: 5 | B115: INSUMOS DIVERSOS | H115: Quant. | I115: VALOR (R$)
A116: A | B116: Uniformes | H116: - | I116: =Uniformes!H48 -> 178.105
A117: B | B117: Materiais | H117: -
...

Sheet Limpeza Regional Curitiba
A1: PLANILHA DE CUSTOS E FORMAÇÃO DE PREÇOS
A3: Pregão Eletrônico n.º:
A4: Data: | C4: Horário:
A6: Categoria profissional:
A8: DISCRIMINAÇÃO DOS SERVIÇOS (DADOS REFERENTES À CONTRATAÇÃO)
A9: A | B9: Data de apresentação da proposta (dia/mês/ano):
A10: B | B10: Município/UF: CURITIBA/PR (REGIONAL CURITIBA) | I10: PR
A11: C | B11: Ano do Acordo, Convenção ou Dissídio Coletivo | I11: 2025 á 2027
A12: D | B12: Nº de meses de execução contratual | I12: 12
A14: IDENTIFICAÇÃO DO SERVIÇO
A15: Tipo de Serviço | C15: Unidade de Medida (m2) | E15: Quantidade total a contratar (Em função da unidade de medida)
A16: Limpeza e conservação | E16: 2
A20: 1. MÓDULOS
A21: Mão de Obra
A22: Dados para composição dos custos referentes à mão-de-obra
A23: 1 | B23: Tipo de serviço (mesmo serviço com características distintas) | I23: Limpeza
A24: 2 | B24: Classificação Brasileira de Ocupações (CBO) | I24: 5143-20
A25: 3 | B25: Salário Nominativo da Categoria Profissional | I25: 1764
A26: 4 | B26: Categoria profissional (vinculada à execução contratual) | I26: Servente
A27: 5 | B27: Data base da categoria (dia/mês/ano) | I27: 46053
A29: MÓDULO 1 - COMPOSIÇÃO DA REMUNERAÇÃO
A30: 1 | B30: COMPOSIÇÃO DA REMUNERAÇÃO | H30: VALOR (R$) | I30: VALOR (R$)
A31: A | B31: Salário Base | I31: =(I25) -> 1764
A32: B | B32: Gratificação de função | H32: 122 | I32: =H32 -> 122
A33: C | B33: Adicional Insalubridade | I33: =H33*I31 -> 0
A34: D | B34: Adicional Noturno | I34: 0
A35: E | B35: Adicional de Hora Noturna Reduzida | I35: 0
A36: F | B36: Adicional de Hora Extra no Feriado Trabalhado | I36: 0
A37: G | B37: Outros (especificar) | I37: 0
A38: TOTAL | I38: =TRUNC(SUM(I31:I37),4) -> 1886
A40: MÓDULO 2 – ENCARGOS E BENEFÍCIOS ANUAIS, MENSAIS E DIÁRIOS
A41: Submódulo 2.1 - 13º (décimo terceiro) Salário, Férias e Adicional de Férias
A42: 2.1 | B42: 13º (Décimo terceiro) Salário, Férias e Adicional de Férias | H42: % | I42: VALOR (R$)
A43: A | B43: 13 (Décimo-terceiro) salário | H43: 0.0833 | I43: =$I$38*H43 -> 157.1038
A44: B | B44: Férias e Adicional de Férias | H44: 0.0278 | I44: =H44*I38 -> 52.4308
A45: TOTAL | H45: =TRUNC(SUM(H43:H44),4) -> 0.1111 | I45: =TRUNC(SUM(I43:I44),4) -> 209.5346
A47: Submódulo 2.2 - Encargos Previdenciários (GPS), Fundo de Garantia por Tempo de Serviço (FGTS) e outras contribuições
A48: 2.2 | B48: GPS, FGTS e Outras Contribuições | H48: % | I48: VALOR (R$)
A49: A | B49: INSS | H49: 0.2 | I49: =(I38+I45)*H49 -> 419.10692
A50: B | B50: Salário Educação | H50: 0.025 | I50: =(I38+I45)*H50 -> 52.388365
A51: C | B51: SAT - GIL/RAT | H51: 0.03 | I51: =(I38+I45)*H51 -> 62.866038
A52: D | B52: SESC ou SESI | H52: 0.015 | I52: =(I38+I45)*H52 -> 31.433019
A53: E | B53: SENAI - SENAC | H53: 0.01 | I53: =(I38+I45)*H53 -> 20.955346
A54: F | B54: SEBRAE | H54: 0.006 | I54: =(I38+I45)*H54 -> 12.573208
A55: G | B55: INCRA | H55: 0.002 | I55: =(I38+I45)*H55 -> 4.1910692
A56: H | B56: FGTS | H56: 0.08 | I56: =(I38+I45)*H56 -> 167.64277
A57: TOTAL | H57: =SUM(H49:H56) -> 0.368 | I57: =TRUNC(SUM(I49:I56),4) -> 771.1567
A59: Submódulo 2.3 - Benefícios Mensais e Diários
A60: 2.3 | B60: Benefícios Mensais e Diários | H60: VALOR UNIT. | I60: VALOR (R$)
A61: A | B61: Transporte | H61: =A160 -> 6 | I61: =C166 -> 158.16
A62: B | B62: Auxílio-Refeição/Alimentação | H62: =F160 -> 26.8333 | I62: =H166 -> 643.9992
A63: C | B63: Assistência Médica e Familiar | H63: 87.5 | I63: =H63 -> 87.5
A64: D | B64: Assistência Social | H64: 0 | I64: 0
A65: E | B65: Treinamento/Capacitação/Reciclagem | H65: 0 | I65: 0
A66: F | B66: Assitência Social Familiar | H66: 28 | I66: =H66 -> 28
A67: G | B67: Fundo de Formação Profissional | H67: 28 | I67: =H67 -> 28
A68: H | B68: Medicina do Trabalho | H68: 0 | I68: 0
A69: I | B69: Seguro de Vida | H69: 0 | I69: 0
A70: J | B70: Benefício nascimento de filho | H70: 0 | I70: 0
A71: K | B71: Benefício empregado que não cometer falta | H71: 0 | I71: =H71 -> 0
A72: L | B72: Outros (especificar) | H72: 0 | I72: 0
A73: TOTAL | I73: =TRUNC(SUM(I61:I72),4) -> 945.6592
A75: QUADRO-RESUMO DO MÓDULO 2 - ENCARGOS, BENEFÍCIOS ANUAIS, MENSAIS E DIÁRIOS
A76: 2 | B76: Encargos, Benefícios Anuais, Mensais e Diários | I76: VALOR (R$)
A77: 2.1 | B77: 13º Salário, Férias e Adicional de Férias | I77: =I45 -> 209.5346
A78: 2.2 | B78: GPS, FGTS e Outras Contribuições | I78: =I57 -> 771.1567
A79: 2.3 | B79: Benefícios Mensais e Diários | I79: =I73 -> 945.6592
A80: TOTAL | I80: =TRUNC(SUM(I77:I79),4) -> 1926.3505
A82: MÓDULO 3 – PROVISÃO PARA RESCISÃO
A83: 3 | B83: PROVISÃO PARA RESCISÃO | H83: % | I83: VALOR (R$)
A84: A | B84: Aviso Prévio Indenizado | H84: =((1/12)*0.05) -> 0.0041666667 | I84: =I38*H84 -> 7.8583333
A85: B | B85: Incidência do FGTS sobre Aviso Prévio Indenizado | H85: =H84*8% -> 0.00033333333 | I85: =H85*I38 -> 0.62866667
A86: C | B86: Multa do FGTS e Contribuição Social sobre o Aviso Prévio Indenizado | H86: =((1+2/12+(1/3*1/12))*0.08*0.4*0.9) -> 0.0344 | I86: =I38*H86 -> 64.8784
A87: D | B87: Aviso Prévio Trabalhado | H87: =(7/30)/12 -> 0.019444444 | I87: =I38*H87 -> 36.672222
A88: E | B88: Incidência dos encargos do submódulo 2.2 sobre Aviso Prévio Trabalhado | H88: =(H57*H87) -> 0.0071555556 | I88: =I38*H88 -> 13.495378
A89: F | B89: Multa do FGTS e Contribuição Social sobre o Aviso Prévio Trabalhado. | H89: =H87*0.08*0.4 -> 0.00062222222 | I89: =I38*H89 -> 1.1735111
A90: TOTAL | H90: =TRUNC(SUM(H84:H89),4) -> 0.0661 | I90: =TRUNC(SUM(I84:I89),4) -> 124.7065
A92: MÓDULO 4 – CUSTO DE REPOSIÇÃO DO PROFISSIONAL AUSENTE
A93: Submódulo 4.1 - Ausências Legais
A94: 4.1 | B94: Ausências Legais | H94: % | I94: VALOR (R$)
A95: A | B95: Férias | H95: =(1/12) -> 0.083333333 | I95: =(I38+I80+I90)*H95 -> 328.08808
A96: B | B96: Ausências Legais | H96: =(8/30/12) -> 0.022222222 | I96: =(I38+I80+I90)*H96 -> 87.490156
A97: C | B97: Licença Paternidade | H97: =(20/30/12)*0.01416%*45.22 -> 0.00035573067 | I97: =(I38+I80+I90)*H97 -> 1.4005319
A98: D | B98: Ausência por Acidente de Trabalho | H98: =((15/30)/12)*0.44% -> 0.00018333333 | I98: =(I38+I80+I90)*H98 -> 0.72179378
A99: E | B99: Afastamento Maternidade | H99: =((180/30)/12*1.416%*54.78%)*H57 -> 0.00142726 | I99: =(I38+I80+I90)*H99 -> 5.6192041
A100: F | B100: Outros (especificar) | H100: 0 | I100: =(I38+I80+I90)*H100 -> 0
A101: TOTAL | H101: =TRUNC(SUM(H95:H100),4) -> 0.1075 | I101: =TRUNC(SUM(I95:I100),4) -> 423.3197
A103: Submódulo 4.2 - Intrajornada
A104: 4.2 | B104: Intrajornada | H104: % | I104: VALOR (R$)
A105: A | B105: Intervalo para Repouso ou Alimentação | H105: 0 | I105: =I38*H105 -> 0
A106: TOTAL SUBMÓDULO 4.2 | H106: =TRUNC(SUM(H105),4) -> 0 | I106: =TRUNC(SUM(I105),4) -> 0
A108: QUADRO-RESUMO DO MÓDULO 4 - CUSTO DE REPOSIÇÃO DO PROFISSIONAL AUSENTE
A109: 4 | B109: Custo de Reposição do Profissional Ausente | I109: VALOR (R$)
A110: 4.1 | B110: Ausências Legais | I110: =I101 -> 423.3197
A111: 4.2 | B111: Intrajornada | I111: =I106 -> 0
A112: TOTAL | I112: =TRUNC(SUM(I110:I111),4) -> 423.3197
A114: MÓDULO 5 – INSUMOS DIVERSOS
A115: 5 | B115: INSUMOS DIVERSOS | H115: Quant. | I115: VALOR (R$)
A116: A | B116: Uniformes | H116: - | I116: =Uniformes!H48 -> 178.105
A117: B | B117: Materiais | H117: -
...

Sheet Limpeza Regional Apucarana 
A1: PLANILHA DE CUSTOS E FORMAÇÃO DE PREÇOS
A3: Pregão Eletrônico n.º:
A4: Data: | C4: Horário:
A6: Categoria profissional:
A8: DISCRIMINAÇÃO DOS SERVIÇOS (DADOS REFERENTES À CONTRATAÇÃO)
A9: A | B9: Data de apresentação da proposta (dia/mês/ano):
A10: B | B10: Município/UF: APUCARANA/PR | I10: PR
A11: C | B11: Ano do Acordo, Convenção ou Dissídio Coletivo | I11: 2025 á 2027
A12: D | B12: Nº de meses de execução contratual | I12: 12
A14: IDENTIFICAÇÃO DO SERVIÇO
A15: Tipo de Serviço | C15: Unidade de Medida (m2) | E15: Quantidade total a contratar (Em função da unidade de medida)
A16: Limpeza e conservação | E16: 1
A20: 1. MÓDULOS
A21: Mão de Obra
A22: Dados para composição dos custos referentes à mão-de-obra
A23: 1 | B23: Tipo de serviço (mesmo serviço com características distintas) | I23: Limpeza
A24: 2 | B24: Classificação Brasileira de Ocupações (CBO) | I24: 5143-20
A25: 3 | B25: Salário Nominativo da Categoria Profissional | I25: 1764
A26: 4 | B26: Categoria profissional (vinculada à execução contratual) | I26: Servente
A27: 5 | B27: Data base da categoria (dia/mês/ano) | I27: 46053
A29: MÓDULO 1 - COMPOSIÇÃO DA REMUNERAÇÃO
A30: 1 | B30: COMPOSIÇÃO DA REMUNERAÇÃO | H30: VALOR (R$) | I30: VALOR (R$)
A31: A | B31: Salário Base | I31: =(I25) -> 1764
A32: B | B32: Gratificação de função | I32: 122
A33: C | B33: Adicional Insalubridade | I33: =H33*I31 -> 0
A34: D | B34: Adicional Noturno | I34: 0
A35: E | B35: Adicional de Hora Noturna Reduzida | I35: 0
A36: F | B36: Adicional de Hora Extra no Feriado Trabalhado | I36: 0
A37: G | B37: Outros (especificar) | I37: 0
A38: TOTAL | I38: =TRUNC(SUM(I31:I37),4) -> 1886
A40: MÓDULO 2 – ENCARGOS E BENEFÍCIOS ANUAIS, MENSAIS E DIÁRIOS
A41: Submódulo 2.1 - 13º (décimo terceiro) Salário, Férias e Adicional de Férias
A42: 2.1 | B42: 13º (Décimo terceiro) Salário, Férias e Adicional de Férias | H42: % | I42: VALOR (R$)
A43: A | B43: 13 (Décimo-terceiro) salário | H43: 0.0833 | I43: =$I$38*H43 -> 157.1038
A44: B | B44: Férias e Adicional de Férias | H44: 0.0278 | I44: =H44*I38 -> 52.4308
A45: TOTAL | H45: =TRUNC(SUM(H43:H44),4) -> 0.1111 | I45: =TRUNC(SUM(I43:I44),4) -> 209.5346
A47: Submódulo 2.2 - Encargos Previdenciários (GPS), Fundo de Garantia por Tempo de Serviço (FGTS) e outras contribuições
A48: 2.2 | B48: GPS, FGTS e Outras Contribuições | H48: % | I48: VALOR (R$)
A49: A | B49: INSS | H49: 0.2 | I49: =(I38+I45)*H49 -> 419.10692
A50: B | B50: Salário Educação | H50: 0.025 | I50: =(I38+I45)*H50 -> 52.388365
A51: C | B51: SAT - GIL/RAT | H51: 0.03 | I51: =(I38+I45)*H51 -> 62.866038
A52: D | B52: SESC ou SESI | H52: 0.015 | I52: =(I38+I45)*H52 -> 31.433019
A53: E | B53: SENAI - SENAC | H53: 0.01 | I53: =(I38+I45)*H53 -> 20.955346
A54: F | B54: SEBRAE | H54: 0.006 | I54: =(I38+I45)*H54 -> 12.573208
A55: G | B55: INCRA | H55: 0.002 | I55: =(I38+I45)*H55 -> 4.1910692
A56: H | B56: FGTS | H56: 0.08 | I56: =(I38+I45)*H56 -> 167.64277
A57: TOTAL | H57: =SUM(H49:H56) -> 0.368 | I57: =TRUNC(SUM(I49:I56),4) -> 771.1567
A59: Submódulo 2.3 - Benefícios Mensais e Diários
A60: 2.3 | B60: Benefícios Mensais e Diários | H60: VALOR UNIT. | I60: VALOR (R$)
A61: A | B61: Transporte | H61: =A160 -> 4.8 | I61: =C166 -> 105.36
A62: B | B62: Auxílio-Refeição/Alimentação | H62: =F160 -> 26.8333 | I62: =H166 -> 643.9992
A63: C | B63: Assistência Médica e Familiar | H63: 87.5 | I63: =H63 -> 87.5
A64: D | B64: Assistência Social | H64: 0 | I64: 0
A65: E | B65: Treinamento/Capacitação/Reciclagem | H65: 0 | I65: 0
A66: F | B66: Assitência Social Familiar | H66: 28 | I66: =H66 -> 28
A67: G | B67: Fundo de Formação Profissional | H67: 28 | I67: =H67 -> 28
A68: H | B68: Medicina do Trabalho | H68: 0 | I68: 0
A69: I | B69: Seguro de Vida | H69: 0 | I69: 0
A70: J | B70: Outros (especificar) Benefício nascimento de filho | H70: 0 | I70: 0
A71: K | B71: Outros (especificar) Benefício empregado que não cometer falta | H71: 0 | I71: =H71 -> 0
A72: L | B72: Outros (especificar) | H72: 0 | I72: 0
A73: TOTAL | I73: =TRUNC(SUM(I61:I72),4) -> 892.8592
A75: QUADRO-RESUMO DO MÓDULO 2 - ENCARGOS, BENEFÍCIOS ANUAIS, MENSAIS E DIÁRIOS
A76: 2 | B76: Encargos, Benefícios Anuais, Mensais e Diários | I76: VALOR (R$)
A77: 2.1 | B77: 13º Salário, Férias e Adicional de Férias | I77: =I45 -> 209.5346
A78: 2.2 | B78: GPS, FGTS e Outras Contribuições | I78: =I57 -> 771.1567
A79: 2.3 | B79: Benefícios Mensais e Diários | I79: =I73 -> 892.8592
A80: TOTAL | I80: =TRUNC(SUM(I77:I79),4) -> 1873.5505
A82: MÓDULO 3 – PROVISÃO PARA RESCISÃO
A83: 3 | B83: PROVISÃO PARA RESCISÃO | H83: % | I83: VALOR (R$)
A84: A | B84: Aviso Prévio Indenizado | H84: =((1/12)*0.05) -> 0.0041666667 | I84: =I38*H84 -> 7.8583333
A85: B | B85: Incidência do FGTS sobre Aviso Prévio Indenizado | H85: =H84*8% -> 0.00033333333 | I85: =H85*I38 -> 0.62866667
A86: C | B86: Multa do FGTS e Contribuição Social sobre o Aviso Prévio Indenizado | H86: =((1+2/12+(1/3*1/12))*0.08*0.4*0.9) -> 0.0344 | I86: =I38*H86 -> 64.8784
A87: D | B87: Aviso Prévio Trabalhado | H87: =(7/30)/12 -> 0.019444444 | I87: =I38*H87 -> 36.672222
A88: E | B88: Incidência dos encargos do submódulo 2.2 sobre Aviso Prévio Trabalhado | H88: =(H57*H87) -> 0.0071555556 | I88: =I38*H88 -> 13.495378
A89: F | B89: Multa do FGTS e Contribuição Social sobre o Aviso Prévio Trabalhado. | H89: =H87*0.08*0.4 -> 0.00062222222 | I89: =I38*H89 -> 1.1735111
A90: TOTAL | H90: =TRUNC(SUM(H84:H89),4) -> 0.0661 | I90: =TRUNC(SUM(I84:I89),4) -> 124.7065
A92: MÓDULO 4 – CUSTO DE REPOSIÇÃO DO PROFISSIONAL AUSENTE
A93: Submódulo 4.1 - Ausências Legais
A94: 4.1 | B94: Ausências Legais | H94: % | I94: VALOR (R$)
A95: A | B95: Férias | H95: =(1/12) -> 0.083333333 | I95: =(I38+I80+I90)*H95 -> 323.68808
A96: B | B96: Ausências Legais | H96: =(8/30/12) -> 0.022222222 | I96: =(I38+I80+I90)*H96 -> 86.316822
A97: C | B97: Licença Paternidade | H97: =(20/30/12)*0.01416%*45.22 -> 0.00035573067 | I97: =(I38+I80+I90)*H97 -> 1.3817493
A98: D | B98: Ausência por Acidente de Trabalho | H98: =((15/30)/12)*0.44% -> 0.00018333333 | I98: =(I38+I80+I90)*H98 -> 0.71211378
A99: E | B99: Afastamento Maternidade | H99: =((180/30)/12*1.416%*54.78%)*H57 -> 0.00142726 | I99: =(I38+I80+I90)*H99 -> 5.5438448
A100: F | B100: Outros (especificar) | H100: 0 | I100: =(I38+I80+I90)*H100 -> 0
A101: TOTAL | H101: =TRUNC(SUM(H95:H100),4) -> 0.1075 | I101: =TRUNC(SUM(I95:I100),4) -> 417.6426
A103: Submódulo 4.2 - Intrajornada
A104: 4.2 | B104: Intrajornada | H104: % | I104: VALOR (R$)
A105: A | B105: Intervalo para Repouso ou Alimentação | H105: 0 | I105: =I38*H105 -> 0
A106: TOTAL SUBMÓDULO 4.2 | H106: =TRUNC(SUM(H105),4) -> 0 | I106: =TRUNC(SUM(I105),2) -> 0
A108: QUADRO-RESUMO DO MÓDULO 4 - CUSTO DE REPOSIÇÃO DO PROFISSIONAL AUSENTE
A109: 4 | B109: Custo de Reposição do Profissional Ausente | I109: VALOR (R$)
A110: 4.1 | B110: Ausências Legais | I110: =I101 -> 417.6426
A111: 4.2 | B111: Intrajornada | I111: =I106 -> 0
A112: TOTAL | I112: =TRUNC(SUM(I110:I111),4) -> 417.6426
A114: MÓDULO 5 – INSUMOS DIVERSOS
A115: 5 | B115: INSUMOS DIVERSOS | H115: Quant. | I115: VALOR (R$)
A116: A | B116: Uniformes | H116: - | I116: =Uniformes!H48 -> 178.105
A117: B | B117: Materiais | H117: -
...

Sheet Limpeza Regional Cascavel
A1: PLANILHA DE CUSTOS E FORMAÇÃO DE PREÇOS | J1: ok
J2: ok
A3: Pregão Eletrônico n.º: | J3: ok
A4: Data: | C4: Horário: | J4: ok
J5: ok
A6: Categoria profissional: | J6: ok
J7: ok
A8: DISCRIMINAÇÃO DOS SERVIÇOS (DADOS REFERENTES À CONTRATAÇÃO) | J8: ok
A9: A | B9: Data de apresentação da proposta (dia/mês/ano): | J9: ok
A10: B | B10: Município/UF: CASCAVEL/PR | I10: PR | J10: ok
A11: C | B11: Ano do Acordo, Convenção ou Dissídio Coletivo | I11: 2025 á 2027 | J11: ok
A12: D | B12: Nº de meses de execução contratual | I12: 12 | J12: ok
J13: ok
A14: IDENTIFICAÇÃO DO SERVIÇO | J14: ok
A15: Tipo de Serviço | C15: Unidade de Medida (m2) | E15: Quantidade total a contratar (Em função da unidade de medida) | J15: ok
A16: Limpeza e conservação | E16: 1 | J16: ok
J17: ok
J18: ok
J19: ok
A20: 1. MÓDULOS | J20: ok
A21: Mão de Obra | J21: ok
A22: Dados para composição dos custos referentes à mão-de-obra | J22: ok
A23: 1 | B23: Tipo de serviço (mesmo serviço com características distintas) | I23: Limpeza | J23: ok
A24: 2 | B24: Classificação Brasileira de Ocupações (CBO) | I24: 5143-20 | J24: ok
A25: 3 | B25: Salário Nominativo da Categoria Profissional | I25: 1641 | J25: ok
A26: 4 | B26: Categoria profissional (vinculada à execução contratual) | I26: Servente | J26: ok
A27: 5 | B27: Data base da categoria (dia/mês/ano) | I27: 46053 | J27: ok
J28: ok
A29: MÓDULO 1 - COMPOSIÇÃO DA REMUNERAÇÃO | J29: ok
A30: 1 | B30: COMPOSIÇÃO DA REMUNERAÇÃO | H30: VALOR (R$) | I30: VALOR (R$) | J30: ok
A31: A | B31: Salário Base | I31: 1764 | J31: ok
A32: B | B32: Gratificação de função) | H32: 122 | I32: =(H32) -> 122 | J32: ok
A33: C | B33: Adicional Insalubridade | J33: ok
A34: D | B34: Adicional Noturno | I34: 0 | J34: ok
A35: E | B35: Adicional de Hora Noturna Reduzida | I35: 0 | J35: ok
A36: F | B36: Adicional de Hora Extra no Feriado Trabalhado | I36: 0 | J36: ok
A37: G | B37: Outros (especificar) | I37: 0 | J37: ok
A38: TOTAL | I38: =TRUNC(SUM(I31:I37),4) -> 1886 | J38: ok
J39: ok
A40: MÓDULO 2 – ENCARGOS E BENEFÍCIOS ANUAIS, MENSAIS E DIÁRIOS | J40: ok
A41: Submódulo 2.1 - 13º (décimo terceiro) Salário, Férias e Adicional de Férias | J41: ok
A42: 2.1 | B42: 13º (Décimo terceiro) Salário, Férias e Adicional de Férias | H42: % | I42: VALOR (R$) | J42: ok
A43: A | B43: 13 (Décimo-terceiro) salário | H43: 0.0833 | I43: =$I$38*H43 -> 157.1038 | J43: ok
A44: B | B44: Férias e Adicional de Férias | H44: 0.0278 | I44: =H44*I38 -> 52.4308 | J44: ok
A45: TOTAL | H45: =TRUNC(SUM(H43:H44),4) -> 0.1111 | I45: =TRUNC(SUM(I43:I44),4) -> 209.5346 | J45: ok
J46: ok
A47: Submódulo 2.2 - Encargos Previdenciários (GPS), Fundo de Garantia por Tempo de Serviço (FGTS) e outras contribuições | J47: ok
A48: 2.2 | B48: GPS, FGTS e Outras Contribuições | H48: % | I48: VALOR (R$) | J48: ok
A49: A | B49: INSS | H49: 0.2 | I49: =(I38+I45)*H49 -> 419.10692 | J49: ok
A50: B | B50: Salário Educação | H50: 0.025 | I50: =(I38+I45)*H50 -> 52.388365 | J50: ok
A51: C | B51: SAT - GIL/RAT | H51: 0.03 | I51: =(I38+I45)*H51 -> 62.866038 | J51: ok
A52: D | B52: SESC ou SESI | H52: 0.015 | I52: =(I38+I45)*H52 -> 31.433019 | J52: ok
A53: E | B53: SENAI - SENAC | H53: 0.01 | I53: =(I38+I45)*H53 -> 20.955346 | J53: ok
A54: F | B54: SEBRAE | H54: 0.006 | I54: =(I38+I45)*H54 -> 12.573208 | J54: ok
A55: G | B55: INCRA | H55: 0.002 | I55: =(I38+I45)*H55 -> 4.1910692 | J55: ok
A56: H | B56: FGTS | H56: 0.08 | I56: =(I38+I45)*H56 -> 167.64277 | J56: ok
A57: TOTAL | H57: =SUM(H49:H56) -> 0.368 | I57: =TRUNC(SUM(I49:I56),4) -> 771.1567 | J57: ok
J58: ok
A59: Submódulo 2.3 - Benefícios Mensais e Diários | J59: ok
A60: 2.3 | B60: Benefícios Mensais e Diários | H60: VALOR UNIT. | I60: VALOR (R$) | J60: ok
A61: A | B61: Transporte | H61: =A160 -> 4.65 | I61: =C166 -> 98.76 | J61: ok
A62: B | B62: Auxílio-Refeição/Alimentação | H62: =F160 -> 26.8333 | I62: =H166 -> 643.9992 | J62: ok
A63: C | B63: Assistência Médica e Familiar | H63: 87.5 | I63: =H63 -> 87.5 | J63: ok
A64: D | B64: Assistência Social | H64: 0 | I64: 0 | J64: ok
A65: E | B65: Treinamento/Capacitação/Reciclagem | H65: 0 | I65: 0 | J65: ok
A66: F | B66: Assitência Social Familiar | H66: 28 | I66: =H66 -> 28 | J66: ok
A67: G | B67: Fundo de Formação Profissional | H67: 28 | I67: =H67 -> 28 | J67: ok
A68: H | B68: Medicina do Trabalho | H68: 0 | I68: 0 | J68: ok
A69: I | B69: Seguro de Vida | H69: 0 | I69: 0 | J69: ok
A70: J | B70: Benefício nascimento de filho | H70: 0 | I70: 0 | J70: ok
A71: K | B71: Benefício empregado que não cometer falta | H71: 0 | I71: =H71 -> 0 | J71: ok
A72: L | B72: Outros (especificar) | H72: 0 | I72: 0 | J72: ok
A73: TOTAL | I73: =TRUNC(SUM(I61:I72),4) -> 886.2592 | J73: ok
J74: ok
A75: QUADRO-RESUMO DO MÓDULO 2 - ENCARGOS, BENEFÍCIOS ANUAIS, MENSAIS E DIÁRIOS | J75: ok
A76: 2 | B76: Encargos, Benefícios Anuais, Mensais e Diários | I76: VALOR (R$) | J76: ok
A77: 2.1 | B77: 13º Salário, Férias e Adicional de Férias | I77: =I45 -> 209.5346 | J77: ok
A78: 2.2 | B78: GPS, FGTS e Outras Contribuições | I78: =I57 -> 771.1567 | J78: ok
A79: 2.3 | B79: Benefícios Mensais e Diários | I79: =I73 -> 886.2592 | J79: ok
A80: TOTAL | I80: =TRUNC(SUM(I77:I79),4) -> 1866.9505 | J80: ok
J81: ok
A82: MÓDULO 3 – PROVISÃO PARA RESCISÃO | J82: ok
A83: 3 | B83: PROVISÃO PARA RESCISÃO | H83: % | I83: VALOR (R$) | J83: ok
A84: A | B84: Aviso Prévio Indenizado | H84: =((1/12)*0.05) -> 0.0041666667 | I84: =I38*H84 -> 7.8583333 | J84: ok
A85: B | B85: Incidência do FGTS sobre Aviso Prévio Indenizado | H85: =H84*8% -> 0.00033333333 | I85: =H85*I38 -> 0.62866667 | J85: ok
A86: C | B86: Multa do FGTS e Contribuição Social sobre o Aviso Prévio Indenizado | H86: =((1+2/12+(1/3*1/12))*0.08*0.4*0.9) -> 0.0344 | I86: =I38*H86 -> 64.8784 | J86: ok
A87: D | B87: Aviso Prévio Trabalhado | H87: =(7/30)/12 -> 0.019444444 | I87: =I38*H87 -> 36.672222 | J87: ok
A88: E | B88: Incidência dos encargos do submódulo 2.2 sobre Aviso Prévio Trabalhado | H88: =(H57*H87) -> 0.0071555556 | I88: =I38*H88 -> 13.495378 | J88: ok
A89: F | B89: Multa do FGTS e Contribuição Social sobre o Aviso Prévio Trabalhado. | H89: =H87*0.08*0.4 -> 0.00062222222 | I89: =I38*H89 -> 1.1735111 | J89: ok
A90: TOTAL | H90: =TRUNC(SUM(H84:H89),4) -> 0.0661 | I90: =TRUNC(SUM(I84:I89),4) -> 124.7065 | J90: ok
J91: ok
A92: MÓDULO 4 – CUSTO DE REPOSIÇÃO DO PROFISSIONAL AUSENTE | J92: ok
A93: Submódulo 4.1 - Ausências Legais | J93: ok
A94: 4.1 | B94: Ausências Legais | H94: % | I94: VALOR (R$) | J94: ok
A95: A | B95: Férias | H95: =(1/12) -> 0.083333333 | I95: =(I38+I80+I90)*H95 -> 323.13808 | J95: ok
A96: B | B96: Ausências Legais | H96: =(2/30/12) -> 0.0055555556 | I96: =(I38+I80+I90)*H96 -> 21.542539 | J96: ok
A97: C | B97: Licença Paternidade | H97: =(20/30/12)*0.01416%*45.22 -> 0.00035573067 | I97: =(I38+I80+I90)*H97 -> 1.3794015 | J97: ok
A98: D | B98: Ausência por Acidente de Trabalho | H98: =((15/30)/12)*0.44% -> 0.00018333333 | I98: =(I38+I80+I90)*H98 -> 0.71090378 | J98: ok
A99: E | B99: Afastamento Maternidade | H99: =((180/30)/12*1.416%*54.78%)*H57 -> 0.00142726 | I99: =(I38+I80+I90)*H99 -> 5.5344249 | J99: ok
A100: F | B100: Outros (especificar) | H100: 0 | I100: =(I38+I80+I90)*H100 -> 0 | J100: ok
...

Sheet Limpeza Regional Guarapuava 
A1: PLANILHA DE CUSTOS E FORMAÇÃO DE PREÇOS
A3: Pregão Eletrônico n.º:
A4: Data: | C4: Horário:
A6: Categoria profissional:
A8: DISCRIMINAÇÃO DOS SERVIÇOS (DADOS REFERENTES À CONTRATAÇÃO)
A9: A | B9: Data de apresentação da proposta (dia/mês/ano):
A10: B | B10: Município/UF: GUARAPUAVA/PR | I10: PR
A11: C | B11: Ano do Acordo, Convenção ou Dissídio Coletivo | I11: 2025 á 2027
A12: D | B12: Nº de meses de execução contratual | I12: 12
A14: IDENTIFICAÇÃO DO SERVIÇO
A15: Tipo de Serviço | C15: Unidade de Medida (m2) | E15: Quantidade total a contratar (Em função da unidade de medida)
A16: Limpeza e conservação | E16: 1
A20: 1. MÓDULOS
A21: Mão de Obra
A22: Dados para composição dos custos referentes à mão-de-obra
A23: 1 | B23: Tipo de serviço (mesmo serviço com características distintas) | I23: Limpeza
A24: 2 | B24: Classificação Brasileira de Ocupações (CBO) | I24: 5143-20
A25: 3 | B25: Salário Nominativo da Categoria Profissional | I25: 1764
A26: 4 | B26: Categoria profissional (vinculada à execução contratual) | I26: Servente
A27: 5 | B27: Data base da categoria (dia/mês/ano) | I27: 46053
A29: MÓDULO 1 - COMPOSIÇÃO DA REMUNERAÇÃO
A30: 1 | B30: COMPOSIÇÃO DA REMUNERAÇÃO | H30: VALOR (R$) | I30: VALOR (R$)
A31: A | B31: Salário Base | I31: =(I25/220)*200 -> 1603.6364
A32: B | B32: Gratificação de função) | H32: 122 | I32: 122
A33: C | B33: Adicional Insalubridade | I33: =H33*I31 -> 0
A34: D | B34: Adicional Noturno | I34: 0
A35: E | B35: Adicional de Hora Noturna Reduzida | I35: 0
A36: F | B36: Adicional de Hora Extra no Feriado Trabalhado | I36: 0
A37: G | B37: Outros (especificar) | I37: 0
A38: TOTAL | I38: =TRUNC(SUM(I31:I37),4) -> 1725.6363
A40: MÓDULO 2 – ENCARGOS E BENEFÍCIOS ANUAIS, MENSAIS E DIÁRIOS
A41: Submódulo 2.1 - 13º (décimo terceiro) Salário, Férias e Adicional de Férias
A42: 2.1 | B42: 13º (Décimo terceiro) Salário, Férias e Adicional de Férias | H42: % | I42: VALOR (R$)
A43: A | B43: 13 (Décimo-terceiro) salário | H43: 0.0833 | I43: =$I$38*H43 -> 143.7455
A44: B | B44: Férias e Adicional de Férias | H44: 0.0278 | I44: =H44*I38 -> 47.972689
A45: TOTAL | H45: =TRUNC(SUM(H43:H44),4) -> 0.1111 | I45: =TRUNC(SUM(I43:I44),4) -> 191.7181
A47: Submódulo 2.2 - Encargos Previdenciários (GPS), Fundo de Garantia por Tempo de Serviço (FGTS) e outras contribuições
A48: 2.2 | B48: GPS, FGTS e Outras Contribuições | H48: % | I48: VALOR (R$)
A49: A | B49: INSS | H49: 0.2 | I49: =(I38+I45)*H49 -> 383.47088
A50: B | B50: Salário Educação | H50: 0.025 | I50: =(I38+I45)*H50 -> 47.93386
A51: C | B51: SAT - GIL/RAT | H51: 0.03 | I51: =(I38+I45)*H51 -> 57.520632
A52: D | B52: SESC ou SESI | H52: 0.015 | I52: =(I38+I45)*H52 -> 28.760316
A53: E | B53: SENAI - SENAC | H53: 0.01 | I53: =(I38+I45)*H53 -> 19.173544
A54: F | B54: SEBRAE | H54: 0.006 | I54: =(I38+I45)*H54 -> 11.504126
A55: G | B55: INCRA | H55: 0.002 | I55: =(I38+I45)*H55 -> 3.8347088
A56: H | B56: FGTS | H56: 0.08 | I56: =(I38+I45)*H56 -> 153.38835
A57: TOTAL | H57: =SUM(H49:H56) -> 0.368 | I57: =TRUNC(SUM(I49:I56),4) -> 705.5864
A59: Submódulo 2.3 - Benefícios Mensais e Diários
A60: 2.3 | B60: Benefícios Mensais e Diários | H60: VALOR UNIT. | I60: VALOR (R$)
A61: A | B61: Transporte | H61: =A160 -> 6 | I61: =C166 -> 167.78182
A62: B | B62: Auxílio-Refeição/Alimentação | H62: =F160 -> 26.8333 | I62: =H166 -> 643.9992
A63: C | B63: Assistência Médica e Familiar | H63: 87.5 | I63: =H63 -> 87.5
A64: D | B64: Assistência Social | H64: 0 | I64: 0
A65: E | B65: Treinamento/Capacitação/Reciclagem | H65: 0 | I65: 0
A66: F | B66: Assitência Social Familiar | H66: 28 | I66: =H66 -> 28
A67: G | B67: Fundo de Formação Profissional | H67: 28 | I67: =H67 -> 28
A68: H | B68: Medicina do Trabalho | H68: 0 | I68: 0
A69: I | B69: Seguro de Vida | H69: 0 | I69: 0
A70: J | B70: Benefício nascimento de filho | H70: 0 | I70: 0
A71: K | B71: Benefício empregado que não cometer falta | H71: 0 | I71: =H71 -> 0
A72: L | B72: Outros (especificar) | H72: 0 | I72: 0
A73: TOTAL | I73: =TRUNC(SUM(I61:I72),4) -> 955.281
A75: QUADRO-RESUMO DO MÓDULO 2 - ENCARGOS, BENEFÍCIOS ANUAIS, MENSAIS E DIÁRIOS
A76: 2 | B76: Encargos, Benefícios Anuais, Mensais e Diários | I76: VALOR (R$)
A77: 2.1 | B77: 13º Salário, Férias e Adicional de Férias | I77: =I45 -> 191.7181
A78: 2.2 | B78: GPS, FGTS e Outras Contribuições | I78: =I57 -> 705.5864
A79: 2.3 | B79: Benefícios Mensais e Diários | I79: =I73 -> 955.281
A80: TOTAL | I80: =TRUNC(SUM(I77:I79),4) -> 1852.5855
A82: MÓDULO 3 – PROVISÃO PARA RESCISÃO
A83: 3 | B83: PROVISÃO PARA RESCISÃO | H83: % | I83: VALOR (R$)
A84: A | B84: Aviso Prévio Indenizado | H84: =((1/12)*0.05) -> 0.0041666667 | I84: =I38*H84 -> 7.1901512
A85: B | B85: Incidência do FGTS sobre Aviso Prévio Indenizado | H85: =H84*8% -> 0.00033333333 | I85: =H85*I38 -> 0.5752121
A86: C | B86: Multa do FGTS e Contribuição Social sobre o Aviso Prévio Indenizado | H86: =((1+2/12+(1/3*1/12))*0.08*0.4*0.9) -> 0.0344 | I86: =I38*H86 -> 59.361889
A87: D | B87: Aviso Prévio Trabalhado | H87: =(7/30)/12 -> 0.019444444 | I87: =I38*H87 -> 33.554039
A88: E | B88: Incidência dos encargos do submódulo 2.2 sobre Aviso Prévio Trabalhado | H88: =(H57*H87) -> 0.0071555556 | I88: =I38*H88 -> 12.347886
A89: F | B89: Multa do FGTS e Contribuição Social sobre o Aviso Prévio Trabalhado. | H89: =H87*0.08*0.4 -> 0.00062222222 | I89: =I38*H89 -> 1.0737293
A90: TOTAL | H90: =TRUNC(SUM(H84:H89),4) -> 0.0661 | I90: =TRUNC(SUM(I84:I89),4) -> 114.1029
A92: MÓDULO 4 – CUSTO DE REPOSIÇÃO DO PROFISSIONAL AUSENTE
A93: Submódulo 4.1 - Ausências Legais
A94: 4.1 | B94: Ausências Legais | H94: % | I94: VALOR (R$)
A95: A | B95: Férias | H95: =(1/12) -> 0.083333333 | I95: =(I38+I80+I90)*H95 -> 307.69372
A96: B | B96: Ausências Legais | H96: =(8/30/12) -> 0.022222222 | I96: =(I38+I80+I90)*H96 -> 82.05166
A97: C | B97: Licença Paternidade | H97: =(20/30/12)*0.01416%*45.22 -> 0.00035573067 | I97: =(I38+I80+I90)*H97 -> 1.3134731
A98: D | B98: Ausência por Acidente de Trabalho | H98: =((15/30)/12)*0.44% -> 0.00018333333 | I98: =(I38+I80+I90)*H98 -> 0.67692619
A99: E | B99: Afastamento Maternidade | H99: =((180/30)/12*1.416%*54.78%)*H57 -> 0.00142726 | I99: =(I38+I80+I90)*H99 -> 5.2699075
A100: F | B100: Outros (especificar) | H100: 0 | I100: =(I38+I80+I90)*H100 -> 0
A101: TOTAL | H101: =TRUNC(SUM(H95:H100),4) -> 0.1075 | I101: =TRUNC(SUM(I95:I100),4) -> 397.0056
A103: Submódulo 4.2 - Intrajornada
A104: 4.2 | B104: Intrajornada | H104: % | I104: VALOR (R$)
A105: A | B105: Intervalo para Repouso ou Alimentação | H105: 0 | I105: =I38*H105 -> 0
A106: TOTAL SUBMÓDULO 4.2 | H106: =TRUNC(SUM(H105),4) -> 0 | I106: =TRUNC(SUM(I105),2) -> 0
A108: QUADRO-RESUMO DO MÓDULO 4 - CUSTO DE REPOSIÇÃO DO PROFISSIONAL AUSENTE
A109: 4 | B109: Custo de Reposição do Profissional Ausente | I109: VALOR (R$)
A110: 4.1 | B110: Ausências Legais | I110: =I101 -> 397.0056
A111: 4.2 | B111: Intrajornada | I111: =I106 -> 0
A112: TOTAL | I112: =TRUNC(SUM(I110:I111),4) -> 397.0056
A114: MÓDULO 5 – INSUMOS DIVERSOS
A115: 5 | B115: INSUMOS DIVERSOS | H115: Quant. | I115: VALOR (R$)
A116: A | B116: Uniformes | H116: - | I116: =Uniformes!H48 -> 178.105
A117: B | B117: Materiais | H117: - | I117: 0
...

Sheet Limpeza Regional Londrina
A1: PLANILHA DE CUSTOS E FORMAÇÃO DE PREÇOS | J1: ok
J2: ok
A3: Pregão Eletrônico n.º: | J3: ok
A4: Data: | C4: Horário: | J4: ok
J5: ok
A6: Categoria profissional: | J6: ok
J7: ok
A8: DISCRIMINAÇÃO DOS SERVIÇOS (DADOS REFERENTES À CONTRATAÇÃO) | J8: ok
A9: A | B9: Data de apresentação da proposta (dia/mês/ano): | J9: ok
A10: B | B10: Município/UF: LONDRINA/PR | I10: PR | J10: ok
A11: C | B11: Ano do Acordo, Convenção ou Dissídio Coletivo | I11: 2025 á 2027 | J11: ok
A12: D | B12: Nº de meses de execução contratual | I12: 12 | J12: ok
J13: ok
A14: IDENTIFICAÇÃO DO SERVIÇO | J14: ok
A15: Tipo de Serviço | C15: Unidade de Medida (m2) | E15: Quantidade total a contratar (Em função da unidade de medida) | J15: ok
A16: Limpeza e conservação | E16: 1 | J16: ok
J17: ok
J18: ok
J19: ok
A20: 1. MÓDULOS | J20: ok
A21: Mão de Obra | J21: ok
A22: Dados para composição dos custos referentes à mão-de-obra | J22: ok
A23: 1 | B23: Tipo de serviço (mesmo serviço com características distintas) | I23: Limpeza | J23: ok
A24: 2 | B24: Classificação Brasileira de Ocupações (CBO) | I24: 5143-20 | J24: ok
A25: 3 | B25: Salário Nominativo da Categoria Profissional | I25: 1764 | J25: ok
A26: 4 | B26: Categoria profissional (vinculada à execução contratual) | I26: Servente | J26: ok
A27: 5 | B27: Data base da categoria (dia/mês/ano) | I27: 46053 | J27: ok
J28: ok
A29: MÓDULO 1 - COMPOSIÇÃO DA REMUNERAÇÃO | J29: ok
A30: 1 | B30: COMPOSIÇÃO DA REMUNERAÇÃO | H30: VALOR (R$) | I30: VALOR (R$) | J30: ok
A31: A | B31: Salário Base | I31: =(I25) -> 1764 | J31: ok
A32: B | B32: Gratificação de função | H32: 0 | I32: 122 | J32: ok
A33: C | B33: Adicional Insalubridade | I33: =H33*I31 -> 0 | J33: ok
A34: D | B34: Adicional Noturno | I34: 0 | J34: ok
A35: E | B35: Adicional de Hora Noturna Reduzida | I35: 0 | J35: ok
A36: F | B36: Adicional de Hora Extra no Feriado Trabalhado | I36: 0 | J36: ok
A37: G | B37: Outros (especificar) | I37: 0 | J37: ok
A38: TOTAL | I38: =TRUNC(SUM(I31:I37),4) -> 1886 | J38: ok
J39: ok
A40: MÓDULO 2 – ENCARGOS E BENEFÍCIOS ANUAIS, MENSAIS E DIÁRIOS | J40: ok
A41: Submódulo 2.1 - 13º (décimo terceiro) Salário, Férias e Adicional de Férias | J41: ok
A42: 2.1 | B42: 13º (Décimo terceiro) Salário, Férias e Adicional de Férias | H42: % | I42: VALOR (R$) | J42: ok
A43: A | B43: 13 (Décimo-terceiro) salário | H43: 0.0833 | I43: =$I$38*H43 -> 157.1038 | J43: ok
A44: B | B44: Férias e Adicional de Férias | H44: 0.0278 | I44: =H44*I38 -> 52.4308 | J44: ok
A45: TOTAL | H45: =TRUNC(SUM(H43:H44),4) -> 0.1111 | I45: =TRUNC(SUM(I43:I44),4) -> 209.5346 | J45: ok
J46: ok
A47: Submódulo 2.2 - Encargos Previdenciários (GPS), Fundo de Garantia por Tempo de Serviço (FGTS) e outras contribuições | J47: ok
A48: 2.2 | B48: GPS, FGTS e Outras Contribuições | H48: % | I48: VALOR (R$) | J48: ok
A49: A | B49: INSS | H49: 0.2 | I49: =(I38+I45)*H49 -> 419.10692 | J49: ok
A50: B | B50: Salário Educação | H50: 0.025 | I50: =(I38+I45)*H50 -> 52.388365 | J50: ok
A51: C | B51: SAT - GIL/RAT | H51: 0.03 | I51: =(I38+I45)*H51 -> 62.866038 | J51: ok
A52: D | B52: SESC ou SESI | H52: 0.015 | I52: =(I38+I45)*H52 -> 31.433019 | J52: ok
A53: E | B53: SENAI - SENAC | H53: 0.01 | I53: =(I38+I45)*H53 -> 20.955346 | J53: ok
A54: F | B54: SEBRAE | H54: 0.006 | I54: =(I38+I45)*H54 -> 12.573208 | J54: ok
A55: G | B55: INCRA | H55: 0.002 | I55: =(I38+I45)*H55 -> 4.1910692 | J55: ok
A56: H | B56: FGTS | H56: 0.08 | I56: =(I38+I45)*H56 -> 167.64277 | J56: ok
A57: TOTAL | H57: =SUM(H49:H56) -> 0.368 | I57: =TRUNC(SUM(I49:I56),4) -> 771.1567 | J57: ok
J58: ok
A59: Submódulo 2.3 - Benefícios Mensais e Diários | J59: ok
A60: 2.3 | B60: Benefícios Mensais e Diários | H60: VALOR UNIT. | I60: VALOR (R$) | J60: ok
A61: A | B61: Transporte | H61: =A160 -> 5.75 | I61: =C166 -> 147.16 | J61: ok
A62: B | B62: Auxílio-Refeição/Alimentação | H62: =F160 -> 26.8333 | I62: =H166 -> 643.9992 | J62: ok
A63: C | B63: Assistência Médica e Familiar | H63: 87.5 | I63: =H63 -> 87.5 | J63: ok
A64: D | B64: Assistência Social | H64: 0 | I64: 0 | J64: ok
A65: E | B65: Treinamento/Capacitação/Reciclagem | H65: 0 | I65: 0 | J65: ok
A66: F | B66: Assitência Social Familiar | H66: 28 | I66: =H66 -> 28 | J66: ok
A67: G | B67: Fundo de Formação Profissional | H67: 28 | I67: =H67 -> 28 | J67: ok
A68: H | B68: Medicina do Trabalho | H68: 0 | I68: 0 | J68: ok
A69: I | B69: Seguro de Vida | H69: 0 | I69: 0 | J69: ok
A70: J | B70: Benefício nascimento de filho | H70: 0 | I70: 0 | J70: ok
A71: K | B71: Benefício empregado que não cometer falta | H71: 0 | I71: =H71 -> 0 | J71: ok
A72: L | B72: Outros (especificar) | H72: 0 | I72: 0 | J72: ok
A73: TOTAL | I73: =TRUNC(SUM(I61:I72),4) -> 934.6592 | J73: ok
J74: ok
A75: QUADRO-RESUMO DO MÓDULO 2 - ENCARGOS, BENEFÍCIOS ANUAIS, MENSAIS E DIÁRIOS | J75: ok
A76: 2 | B76: Encargos, Benefícios Anuais, Mensais e Diários | I76: VALOR (R$) | J76: ok
A77: 2.1 | B77: 13º Salário, Férias e Adicional de Férias | I77: =I45 -> 209.5346 | J77: ok
A78: 2.2 | B78: GPS, FGTS e Outras Contribuições | I78: =I57 -> 771.1567 | J78: ok
A79: 2.3 | B79: Benefícios Mensais e Diários | I79: =I73 -> 934.6592 | J79: ok
A80: TOTAL | I80: =TRUNC(SUM(I77:I79),4) -> 1915.3505 | J80: ok
J81: ok
A82: MÓDULO 3 – PROVISÃO PARA RESCISÃO | J82: ok
A83: 3 | B83: PROVISÃO PARA RESCISÃO | H83: % | I83: VALOR (R$) | J83: ok
A84: A | B84: Aviso Prévio Indenizado | H84: =((1/12)*0.05) -> 0.0041666667 | I84: =I38*H84 -> 7.8583333 | J84: ok
A85: B | B85: Incidência do FGTS sobre Aviso Prévio Indenizado | H85: =H84*8% -> 0.00033333333 | I85: =H85*I38 -> 0.62866667 | J85: ok
A86: C | B86: Multa do FGTS e Contribuição Social sobre o Aviso Prévio Indenizado | H86: =((1+2/12+(1/3*1/12))*0.08*0.4*0.9) -> 0.0344 | I86: =I38*H86 -> 64.8784 | J86: ok
A87: D | B87: Aviso Prévio Trabalhado | H87: =(7/30)/12 -> 0.019444444 | I87: =I38*H87 -> 36.672222 | J87: ok
A88: E | B88: Incidência dos encargos do submódulo 2.2 sobre Aviso Prévio Trabalhado | H88: =(H57*H87) -> 0.0071555556 | I88: =I38*H88 -> 13.495378 | J88: ok
A89: F | B89: Multa do FGTS e Contribuição Social sobre o Aviso Prévio Trabalhado. | H89: =H87*0.08*0.4 -> 0.00062222222 | I89: =I38*H89 -> 1.1735111 | J89: ok
A90: TOTAL | H90: =TRUNC(SUM(H84:H89),4) -> 0.0661 | I90: =TRUNC(SUM(I84:I89),4) -> 124.7065 | J90: ok
J91: ok
A92: MÓDULO 4 – CUSTO DE REPOSIÇÃO DO PROFISSIONAL AUSENTE | J92: ok
A93: Submódulo 4.1 - Ausências Legais | J93: ok
A94: 4.1 | B94: Ausências Legais | H94: % | I94: VALOR (R$) | J94: ok
A95: A | B95: Férias | H95: =(1/12) -> 0.083333333 | I95: =(I38+I80+I90)*H95 -> 327.17142 | J95: ok
A96: B | B96: Ausências Legais | H96: =(8/30/12) -> 0.022222222 | I96: =(I38+I80+I90)*H96 -> 87.245711 | J96: ok
A97: C | B97: Licença Paternidade | H97: =(20/30/12)*0.01416%*45.22 -> 0.00035573067 | I97: =(I38+I80+I90)*H97 -> 1.3966189 | J97: ok
A98: D | B98: Ausência por Acidente de Trabalho | H98: =((15/30)/12)*0.44% -> 0.00018333333 | I98: =(I38+I80+I90)*H98 -> 0.71977712 | J98: ok
A99: E | B99: Afastamento Maternidade | H99: =((180/30)/12*1.416%*54.78%)*H57 -> 0.00142726 | I99: =(I38+I80+I90)*H99 -> 5.6035042 | J99: ok
A100: F | B100: Outros (especificar) | H100: 0 | I100: =(I38+I80+I90)*H100 -> 0 | J100: ok
...

Sheet Limpeza Regional Maringá
A1: PLANILHA DE CUSTOS E FORMAÇÃO DE PREÇOS | J1: ok
J2: ok
A3: Pregão Eletrônico n.º: | J3: ok
A4: Data: | C4: Horário: | J4: ok
J5: ok
A6: Categoria profissional: | J6: ok
J7: ok
A8: DISCRIMINAÇÃO DOS SERVIÇOS (DADOS REFERENTES À CONTRATAÇÃO) | J8: ok
A9: A | B9: Data de apresentação da proposta (dia/mês/ano): | J9: ok
A10: B | B10: Município/UF: MARINGÁ/PR | I10: PR | J10: ok
A11: C | B11: Ano do Acordo, Convenção ou Dissídio Coletivo | I11: 2025 á 2027 | J11: ok
A12: D | B12: Nº de meses de execução contratual | I12: 12 | J12: ok
J13: ok
A14: IDENTIFICAÇÃO DO SERVIÇO | J14: ok
A15: Tipo de Serviço | C15: Unidade de Medida (m2) | E15: Quantidade total a contratar (Em função da unidade de medida) | J15: ok
A16: Limpeza e conservação | E16: 2 | J16: ok
J17: ok
J18: ok
J19: ok
A20: 1. MÓDULOS | J20: ok
A21: Mão de Obra | J21: ok
A22: Dados para composição dos custos referentes à mão-de-obra | J22: ok
A23: 1 | B23: Tipo de serviço (mesmo serviço com características distintas) | I23: Limpeza | J23: ok
A24: 2 | B24: Classificação Brasileira de Ocupações (CBO) | I24: 5143-20 | J24: ok
A25: 3 | B25: Salário Nominativo da Categoria Profissional | I25: 1764 | J25: ok
A26: 4 | B26: Categoria profissional (vinculada à execução contratual) | I26: Servente | J26: ok
A27: 5 | B27: Data base da categoria (dia/mês/ano) | I27: 46053 | J27: ok
J28: ok
A29: MÓDULO 1 - COMPOSIÇÃO DA REMUNERAÇÃO | J29: ok
A30: 1 | B30: COMPOSIÇÃO DA REMUNERAÇÃO | H30: VALOR (R$) | I30: VALOR (R$) | J30: ok
A31: A | B31: Salário Base | I31: =(I25) -> 1764 | J31: ok
A32: B | B32: Gratificação de função | I32: 122 | J32: ok
A33: C | B33: Adicional Insalubridade | I33: =H33*I31 -> 0 | J33: ok
A34: D | B34: Adicional Noturno | I34: 0 | J34: ok
A35: E | B35: Adicional de Hora Noturna Reduzida | I35: 0 | J35: ok
A36: F | B36: Adicional de Hora Extra no Feriado Trabalhado | I36: 0 | J36: ok
A37: G | B37: Outros (especificar) | I37: 0 | J37: ok
A38: TOTAL | I38: =TRUNC(SUM(I31:I37),4) -> 1886 | J38: ok
J39: ok
A40: MÓDULO 2 – ENCARGOS E BENEFÍCIOS ANUAIS, MENSAIS E DIÁRIOS | J40: ok
A41: Submódulo 2.1 - 13º (décimo terceiro) Salário, Férias e Adicional de Férias | J41: ok
A42: 2.1 | B42: 13º (Décimo terceiro) Salário, Férias e Adicional de Férias | H42: % | I42: VALOR (R$) | J42: ok
A43: A | B43: 13 (Décimo-terceiro) salário | H43: 0.0833 | I43: =$I$38*H43 -> 157.1038 | J43: ok
A44: B | B44: Férias e Adicional de Férias | H44: 0.0278 | I44: =H44*I38 -> 52.4308 | J44: ok
A45: TOTAL | H45: =TRUNC(SUM(H43:H44),4) -> 0.1111 | I45: =TRUNC(SUM(I43:I44),4) -> 209.5346 | J45: ok
J46: ok
A47: Submódulo 2.2 - Encargos Previdenciários (GPS), Fundo de Garantia por Tempo de Serviço (FGTS) e outras contribuições | J47: ok
A48: 2.2 | B48: GPS, FGTS e Outras Contribuições | H48: % | I48: VALOR (R$) | J48: ok
A49: A | B49: INSS | H49: 0.2 | I49: =(I38+I45)*H49 -> 419.10692 | J49: ok
A50: B | B50: Salário Educação | H50: 0.025 | I50: =(I38+I45)*H50 -> 52.388365 | J50: ok
A51: C | B51: SAT - GIL/RAT | H51: 0.03 | I51: =(I38+I45)*H51 -> 62.866038 | J51: ok
A52: D | B52: SESC ou SESI | H52: 0.015 | I52: =(I38+I45)*H52 -> 31.433019 | J52: ok
A53: E | B53: SENAI - SENAC | H53: 0.01 | I53: =(I38+I45)*H53 -> 20.955346 | J53: ok
A54: F | B54: SEBRAE | H54: 0.006 | I54: =(I38+I45)*H54 -> 12.573208 | J54: ok
A55: G | B55: INCRA | H55: 0.002 | I55: =(I38+I45)*H55 -> 4.1910692 | J55: ok
A56: H | B56: FGTS | H56: 0.08 | I56: =(I38+I45)*H56 -> 167.64277 | J56: ok
A57: TOTAL | H57: =SUM(H49:H56) -> 0.368 | I57: =TRUNC(SUM(I49:I56),4) -> 771.1567 | J57: ok
J58: ok
A59: Submódulo 2.3 - Benefícios Mensais e Diários | J59: ok
A60: 2.3 | B60: Benefícios Mensais e Diários | H60: VALOR UNIT. | I60: VALOR (R$) | J60: ok
A61: A | B61: Transporte | H61: =A160 -> 5.95 | I61: =C166 -> 155.96 | J61: ok
A62: B | B62: Auxílio-Refeição/Alimentação | H62: =F160 -> 26.8333 | I62: =H166 -> 643.9992 | J62: ok
A63: C | B63: Assistência Médica e Familiar | H63: 87.5 | I63: =H63 -> 87.5 | J63: ok
A64: D | B64: Assistência Social | H64: 0 | I64: 0 | J64: ok
A65: E | B65: Treinamento/Capacitação/Reciclagem | H65: 0 | I65: 0 | J65: ok
A66: F | B66: Assitência Social Familiar | H66: 28 | I66: =H66 -> 28 | J66: ok
A67: G | B67: Fundo de Formação Profissional | H67: 28 | I67: =H67 -> 28 | J67: ok
A68: H | B68: Medicina do Trabalho | H68: 0 | I68: 0 | J68: ok
A69: I | B69: Seguro de Vida | H69: 0 | I69: 0 | J69: ok
A70: J | B70: Benefício nascimento de filho | H70: 0 | I70: 0 | J70: ok
A71: K | B71: Benefício empregado que não cometer falta | H71: 0 | I71: =H71 -> 0 | J71: ok
A72: L | B72: Outros (especificar) | H72: 0 | I72: 0 | J72: ok
A73: TOTAL | I73: =TRUNC(SUM(I61:I72),4) -> 943.4592 | J73: ok
J74: ok
A75: QUADRO-RESUMO DO MÓDULO 2 - ENCARGOS, BENEFÍCIOS ANUAIS, MENSAIS E DIÁRIOS | J75: ok
A76: 2 | B76: Encargos, Benefícios Anuais, Mensais e Diários | I76: VALOR (R$) | J76: ok
A77: 2.1 | B77: 13º Salário, Férias e Adicional de Férias | I77: =I45 -> 209.5346 | J77: ok
A78: 2.2 | B78: GPS, FGTS e Outras Contribuições | I78: =I57 -> 771.1567 | J78: ok
A79: 2.3 | B79: Benefícios Mensais e Diários | I79: =I73 -> 943.4592 | J79: ok
A80: TOTAL | I80: =TRUNC(SUM(I77:I79),4) -> 1924.1505 | J80: ok
J81: ok
A82: MÓDULO 3 – PROVISÃO PARA RESCISÃO | J82: ok
A83: 3 | B83: PROVISÃO PARA RESCISÃO | H83: % | I83: VALOR (R$) | J83: ok
A84: A | B84: Aviso Prévio Indenizado | H84: =((1/12)*0.05) -> 0.0041666667 | I84: =I38*H84 -> 7.8583333 | J84: ok
A85: B | B85: Incidência do FGTS sobre Aviso Prévio Indenizado | H85: =H84*8% -> 0.00033333333 | I85: =H85*I38 -> 0.62866667 | J85: ok
A86: C | B86: Multa do FGTS e Contribuição Social sobre o Aviso Prévio Indenizado | H86: =((1+2/12+(1/3*1/12))*0.08*0.4*0.9) -> 0.0344 | I86: =I38*H86 -> 64.8784 | J86: ok
A87: D | B87: Aviso Prévio Trabalhado | H87: =(7/30)/12 -> 0.019444444 | I87: =I38*H87 -> 36.672222 | J87: ok
A88: E | B88: Incidência dos encargos do submódulo 2.2 sobre Aviso Prévio Trabalhado | H88: =(H57*H87) -> 0.0071555556 | I88: =I38*H88 -> 13.495378 | J88: ok
A89: F | B89: Multa do FGTS e Contribuição Social sobre o Aviso Prévio Trabalhado. | H89: =H87*0.08*0.4 -> 0.00062222222 | I89: =I38*H89 -> 1.1735111 | J89: ok
A90: TOTAL | H90: =TRUNC(SUM(H84:H89),4) -> 0.0661 | I90: =TRUNC(SUM(I84:I89),4) -> 124.7065 | J90: ok
J91: ok
A92: MÓDULO 4 – CUSTO DE REPOSIÇÃO DO PROFISSIONAL AUSENTE | J92: ok
A93: Submódulo 4.1 - Ausências Legais | J93: ok
A94: 4.1 | B94: Ausências Legais | H94: % | I94: VALOR (R$) | J94: ok
A95: A | B95: Férias | H95: =(1/12) -> 0.083333333 | I95: =(I38+I80+I90)*H95 -> 327.90475 | J95: ok
A96: B | B96: Ausências Legais | H96: =(8/30/12) -> 0.022222222 | I96: =(I38+I80+I90)*H96 -> 87.441267 | J96: ok
A97: C | B97: Licença Paternidade | H97: =(20/30/12)*0.01416%*45.22 -> 0.00035573067 | I97: =(I38+I80+I90)*H97 -> 1.3997493 | J97: ok
A98: D | B98: Ausência por Acidente de Trabalho | H98: =((15/30)/12)*0.44% -> 0.00018333333 | I98: =(I38+I80+I90)*H98 -> 0.72139045 | J98: ok
A99: E | B99: Afastamento Maternidade | H99: =((180/30)/12*1.416%*54.78%)*H57 -> 0.00142726 | I99: =(I38+I80+I90)*H99 -> 5.6160641 | J99: ok
A100: F | B100: Outros (especificar) | H100: 0 | I100: =(I38+I80+I90)*H100 -> 0 | J100: ok
...

Sheet Limpeza Regional Pato Branco 
A1: PLANILHA DE CUSTOS E FORMAÇÃO DE PREÇOS
A3: Pregão Eletrônico n.º:
A4: Data: | C4: Horário:
A6: Categoria profissional:
A8: DISCRIMINAÇÃO DOS SERVIÇOS (DADOS REFERENTES À CONTRATAÇÃO)
A9: A | B9: Data de apresentação da proposta (dia/mês/ano):
A10: B | B10: Município/UF: PATO BRANCO/PR | I10: PR
A11: C | B11: Ano do Acordo, Convenção ou Dissídio Coletivo | I11: 2025 á 2027
A12: D | B12: Nº de meses de execução contratual | I12: 12
A14: IDENTIFICAÇÃO DO SERVIÇO
A15: Tipo de Serviço | C15: Unidade de Medida (m2) | E15: Quantidade total a contratar (Em função da unidade de medida)
A16: Limpeza e conservação | E16: 1
A20: 1. MÓDULOS
A21: Mão de Obra
A22: Dados para composição dos custos referentes à mão-de-obra
A23: 1 | B23: Tipo de serviço (mesmo serviço com características distintas) | I23: Limpeza
A24: 2 | B24: Classificação Brasileira de Ocupações (CBO) | I24: 5143-20
A25: 3 | B25: Salário Nominativo da Categoria Profissional | I25: 1764
A26: 4 | B26: Categoria profissional (vinculada à execução contratual) | I26: Servente
A27: 5 | B27: Data base da categoria (dia/mês/ano) | I27: 46053
A29: MÓDULO 1 - COMPOSIÇÃO DA REMUNERAÇÃO
A30: 1 | B30: COMPOSIÇÃO DA REMUNERAÇÃO | H30: VALOR (R$) | I30: VALOR (R$)
A31: A | B31: Salário Base | I31: =(I25/220)*200 -> 1603.6364
A32: B | B32: Gratificação de função) | I32: 122
A33: C | B33: Adicional Insalubridade | I33: =H33*I31 -> 0
A34: D | B34: Adicional Noturno | I34: 0
A35: E | B35: Adicional de Hora Noturna Reduzida | I35: 0
A36: F | B36: Adicional de Hora Extra no Feriado Trabalhado | I36: 0
A37: G | B37: Outros (especificar) | I37: 0
A38: TOTAL | I38: =TRUNC(SUM(I31:I37),4) -> 1725.6363
A40: MÓDULO 2 – ENCARGOS E BENEFÍCIOS ANUAIS, MENSAIS E DIÁRIOS
A41: Submódulo 2.1 - 13º (décimo terceiro) Salário, Férias e Adicional de Férias
A42: 2.1 | B42: 13º (Décimo terceiro) Salário, Férias e Adicional de Férias | H42: % | I42: VALOR (R$)
A43: A | B43: 13 (Décimo-terceiro) salário | H43: 0.0833 | I43: =$I$38*H43 -> 143.7455
A44: B | B44: Férias e Adicional de Férias | H44: 0.0278 | I44: =H44*I38 -> 47.972689
A45: TOTAL | H45: =TRUNC(SUM(H43:H44),4) -> 0.1111 | I45: =TRUNC(SUM(I43:I44),4) -> 191.7181
A47: Submódulo 2.2 - Encargos Previdenciários (GPS), Fundo de Garantia por Tempo de Serviço (FGTS) e outras contribuições
A48: 2.2 | B48: GPS, FGTS e Outras Contribuições | H48: % | I48: VALOR (R$)
A49: A | B49: INSS | H49: 0.2 | I49: =(I38+I45)*H49 -> 383.47088
A50: B | B50: Salário Educação | H50: 0.025 | I50: =(I38+I45)*H50 -> 47.93386
A51: C | B51: SAT - GIL/RAT | H51: 0.03 | I51: =(I38+I45)*H51 -> 57.520632
A52: D | B52: SESC ou SESI | H52: 0.015 | I52: =(I38+I45)*H52 -> 28.760316
A53: E | B53: SENAI - SENAC | H53: 0.01 | I53: =(I38+I45)*H53 -> 19.173544
A54: F | B54: SEBRAE | H54: 0.006 | I54: =(I38+I45)*H54 -> 11.504126
A55: G | B55: INCRA | H55: 0.002 | I55: =(I38+I45)*H55 -> 3.8347088
A56: H | B56: FGTS | H56: 0.08 | I56: =(I38+I45)*H56 -> 153.38835
A57: TOTAL | H57: =SUM(H49:H56) -> 0.368 | I57: =TRUNC(SUM(I49:I56),4) -> 705.5864
A59: Submódulo 2.3 - Benefícios Mensais e Diários
A60: 2.3 | B60: Benefícios Mensais e Diários | H60: VALOR UNIT. | I60: VALOR (R$)
A61: A | B61: Transporte | H61: =A160 -> 4.5 | I61: =C166 -> 101.78182
A62: B | B62: Auxílio-Refeição/Alimentação | H62: =F160 -> 26.8333 | I62: =H166 -> 643.9992
A63: C | B63: Assistência Médica e Familiar | H63: 87.5 | I63: =H63 -> 87.5
A64: D | B64: Assistência Social | H64: 0 | I64: 0
A65: E | B65: Treinamento/Capacitação/Reciclagem | H65: 0 | I65: 0
A66: F | B66: Assitência Social Familiar | H66: 28 | I66: =H66 -> 28
A67: G | B67: Fundo de Formação Profissional | H67: 28 | I67: =H67 -> 28
A68: H | B68: Medicina do Trabalho | H68: 0 | I68: 0
A69: I | B69: Seguro de Vida | H69: 0 | I69: 0
A70: J | B70: Benefício nascimento de filho | H70: 0 | I70: 0
A71: K | B71: Benefício empregado que não cometer falta | H71: 0 | I71: =H71 -> 0
A72: L | B72: Outros (especificar) | H72: 0 | I72: 0
A73: TOTAL | I73: =TRUNC(SUM(I61:I72),4) -> 889.281
A75: QUADRO-RESUMO DO MÓDULO 2 - ENCARGOS, BENEFÍCIOS ANUAIS, MENSAIS E DIÁRIOS
A76: 2 | B76: Encargos, Benefícios Anuais, Mensais e Diários | I76: VALOR (R$)
A77: 2.1 | B77: 13º Salário, Férias e Adicional de Férias | I77: =I45 -> 191.7181
A78: 2.2 | B78: GPS, FGTS e Outras Contribuições | I78: =I57 -> 705.5864
A79: 2.3 | B79: Benefícios Mensais e Diários | I79: =I73 -> 889.281
A80: TOTAL | I80: =TRUNC(SUM(I77:I79),4) -> 1786.5855
A82: MÓDULO 3 – PROVISÃO PARA RESCISÃO
A83: 3 | B83: PROVISÃO PARA RESCISÃO | H83: % | I83: VALOR (R$)
A84: A | B84: Aviso Prévio Indenizado | H84: =((1/12)*0.05) -> 0.0041666667 | I84: =I38*H84 -> 7.1901512
A85: B | B85: Incidência do FGTS sobre Aviso Prévio Indenizado | H85: =H84*8% -> 0.00033333333 | I85: =H85*I38 -> 0.5752121
A86: C | B86: Multa do FGTS e Contribuição Social sobre o Aviso Prévio Indenizado | H86: =((1+2/12+(1/3*1/12))*0.08*0.4*0.9) -> 0.0344 | I86: =I38*H86 -> 59.361889
A87: D | B87: Aviso Prévio Trabalhado | H87: =(7/30)/12 -> 0.019444444 | I87: =I38*H87 -> 33.554039
A88: E | B88: Incidência dos encargos do submódulo 2.2 sobre Aviso Prévio Trabalhado | H88: =(H57*H87) -> 0.0071555556 | I88: =I38*H88 -> 12.347886
A89: F | B89: Multa do FGTS e Contribuição Social sobre o Aviso Prévio Trabalhado. | H89: =H87*0.08*0.4 -> 0.00062222222 | I89: =I38*H89 -> 1.0737293
A90: TOTAL | H90: =TRUNC(SUM(H84:H89),4) -> 0.0661 | I90: =TRUNC(SUM(I84:I89),4) -> 114.1029
A92: MÓDULO 4 – CUSTO DE REPOSIÇÃO DO PROFISSIONAL AUSENTE
A93: Submódulo 4.1 - Ausências Legais
A94: 4.1 | B94: Ausências Legais | H94: % | I94: VALOR (R$)
A95: A | B95: Férias | H95: =(1/12) -> 0.083333333 | I95: =(I38+I80+I90)*H95 -> 302.19372
A96: B | B96: Ausências Legais | H96: =(8/30/12) -> 0.022222222 | I96: =(I38+I80+I90)*H96 -> 80.584993
A97: C | B97: Licença Paternidade | H97: =(20/30/12)*0.01416%*45.22 -> 0.00035573067 | I97: =(I38+I80+I90)*H97 -> 1.2899949
A98: D | B98: Ausência por Acidente de Trabalho | H98: =((15/30)/12)*0.44% -> 0.00018333333 | I98: =(I38+I80+I90)*H98 -> 0.66482619
A99: E | B99: Afastamento Maternidade | H99: =((180/30)/12*1.416%*54.78%)*H57 -> 0.00142726 | I99: =(I38+I80+I90)*H99 -> 5.1757083
A100: F | B100: Outros (especificar) | H100: 0 | I100: =(I38+I80+I90)*H100 -> 0
A101: TOTAL | H101: =TRUNC(SUM(H95:H100),4) -> 0.1075 | I101: =TRUNC(SUM(I95:I100),4) -> 389.9092
A103: Submódulo 4.2 - Intrajornada
A104: 4.2 | B104: Intrajornada | H104: % | I104: VALOR (R$)
A105: A | B105: Intervalo para Repouso ou Alimentação | H105: 0 | I105: =I38*H105 -> 0
A106: TOTAL SUBMÓDULO 4.2 | H106: =TRUNC(SUM(H105),4) -> 0 | I106: =TRUNC(SUM(I105),4) -> 0
A108: QUADRO-RESUMO DO MÓDULO 4 - CUSTO DE REPOSIÇÃO DO PROFISSIONAL AUSENTE
A109: 4 | B109: Custo de Reposição do Profissional Ausente | I109: VALOR (R$)
A110: 4.1 | B110: Ausências Legais | I110: =I101 -> 389.9092
A111: 4.2 | B111: Intrajornada | I111: =I106 -> 0
A112: TOTAL | I112: =TRUNC(SUM(I110:I111),4) -> 389.9092
A114: MÓDULO 5 – INSUMOS DIVERSOS
A115: 5 | B115: INSUMOS DIVERSOS | H115: Quant. | I115: VALOR (R$)
A116: A | B116: Uniformes | H116: - | I116: =Uniformes!H48 -> 178.105
A117: B | B117: Materiais | H117: -
...

Sheet Limpeza Regional Ponta Gros 
A1: PLANILHA DE CUSTOS E FORMAÇÃO DE PREÇOS
A3: Pregão Eletrônico n.º:
A4: Data: | C4: Horário:
A6: Categoria profissional:
A8: DISCRIMINAÇÃO DOS SERVIÇOS (DADOS REFERENTES À CONTRATAÇÃO)
A9: A | B9: Data de apresentação da proposta (dia/mês/ano):
A10: B | B10: Município/UF: PONTA GROSSA/PR | I10: PR
A11: C | B11: Ano do Acordo, Convenção ou Dissídio Coletivo | I11: 2025 á 2027
A12: D | B12: Nº de meses de execução contratual | I12: 12
A14: IDENTIFICAÇÃO DO SERVIÇO
A15: Tipo de Serviço | C15: Unidade de Medida (m2) | E15: Quantidade total a contratar (Em função da unidade de medida)
A16: Limpeza e conservação | E16: 1
A20: 1. MÓDULOS
A21: Mão de Obra
A22: Dados para composição dos custos referentes à mão-de-obra
A23: 1 | B23: Tipo de serviço (mesmo serviço com características distintas) | I23: Limpeza
A24: 2 | B24: Classificação Brasileira de Ocupações (CBO) | I24: 5143-20
A25: 3 | B25: Salário Nominativo da Categoria Profissional | I25: 1764
A26: 4 | B26: Categoria profissional (vinculada à execução contratual) | I26: Servente
A27: 5 | B27: Data base da categoria (dia/mês/ano) | I27: 46053
A29: MÓDULO 1 - COMPOSIÇÃO DA REMUNERAÇÃO
A30: 1 | B30: COMPOSIÇÃO DA REMUNERAÇÃO | H30: VALOR (R$) | I30: VALOR (R$)
A31: A | B31: Salário Base | I31: =(I25) -> 1764
A32: B | B32: Gratificação de função | I32: 122
A33: C | B33: Adicional Insalubridade | I33: =H33*I31 -> 0
A34: D | B34: Adicional Noturno | I34: 0
A35: E | B35: Adicional de Hora Noturna Reduzida | I35: 0
A36: F | B36: Adicional de Hora Extra no Feriado Trabalhado | I36: 0
A37: G | B37: Outros (especificar) | I37: 0
A38: TOTAL | I38: =TRUNC(SUM(I31:I37),4) -> 1886
A40: MÓDULO 2 – ENCARGOS E BENEFÍCIOS ANUAIS, MENSAIS E DIÁRIOS
A41: Submódulo 2.1 - 13º (décimo terceiro) Salário, Férias e Adicional de Férias
A42: 2.1 | B42: 13º (Décimo terceiro) Salário, Férias e Adicional de Férias | H42: % | I42: VALOR (R$)
A43: A | B43: 13 (Décimo-terceiro) salário | H43: 0.0833 | I43: =$I$38*H43 -> 157.1038
A44: B | B44: Férias e Adicional de Férias | H44: 0.0278 | I44: =H44*I38 -> 52.4308
A45: TOTAL | H45: =TRUNC(SUM(H43:H44),4) -> 0.1111 | I45: =TRUNC(SUM(I43:I44),4) -> 209.5346
A47: Submódulo 2.2 - Encargos Previdenciários (GPS), Fundo de Garantia por Tempo de Serviço (FGTS) e outras contribuições
A48: 2.2 | B48: GPS, FGTS e Outras Contribuições | H48: % | I48: VALOR (R$)
A49: A | B49: INSS | H49: 0.2 | I49: =(I38+I45)*H49 -> 419.10692
A50: B | B50: Salário Educação | H50: 0.025 | I50: =(I38+I45)*H50 -> 52.388365
A51: C | B51: SAT - GIL/RAT | H51: 0.03 | I51: =(I38+I45)*H51 -> 62.866038
A52: D | B52: SESC ou SESI | H52: 0.015 | I52: =(I38+I45)*H52 -> 31.433019
A53: E | B53: SENAI - SENAC | H53: 0.01 | I53: =(I38+I45)*H53 -> 20.955346
A54: F | B54: SEBRAE | H54: 0.006 | I54: =(I38+I45)*H54 -> 12.573208
A55: G | B55: INCRA | H55: 0.002 | I55: =(I38+I45)*H55 -> 4.1910692
A56: H | B56: FGTS | H56: 0.08 | I56: =(I38+I45)*H56 -> 167.64277
A57: TOTAL | H57: =SUM(H49:H56) -> 0.368 | I57: =TRUNC(SUM(I49:I56),4) -> 771.1567
A59: Submódulo 2.3 - Benefícios Mensais e Diários
A60: 2.3 | B60: Benefícios Mensais e Diários | H60: VALOR UNIT. | I60: VALOR (R$)
A61: A | B61: Transporte | H61: =A160 -> 4 | I61: =C166 -> 70.16
A62: B | B62: Auxílio-Refeição/Alimentação | H62: =F160 -> 26.8333 | I62: =H166 -> 643.9992
A63: C | B63: Assistência Médica e Familiar | H63: 87.5 | I63: =H63 -> 87.5
A64: D | B64: Assistência Social | H64: 0 | I64: 0
A65: E | B65: Treinamento/Capacitação/Reciclagem | H65: 0 | I65: 0
A66: F | B66: Assitência Social Familiar | H66: 28 | I66: =H66 -> 28
A67: G | B67: Fundo de Formação Profissional | H67: 28 | I67: =H67 -> 28
A68: H | B68: Medicina do Trabalho | H68: 0 | I68: 0
A69: I | B69: Seguro de Vida | H69: 0 | I69: 0
A70: J | B70: Benefício nascimento de filho | H70: 0 | I70: 0
A71: K | B71: Benefício empregado que não cometer falta | H71: 0 | I71: =H71 -> 0
A72: L | B72: Outros (especificar) | H72: 0 | I72: 0
A73: TOTAL | I73: =TRUNC(SUM(I61:I72),4) -> 857.6592
A75: QUADRO-RESUMO DO MÓDULO 2 - ENCARGOS, BENEFÍCIOS ANUAIS, MENSAIS E DIÁRIOS
A76: 2 | B76: Encargos, Benefícios Anuais, Mensais e Diários | I76: VALOR (R$)
A77: 2.1 | B77: 13º Salário, Férias e Adicional de Férias | I77: =I45 -> 209.5346
A78: 2.2 | B78: GPS, FGTS e Outras Contribuições | I78: =I57 -> 771.1567
A79: 2.3 | B79: Benefícios Mensais e Diários | I79: =I73 -> 857.6592
A80: TOTAL | I80: =TRUNC(SUM(I77:I79),4) -> 1838.3505
A82: MÓDULO 3 – PROVISÃO PARA RESCISÃO
A83: 3 | B83: PROVISÃO PARA RESCISÃO | H83: % | I83: VALOR (R$)
A84: A | B84: Aviso Prévio Indenizado | H84: =((1/12)*0.05) -> 0.0041666667 | I84: =I38*H84 -> 7.8583333
A85: B | B85: Incidência do FGTS sobre Aviso Prévio Indenizado | H85: =H84*8% -> 0.00033333333 | I85: =H85*I38 -> 0.62866667
A86: C | B86: Multa do FGTS e Contribuição Social sobre o Aviso Prévio Indenizado | H86: =((1+2/12+(1/3*1/12))*0.08*0.4*0.9) -> 0.0344 | I86: =I38*H86 -> 64.8784
A87: D | B87: Aviso Prévio Trabalhado | H87: =(7/30)/12 -> 0.019444444 | I87: =I38*H87 -> 36.672222
A88: E | B88: Incidência dos encargos do submódulo 2.2 sobre Aviso Prévio Trabalhado | H88: =(H57*H87) -> 0.0071555556 | I88: =I38*H88 -> 13.495378
A89: F | B89: Multa do FGTS e Contribuição Social sobre o Aviso Prévio Trabalhado. | H89: =H87*0.08*0.4 -> 0.00062222222 | I89: =I38*H89 -> 1.1735111
A90: TOTAL | H90: =TRUNC(SUM(H84:H89),4) -> 0.0661 | I90: =TRUNC(SUM(I84:I89),4) -> 124.7065
A92: MÓDULO 4 – CUSTO DE REPOSIÇÃO DO PROFISSIONAL AUSENTE
A93: Submódulo 4.1 - Ausências Legais
A94: 4.1 | B94: Ausências Legais | H94: % | I94: VALOR (R$)
A95: A | B95: Férias | H95: =(1/12) -> 0.083333333 | I95: =(I38+I80+I90)*H95 -> 320.75475
A96: B | B96: Ausências Legais | H96: =(8/30/12) -> 0.022222222 | I96: =(I38+I80+I90)*H96 -> 85.5346
A97: C | B97: Licença Paternidade | H97: =(20/30/12)*0.01416%*45.22 -> 0.00035573067 | I97: =(I38+I80+I90)*H97 -> 1.3692276
A98: D | B98: Ausência por Acidente de Trabalho | H98: =((15/30)/12)*0.44% -> 0.00018333333 | I98: =(I38+I80+I90)*H98 -> 0.70566045
A99: E | B99: Afastamento Maternidade | H99: =((180/30)/12*1.416%*54.78%)*H57 -> 0.00142726 | I99: =(I38+I80+I90)*H99 -> 5.4936052
A100: F | B100: Outros (especificar) | H100: 0 | I100: =(I38+I80+I90)*H100 -> 0
A101: TOTAL | H101: =TRUNC(SUM(H95:H100),4) -> 0.1075 | I101: =TRUNC(SUM(I95:I100),4) -> 413.8578
A103: Submódulo 4.2 - Intrajornada
A104: 4.2 | B104: Intrajornada | H104: % | I104: VALOR (R$)
A105: A | B105: Intervalo para Repouso ou Alimentação | H105: 0 | I105: =I38*H105 -> 0
A106: TOTAL SUBMÓDULO 4.2 | H106: =TRUNC(SUM(H105),4) -> 0 | I106: =TRUNC(SUM(I105),4) -> 0
A108: QUADRO-RESUMO DO MÓDULO 4 - CUSTO DE REPOSIÇÃO DO PROFISSIONAL AUSENTE
A109: 4 | B109: Custo de Reposição do Profissional Ausente | I109: VALOR (R$)
A110: 4.1 | B110: Ausências Legais | I110: =I101 -> 413.8578
A111: 4.2 | B111: Intrajornada | I111: =I106 -> 0
A112: TOTAL | I112: =TRUNC(SUM(I110:I111),4) -> 413.8578
A114: MÓDULO 5 – INSUMOS DIVERSOS
A115: 5 | B115: INSUMOS DIVERSOS | H115: Quant. | I115: VALOR (R$)
A116: A | B116: Uniformes | H116: - | I116: =Uniformes!H48 -> 178.105
A117: B | B117: Materiais | H117: -
...

Sheet Limpeza Água Verde 
A1: PLANILHA DE CUSTOS E FORMAÇÃO DE PREÇOS
A3: Pregão Eletrônico n.º:
A4: Data: | C4: Horário:
A6: Categoria profissional:
A8: DISCRIMINAÇÃO DOS SERVIÇOS (DADOS REFERENTES À CONTRATAÇÃO)
A9: A | B9: Data de apresentação da proposta (dia/mês/ano):
A10: B | B10: Município/UF: CURITIBA/PR (ÁGUA VERDE) | I10: PR
A11: C | B11: Ano do Acordo, Convenção ou Dissídio Coletivo | I11: 2025 á 2027
A12: D | B12: Nº de meses de execução contratual | I12: 12
A14: IDENTIFICAÇÃO DO SERVIÇO
A15: Tipo de Serviço | C15: Unidade de Medida (m2) | E15: Quantidade total a contratar (Em função da unidade de medida)
A16: Limpeza e conservação | E16: 1
A20: 1. MÓDULOS
A21: Mão de Obra
A22: Dados para composição dos custos referentes à mão-de-obra
A23: 1 | B23: Tipo de serviço (mesmo serviço com características distintas) | I23: Limpeza
A24: 2 | B24: Classificação Brasileira de Ocupações (CBO) | I24: 5143-20
A25: 0 | B25: Salário Nominativo da Categoria Profissional | I25: 1764
A26: 4 | B26: Categoria profissional (vinculada à execução contratual) | I26: Servente
A27: 5 | B27: Data base da categoria (dia/mês/ano) | I27: 46053
A29: MÓDULO 1 - COMPOSIÇÃO DA REMUNERAÇÃO
A30: 1 | B30: COMPOSIÇÃO DA REMUNERAÇÃO | H30: % | I30: VALOR (R$)
A31: A | B31: Salário Base | I31: =(I25/220)*60 -> 481.09091
A32: B | B32: Gratificação de função | H32: 0 | I32: 0
A33: C | B33: Adicional Insalubridade | H33: 0 | I33: =H33*I31 -> 0
A34: D | B34: Adicional Noturno | H34: 0 | I34: 0
A35: E | B35: Adicional de Hora Noturna Reduzida | H35: 0 | I35: 0
A36: F | B36: Adicional de Hora Extra no Feriado Trabalhado | H36: 0 | I36: 0
A37: G | B37: Outros (especificar) | H37: 0 | I37: 0
A38: TOTAL | I38: =TRUNC(SUM(I31:I37),4) -> 481.0909
A40: MÓDULO 2 – ENCARGOS E BENEFÍCIOS ANUAIS, MENSAIS E DIÁRIOS
A41: Submódulo 2.1 - 13º (décimo terceiro) Salário, Férias e Adicional de Férias
A42: 2.1 | B42: 13º (Décimo terceiro) Salário, Férias e Adicional de Férias | H42: % | I42: VALOR (R$)
A43: A | B43: 13 (Décimo-terceiro) salário | H43: 0.0833 | I43: =$I$38*H43 -> 40.074872
A44: B | B44: Férias e Adicional de Férias | H44: 0.0278 | I44: =H44*I38 -> 13.374327
A45: TOTAL | H45: =TRUNC(SUM(H43:H44),4) -> 0.1111 | I45: =TRUNC(SUM(I43:I44),4) -> 53.4491
A47: Submódulo 2.2 - Encargos Previdenciários (GPS), Fundo de Garantia por Tempo de Serviço (FGTS) e outras contribuições
A48: 2.2 | B48: GPS, FGTS e Outras Contribuições | H48: % | I48: VALOR (R$)
A49: A | B49: INSS | H49: 0.2 | I49: =(I38+I45)*H49 -> 106.908
A50: B | B50: Salário Educação | H50: 0.025 | I50: =(I38+I45)*H50 -> 13.3635
A51: C | B51: SAT - GIL/RAT | H51: 0.03 | I51: =(I38+I45)*H51 -> 16.0362
A52: D | B52: SESC ou SESI | H52: 0.015 | I52: =(I38+I45)*H52 -> 8.0181
A53: E | B53: SENAI - SENAC | H53: 0.01 | I53: =(I38+I45)*H53 -> 5.3454
A54: F | B54: SEBRAE | H54: 0.006 | I54: =(I38+I45)*H54 -> 3.20724
A55: G | B55: INCRA | H55: 0.002 | I55: =(I38+I45)*H55 -> 1.06908
A56: H | B56: FGTS | H56: 0.08 | I56: =(I38+I45)*H56 -> 42.7632
A57: TOTAL | H57: =SUM(H49:H56) -> 0.368 | I57: =TRUNC(SUM(I49:I56),4) -> 196.7107
A59: Submódulo 2.3 - Benefícios Mensais e Diários
A60: 2.3 | B60: Benefícios Mensais e Diários | H60: VALOR UNIT. | I60: VALOR (R$)
A61: A | B61: Transporte | H61: =A160 -> 6 | I61: =C166 -> 127.13455
A62: B | B62: Auxílio-Refeição/Alimentação | H62: =F160 -> 26.8333 | I62: =H166 -> 279.06632
A63: C | B63: Assistência Médica e Familiar | H63: 87.5 | I63: =H63 -> 87.5
A64: D | B64: Assistência Social | H64: 0 | I64: 0
A65: E | B65: Treinamento/Capacitação/Reciclagem | H65: 0 | I65: 0
A66: F | B66: Assitência Social Familiar | H66: 28 | I66: =H66 -> 28
A67: G | B67: Fundo de Formação Profissional | H67: 28 | I67: =H67 -> 28
A68: H | B68: Medicina do Trabalho (excluir) | H68: 0 | I68: 0
A69: I | B69: Seguro de Vida | H69: 0 | I69: 0
A70: J | B70: Benefício nascimento de filho | H70: 0 | I70: 0
A71: K | B71: Benefício empregado que não cometer falta | H71: 0 | I71: =H71 -> 0
A72: L | B72: Outros (especificar) | H72: 0 | I72: 0
A73: TOTAL | I73: =TRUNC(SUM(I61:I72),4) -> 549.7008
A75: QUADRO-RESUMO DO MÓDULO 2 - ENCARGOS, BENEFÍCIOS ANUAIS, MENSAIS E DIÁRIOS
A76: 2 | B76: Encargos, Benefícios Anuais, Mensais e Diários | I76: VALOR (R$)
A77: 2.1 | B77: 13º Salário, Férias e Adicional de Férias | I77: =I45 -> 53.4491
A78: 2.2 | B78: GPS, FGTS e Outras Contribuições | I78: =I57 -> 196.7107
A79: 2.3 | B79: Benefícios Mensais e Diários | I79: =I73 -> 549.7008
A80: TOTAL | I80: =TRUNC(SUM(I77:I79),4) -> 799.8606
A82: MÓDULO 3 – PROVISÃO PARA RESCISÃO
A83: 3 | B83: PROVISÃO PARA RESCISÃO | H83: % | I83: VALOR (R$)
A84: A | B84: Aviso Prévio Indenizado | H84: =((1/12)*0.05) -> 0.0041666667 | I84: =I38*H84 -> 2.0045454
A85: B | B85: Incidência do FGTS sobre Aviso Prévio Indenizado | H85: =H84*8% -> 0.00033333333 | I85: =H85*I38 -> 0.16036363
A86: C | B86: Multa do FGTS e Contribuição Social sobre o Aviso Prévio Indenizado | H86: =((1+2/12+(1/3*1/12))*0.08*0.4*0.9) -> 0.0344 | I86: =I38*H86 -> 16.549527
A87: D | B87: Aviso Prévio Trabalhado | H87: =(7/30)/12 -> 0.019444444 | I87: =I38*H87 -> 9.3545453
A88: E | B88: Incidência dos encargos do submódulo 2.2 sobre Aviso Prévio Trabalhado | H88: =(H57*H87) -> 0.0071555556 | I88: =I38*H88 -> 3.4424727
A89: F | B89: Multa do FGTS e Contribuição Social sobre o Aviso Prévio Trabalhado. | H89: =H87*0.08*0.4 -> 0.00062222222 | I89: =I38*H89 -> 0.29934545
A90: TOTAL | H90: =TRUNC(SUM(H84:H89),4) -> 0.0661 | I90: =TRUNC(SUM(I84:I89),4) -> 31.8107
A92: MÓDULO 4 – CUSTO DE REPOSIÇÃO DO PROFISSIONAL AUSENTE
A93: Submódulo 4.1 - Ausências Legais
A94: 4.1 | B94: Ausências Legais | H94: % | I94: VALOR (R$)
A95: A | B95: Férias | H95: =(1/12) -> 0.083333333 | I95: =(I38+I80+I90)*H95 -> 109.39685
A96: B | B96: Ausências Legais | H96: =(6/30/12) -> 0.016666667 | I96: =(I38+I80+I90)*H96 -> 21.87937
A97: C | B97: Licença Paternidade | H97: =(20/30/12)*0.01416%*45.22 -> 0.00035573067 | I97: =(I38+I80+I90)*H97 -> 0.46698977
A98: D | B98: Ausência por Acidente de Trabalho | H98: =((15/30)/12)*0.44% -> 0.00018333333 | I98: =(I38+I80+I90)*H98 -> 0.24067307
A99: E | B99: Afastamento Maternidade | H99: =((180/30)/12*1.416%*54.78%)*H57 -> 0.00142726 | I99: =(I38+I80+I90)*H99 -> 1.873653
A100: F | B100: Outros (especificar) | H100: 0 | I100: =(I38+I80+I90)*H100 -> 0
A101: TOTAL | H101: =TRUNC(SUM(H95:H100),4) -> 0.1019 | I101: =TRUNC(SUM(I95:I100),4) -> 133.8575
A103: Submódulo 4.2 - Intrajornada
A104: 4.2 | B104: Intrajornada | H104: % | I104: VALOR (R$)
A105: A | B105: Intervalo para Repouso ou Alimentação | H105: 0 | I105: =I38*H105 -> 0
A106: TOTAL SUBMÓDULO 4.2 | H106: =TRUNC(SUM(H105),4) -> 0 | I106: =TRUNC(SUM(I105),4) -> 0
A108: QUADRO-RESUMO DO MÓDULO 4 - CUSTO DE REPOSIÇÃO DO PROFISSIONAL AUSENTE
A109: 4 | B109: Custo de Reposição do Profissional Ausente | I109: VALOR (R$)
A110: 4.1 | B110: Ausências Legais | I110: =I101 -> 133.8575
A111: 4.2 | B111: Intrajornada | I111: =I106 -> 0
A112: TOTAL | I112: =TRUNC(SUM(I110:I111),4) -> 133.8575
A114: MÓDULO 5 – INSUMOS DIVERSOS
A115: 5 | B115: INSUMOS DIVERSOS | H115: Quant. | I115: VALOR (R$)
A116: A | B116: Uniformes | H116: - | I116: =Uniformes!H48 -> 178.105
A117: B | B117: Materiais | H117: - | I117: 0
...

Sheet Limpeza Insp Arapongas 
A1: PLANILHA DE CUSTOS E FORMAÇÃO DE PREÇOS
A3: Pregão Eletrônico n.º:
A4: Data: | C4: Horário:
A6: Categoria profissional:
A8: DISCRIMINAÇÃO DOS SERVIÇOS (DADOS REFERENTES À CONTRATAÇÃO)
A9: A | B9: Data de apresentação da proposta (dia/mês/ano):
A10: B | B10: Município/UF: ARAPONGAS/PR | I10: PR
A11: C | B11: Ano do Acordo, Convenção ou Dissídio Coletivo | I11: 2025 á 2027
A12: D | B12: Nº de meses de execução contratual | I12: 12
A14: IDENTIFICAÇÃO DO SERVIÇO
A15: Tipo de Serviço | C15: Unidade de Medida (m2) | E15: Quantidade total a contratar (Em função da unidade de medida)
A16: Limpeza e conservação | E16: 1
A20: 1. MÓDULOS
A21: Mão de Obra
A22: Dados para composição dos custos referentes à mão-de-obra
A23: 1 | B23: Tipo de serviço (mesmo serviço com características distintas) | I23: Limpeza
A24: 2 | B24: Classificação Brasileira de Ocupações (CBO) | I24: 5143-20
A25: 3 | B25: Salário Nominativo da Categoria Profissional | I25: 1764
A26: 4 | B26: Categoria profissional (vinculada à execução contratual) | I26: Servente
A27: 5 | B27: Data base da categoria (dia/mês/ano) | I27: 46053
A29: MÓDULO 1 - COMPOSIÇÃO DA REMUNERAÇÃO
A30: 1 | B30: COMPOSIÇÃO DA REMUNERAÇÃO | H30: % | I30: VALOR (R$)
A31: A | B31: Salário Base | I31: =(I25/220)*60 -> 481.09091
A32: B | B32: Gratificação de função | H32: 0 | I32: 0
A33: C | B33: Adicional Insalubridade | H33: 0 | I33: =H33*I31 -> 0
A34: D | B34: Adicional Noturno | H34: 0 | I34: 0
A35: E | B35: Adicional de Hora Noturna Reduzida | H35: 0 | I35: 0
A36: F | B36: Adicional de Hora Extra no Feriado Trabalhado | H36: 0 | I36: 0
A37: G | B37: Outros (especificar) | H37: 0 | I37: 0
A38: TOTAL | I38: =TRUNC(SUM(I31:I37),4) -> 481.0909
A40: MÓDULO 2 – ENCARGOS E BENEFÍCIOS ANUAIS, MENSAIS E DIÁRIOS
A41: Submódulo 2.1 - 13º (décimo terceiro) Salário, Férias e Adicional de Férias
A42: 2.1 | B42: 13º (Décimo terceiro) Salário, Férias e Adicional de Férias | H42: % | I42: VALOR (R$)
A43: A | B43: 13 (Décimo-terceiro) salário | H43: 0.0833 | I43: =$I$38*H43 -> 40.074872
A44: B | B44: Férias e Adicional de Férias | H44: 0.0278 | I44: =H44*I38 -> 13.374327
A45: TOTAL | H45: =TRUNC(SUM(H43:H44),4) -> 0.1111 | I45: =TRUNC(SUM(I43:I44),4) -> 53.4491
A47: Submódulo 2.2 - Encargos Previdenciários (GPS), Fundo de Garantia por Tempo de Serviço (FGTS) e outras contribuições
A48: 2.2 | B48: GPS, FGTS e Outras Contribuições | H48: % | I48: VALOR (R$)
A49: A | B49: INSS | H49: 0.2 | I49: =(I38+I45)*H49 -> 106.908
A50: B | B50: Salário Educação | H50: 0.025 | I50: =(I38+I45)*H50 -> 13.3635
A51: C | B51: SAT - GIL/RAT | H51: 0.03 | I51: =(I38+I45)*H51 -> 16.0362
A52: D | B52: SESC ou SESI | H52: 0.015 | I52: =(I38+I45)*H52 -> 8.0181
A53: E | B53: SENAI - SENAC | H53: 0.01 | I53: =(I38+I45)*H53 -> 5.3454
A54: F | B54: SEBRAE | H54: 0.006 | I54: =(I38+I45)*H54 -> 3.20724
A55: G | B55: INCRA | H55: 0.002 | I55: =(I38+I45)*H55 -> 1.06908
A56: H | B56: FGTS | H56: 0.08 | I56: =(I38+I45)*H56 -> 42.7632
A57: TOTAL | H57: =SUM(H49:H56) -> 0.368 | I57: =TRUNC(SUM(I49:I56),4) -> 196.7107
A59: Submódulo 2.3 - Benefícios Mensais e Diários
A60: 2.3 | B60: Benefícios Mensais e Diários | H60: VALOR UNIT. | I60: VALOR (R$)
A61: A | B61: Transporte | H61: =A160 -> 4.75 | I61: =C166 -> 94.634545
A62: B | B62: Auxílio-Refeição/Alimentação | H62: =F160 -> 26.8333 | I62: =H166 -> 279.06632
A63: C | B63: Assistência Médica e Familiar | H63: 87.5 | I63: =H63 -> 87.5
A64: D | B64: Assistência Social | H64: 0 | I64: 0
A65: E | B65: Treinamento/Capacitação/Reciclagem | H65: 0 | I65: 0
A66: F | B66: Assitência Social Familiar | H66: 28 | I66: =H66 -> 28
A67: G | B67: Fundo de Formação Profissional | H67: 28 | I67: =H67 -> 28
A68: H | B68: Medicina do Trabalho (excluir) | H68: 0 | I68: 0
A69: I | B69: Seguro de Vida | H69: 0 | I69: 0
A70: J | B70: Benefício nascimento de filho | H70: 0 | I70: 0
A71: K | B71: Benefício empregado que não cometer falta | H71: 0 | I71: =H71 -> 0
A72: L | B72: Outros (especificar) | H72: 0 | I72: 0
A73: TOTAL | I73: =TRUNC(SUM(I61:I72),4) -> 517.2008
A75: QUADRO-RESUMO DO MÓDULO 2 - ENCARGOS, BENEFÍCIOS ANUAIS, MENSAIS E DIÁRIOS
A76: 2 | B76: Encargos, Benefícios Anuais, Mensais e Diários | I76: VALOR (R$)
A77: 2.1 | B77: 13º Salário, Férias e Adicional de Férias | I77: =I45 -> 53.4491
A78: 2.2 | B78: GPS, FGTS e Outras Contribuições | I78: =I57 -> 196.7107
A79: 2.3 | B79: Benefícios Mensais e Diários | I79: =I73 -> 517.2008
A80: TOTAL | I80: =TRUNC(SUM(I77:I79),4) -> 767.3606
A82: MÓDULO 3 – PROVISÃO PARA RESCISÃO
A83: 3 | B83: PROVISÃO PARA RESCISÃO | H83: % | I83: VALOR (R$)
A84: A | B84: Aviso Prévio Indenizado | H84: =((1/12)*0.05) -> 0.0041666667 | I84: =I38*H84 -> 2.0045454
A85: B | B85: Incidência do FGTS sobre Aviso Prévio Indenizado | H85: =H84*8% -> 0.00033333333 | I85: =H85*I38 -> 0.16036363
A86: C | B86: Multa do FGTS e Contribuição Social sobre o Aviso Prévio Indenizado | H86: =((1+2/12+(1/3*1/12))*0.08*0.4*0.9) -> 0.0344 | I86: =I38*H86 -> 16.549527
A87: D | B87: Aviso Prévio Trabalhado | H87: =(7/30)/12 -> 0.019444444 | I87: =I38*H87 -> 9.3545453
A88: E | B88: Incidência dos encargos do submódulo 2.2 sobre Aviso Prévio Trabalhado | H88: =(H57*H87) -> 0.0071555556 | I88: =I38*H88 -> 3.4424727
A89: F | B89: Multa do FGTS e Contribuição Social sobre o Aviso Prévio Trabalhado. | H89: =H87*0.08*0.4 -> 0.00062222222 | I89: =I38*H89 -> 0.29934545
A90: TOTAL | H90: =TRUNC(SUM(H84:H89),4) -> 0.0661 | I90: =TRUNC(SUM(I84:I89),4) -> 31.8107
A92: MÓDULO 4 – CUSTO DE REPOSIÇÃO DO PROFISSIONAL AUSENTE
A93: Submódulo 4.1 - Ausências Legais
A94: 4.1 | B94: Ausências Legais | H94: % | I94: VALOR (R$)
A95: A | B95: Férias | H95: =(1/12) -> 0.083333333 | I95: =(I38+I80+I90)*H95 -> 106.68852
A96: B | B96: Ausências Legais | H96: =(6/30/12) -> 0.016666667 | I96: =(I38+I80+I90)*H96 -> 21.337703
A97: C | B97: Licença Paternidade | H97: =(20/30/12)*0.01416%*45.22 -> 0.00035573067 | I97: =(I38+I80+I90)*H97 -> 0.45542853
A98: D | B98: Ausência por Acidente de Trabalho | H98: =((15/30)/12)*0.44% -> 0.00018333333 | I98: =(I38+I80+I90)*H98 -> 0.23471474
A99: E | B99: Afastamento Maternidade | H99: =((180/30)/12*1.416%*54.78%)*H57 -> 0.00142726 | I99: =(I38+I80+I90)*H99 -> 1.8272671
A100: F | B100: Outros (especificar) | H100: 0 | I100: =(I38+I80+I90)*H100 -> 0
A101: TOTAL | H101: =TRUNC(SUM(H95:H100),4) -> 0.1019 | I101: =TRUNC(SUM(I95:I100),4) -> 130.5436
A103: Submódulo 4.2 - Intrajornada
A104: 4.2 | B104: Intrajornada | H104: % | I104: VALOR (R$)
A105: A | B105: Intervalo para Repouso ou Alimentação | H105: 0 | I105: =I38*H105 -> 0
A106: TOTAL SUBMÓDULO 4.2 | H106: =TRUNC(SUM(H105),4) -> 0 | I106: =TRUNC(SUM(I105),4) -> 0
A108: QUADRO-RESUMO DO MÓDULO 4 - CUSTO DE REPOSIÇÃO DO PROFISSIONAL AUSENTE
A109: 4 | B109: Custo de Reposição do Profissional Ausente | I109: VALOR (R$)
A110: 4.1 | B110: Ausências Legais | I110: =I101 -> 130.5436
A111: 4.2 | B111: Intrajornada | I111: =I106 -> 0
A112: TOTAL | I112: =TRUNC(SUM(I110:I111),4) -> 130.5436
A114: MÓDULO 5 – INSUMOS DIVERSOS
A115: 5 | B115: INSUMOS DIVERSOS | H115: Quant. | I115: VALOR (R$)
A116: A | B116: Uniformes | H116: - | I116: =Uniformes!H48 -> 178.105
A117: B | B117: Materiais | H117: - | I117: 0
...

Sheet Limpeza Insp Bandeirantes
A1: PLANILHA DE CUSTOS E FORMAÇÃO DE PREÇOS
A3: Pregão Eletrônico n.º:
A4: Data: | C4: Horário:
A6: Categoria profissional:
A8: DISCRIMINAÇÃO DOS SERVIÇOS (DADOS REFERENTES À CONTRATAÇÃO)
A9: A | B9: Data de apresentação da proposta (dia/mês/ano):
A10: B | B10: Município/UF: BANDEIRANTES/PR | I10: PR
A11: C | B11: Ano do Acordo, Convenção ou Dissídio Coletivo | I11: 2025 á 2027
A12: D | B12: Nº de meses de execução contratual | I12: 12
A14: IDENTIFICAÇÃO DO SERVIÇO
A15: Tipo de Serviço | C15: Unidade de Medida (m2) | E15: Quantidade total a contratar (Em função da unidade de medida)
A16: Limpeza e conservação | E16: 1
A20: 1. MÓDULOS
A21: Mão de Obra
A22: Dados para composição dos custos referentes à mão-de-obra
A23: 1 | B23: Tipo de serviço (mesmo serviço com características distintas) | I23: Limpeza
A24: 2 | B24: Classificação Brasileira de Ocupações (CBO) | I24: 5143-20
A25: 3 | B25: Salário Nominativo da Categoria Profissional | I25: 1764
A26: 4 | B26: Categoria profissional (vinculada à execução contratual) | I26: Servente
A27: 5 | B27: Data base da categoria (dia/mês/ano) | I27: 46053
A29: MÓDULO 1 - COMPOSIÇÃO DA REMUNERAÇÃO
A30: 1 | B30: COMPOSIÇÃO DA REMUNERAÇÃO | H30: % | I30: VALOR (R$)
A31: A | B31: Salário Base | I31: =(I25/220)*60 -> 481.09091
A32: B | B32: Gratificação de função | H32: 0 | I32: 0
A33: C | B33: Adicional Insalubridade | H33: 0 | I33: =H33*I31 -> 0
A34: D | B34: Adicional Noturno | H34: 0 | I34: 0
A35: E | B35: Adicional de Hora Noturna Reduzida | H35: 0 | I35: 0
A36: F | B36: Adicional de Hora Extra no Feriado Trabalhado | H36: 0 | I36: 0
A37: G | B37: Outros (especificar) | H37: 0 | I37: 0
A38: TOTAL | I38: =TRUNC(SUM(I31:I37),4) -> 481.0909
A40: MÓDULO 2 – ENCARGOS E BENEFÍCIOS ANUAIS, MENSAIS E DIÁRIOS
A41: Submódulo 2.1 - 13º (décimo terceiro) Salário, Férias e Adicional de Férias
A42: 2.1 | B42: 13º (Décimo terceiro) Salário, Férias e Adicional de Férias | H42: % | I42: VALOR (R$)
A43: A | B43: 13 (Décimo-terceiro) salário | H43: 0.0833 | I43: =$I$38*H43 -> 40.074872
A44: B | B44: Férias e Adicional de Férias | H44: 0.0278 | I44: =H44*I38 -> 13.374327
A45: TOTAL | H45: =TRUNC(SUM(H43:H44),4) -> 0.1111 | I45: =TRUNC(SUM(I43:I44),4) -> 53.4491
A47: Submódulo 2.2 - Encargos Previdenciários (GPS), Fundo de Garantia por Tempo de Serviço (FGTS) e outras contribuições
A48: 2.2 | B48: GPS, FGTS e Outras Contribuições | H48: % | I48: VALOR (R$)
A49: A | B49: INSS | H49: 0.2 | I49: =(I38+I45)*H49 -> 106.908
A50: B | B50: Salário Educação | H50: 0.025 | I50: =(I38+I45)*H50 -> 13.3635
A51: C | B51: SAT - GIL/RAT | H51: 0.03 | I51: =(I38+I45)*H51 -> 16.0362
A52: D | B52: SESC ou SESI | H52: 0.015 | I52: =(I38+I45)*H52 -> 8.0181
A53: E | B53: SENAI - SENAC | H53: 0.01 | I53: =(I38+I45)*H53 -> 5.3454
A54: F | B54: SEBRAE | H54: 0.006 | I54: =(I38+I45)*H54 -> 3.20724
A55: G | B55: INCRA | H55: 0.002 | I55: =(I38+I45)*H55 -> 1.06908
A56: H | B56: FGTS | H56: 0.08 | I56: =(I38+I45)*H56 -> 42.7632
A57: TOTAL | H57: =SUM(H49:H56) -> 0.368 | I57: =TRUNC(SUM(I49:I56),4) -> 196.7107
A59: Submódulo 2.3 - Benefícios Mensais e Diários
A60: 2.3 | B60: Benefícios Mensais e Diários | H60: VALOR UNIT. | I60: VALOR (R$)
A61: A | B61: Transporte | H61: =A160 -> 0 | I61: 0 | J61: Gratuito
A62: B | B62: Auxílio-Refeição/Alimentação | H62: =F160 -> 26.8333 | I62: =H166 -> 279.06632
A63: C | B63: Assistência Médica e Familiar | H63: 87.5 | I63: =H63 -> 87.5
A64: D | B64: Assistência Social | H64: 0 | I64: 0
A65: E | B65: Treinamento/Capacitação/Reciclagem | H65: 0 | I65: 0
A66: F | B66: Assitência Social Familiar | H66: 28 | I66: =H66 -> 28
A67: G | B67: Fundo de Formação Profissional | H67: 28 | I67: =H67 -> 28
A68: H | B68: Medicina do Trabalho (excluir) | H68: 0 | I68: 0
A69: I | B69: Seguro de Vida | H69: 0 | I69: 0
A70: J | B70: Benefício nascimento de filho | H70: 0 | I70: 0
A71: K | B71: Benefício empregado que não cometer falta | H71: 0 | I71: =H71 -> 0
A72: L | B72: Outros (especificar) | H72: 0 | I72: 0
A73: TOTAL | I73: =TRUNC(SUM(I61:I72),4) -> 422.5663
A75: QUADRO-RESUMO DO MÓDULO 2 - ENCARGOS, BENEFÍCIOS ANUAIS, MENSAIS E DIÁRIOS
A76: 2 | B76: Encargos, Benefícios Anuais, Mensais e Diários | I76: VALOR (R$)
A77: 2.1 | B77: 13º Salário, Férias e Adicional de Férias | I77: =I45 -> 53.4491
A78: 2.2 | B78: GPS, FGTS e Outras Contribuições | I78: =I57 -> 196.7107
A79: 2.3 | B79: Benefícios Mensais e Diários | I79: =I73 -> 422.5663
A80: TOTAL | I80: =TRUNC(SUM(I77:I79),4) -> 672.7261
A82: MÓDULO 3 – PROVISÃO PARA RESCISÃO
A83: 3 | B83: PROVISÃO PARA RESCISÃO | H83: % | I83: VALOR (R$)
A84: A | B84: Aviso Prévio Indenizado | H84: =((1/12)*0.05) -> 0.0041666667 | I84: =I38*H84 -> 2.0045454
A85: B | B85: Incidência do FGTS sobre Aviso Prévio Indenizado | H85: =H84*8% -> 0.00033333333 | I85: =H85*I38 -> 0.16036363
A86: C | B86: Multa do FGTS e Contribuição Social sobre o Aviso Prévio Indenizado | H86: =((1+2/12+(1/3*1/12))*0.08*0.4*0.9) -> 0.0344 | I86: =I38*H86 -> 16.549527
A87: D | B87: Aviso Prévio Trabalhado | H87: =(7/30)/12 -> 0.019444444 | I87: =I38*H87 -> 9.3545453
A88: E | B88: Incidência dos encargos do submódulo 2.2 sobre Aviso Prévio Trabalhado | H88: =(H57*H87) -> 0.0071555556 | I88: =I38*H88 -> 3.4424727
A89: F | B89: Multa do FGTS e Contribuição Social sobre o Aviso Prévio Trabalhado. | H89: =H87*0.08*0.4 -> 0.00062222222 | I89: =I38*H89 -> 0.29934545
A90: TOTAL | H90: =TRUNC(SUM(H84:H89),4) -> 0.0661 | I90: =TRUNC(SUM(I84:I89),4) -> 31.8107
A92: MÓDULO 4 – CUSTO DE REPOSIÇÃO DO PROFISSIONAL AUSENTE
A93: Submódulo 4.1 - Ausências Legais
A94: 4.1 | B94: Ausências Legais | H94: % | I94: VALOR (R$)
A95: A | B95: Férias | H95: =(1/12) -> 0.083333333 | I95: =(I38+I80+I90)*H95 -> 98.802308
A96: B | B96: Ausências Legais | H96: =(6/30/12) -> 0.016666667 | I96: =(I38+I80+I90)*H96 -> 19.760462
A97: C | B97: Licença Paternidade | H97: =(20/30/12)*0.01416%*45.22 -> 0.00035573067 | I97: =(I38+I80+I90)*H97 -> 0.42176413
A98: D | B98: Ausência por Acidente de Trabalho | H98: =((15/30)/12)*0.44% -> 0.00018333333 | I98: =(I38+I80+I90)*H98 -> 0.21736508
A99: E | B99: Afastamento Maternidade | H99: =((180/30)/12*1.416%*54.78%)*H57 -> 0.00142726 | I99: =(I38+I80+I90)*H99 -> 1.692199
A100: F | B100: Outros (especificar) | H100: 0 | I100: =(I38+I80+I90)*H100 -> 0
A101: TOTAL | H101: =TRUNC(SUM(H95:H100),4) -> 0.1019 | I101: =TRUNC(SUM(I95:I100),4) -> 120.894
A103: Submódulo 4.2 - Intrajornada
A104: 4.2 | B104: Intrajornada | H104: % | I104: VALOR (R$)
A105: A | B105: Intervalo para Repouso ou Alimentação | H105: 0 | I105: =I38*H105 -> 0
A106: TOTAL SUBMÓDULO 4.2 | H106: =TRUNC(SUM(H105),4) -> 0 | I106: =TRUNC(SUM(I105),4) -> 0
A108: QUADRO-RESUMO DO MÓDULO 4 - CUSTO DE REPOSIÇÃO DO PROFISSIONAL AUSENTE
A109: 4 | B109: Custo de Reposição do Profissional Ausente | I109: VALOR (R$)
A110: 4.1 | B110: Ausências Legais | I110: =I101 -> 120.894
A111: 4.2 | B111: Intrajornada | I111: =I106 -> 0
A112: TOTAL | I112: =TRUNC(SUM(I110:I111),4) -> 120.894
A114: MÓDULO 5 – INSUMOS DIVERSOS
A115: 5 | B115: INSUMOS DIVERSOS | H115: Quant. | I115: VALOR (R$)
A116: A | B116: Uniformes | H116: - | I116: =Uniformes!H48 -> 178.105
A117: B | B117: Materiais | H117: - | I117: 0
...

Sheet Limpeza Insp Campo Largo
A1: PLANILHA DE CUSTOS E FORMAÇÃO DE PREÇOS
A3: Pregão Eletrônico n.º:
A4: Data: | C4: Horário:
A6: Categoria profissional:
A8: DISCRIMINAÇÃO DOS SERVIÇOS (DADOS REFERENTES À CONTRATAÇÃO)
A9: A | B9: Data de apresentação da proposta (dia/mês/ano):
A10: B | B10: Município/UF: CAMPO LARGO/PR | I10: PR
A11: C | B11: Ano do Acordo, Convenção ou Dissídio Coletivo | I11: 2025 á 2027
A12: D | B12: Nº de meses de execução contratual | I12: 12
A14: IDENTIFICAÇÃO DO SERVIÇO
A15: Tipo de Serviço | C15: Unidade de Medida (m2) | E15: Quantidade total a contratar (Em função da unidade de medida)
A16: Limpeza e conservação | E16: 1
A20: 1. MÓDULOS
A21: Mão de Obra
A22: Dados para composição dos custos referentes à mão-de-obra
A23: 1 | B23: Tipo de serviço (mesmo serviço com características distintas) | I23: Limpeza
A24: 2 | B24: Classificação Brasileira de Ocupações (CBO) | I24: 5143-20
A25: 3 | B25: Salário Nominativo da Categoria Profissional | I25: 1764
A26: 4 | B26: Categoria profissional (vinculada à execução contratual) | I26: Servente
A27: 5 | B27: Data base da categoria (dia/mês/ano) | I27: 46053
A29: MÓDULO 1 - COMPOSIÇÃO DA REMUNERAÇÃO
A30: 1 | B30: COMPOSIÇÃO DA REMUNERAÇÃO | H30: % | I30: VALOR (R$)
A31: A | B31: Salário Base | I31: =(I25/220)*60 -> 481.09091
A32: B | B32: Gratificação de função | H32: 0 | I32: 0
A33: C | B33: Adicional Insalubridade | H33: 0 | I33: =H33*I31 -> 0
A34: D | B34: Adicional Noturno | H34: 0 | I34: 0
A35: E | B35: Adicional de Hora Noturna Reduzida | H35: 0 | I35: 0
A36: F | B36: Adicional de Hora Extra no Feriado Trabalhado | H36: 0 | I36: 0
A37: G | B37: Outros (especificar) | H37: 0 | I37: 0
A38: TOTAL | I38: =TRUNC(SUM(I31:I37),4) -> 481.0909
A40: MÓDULO 2 – ENCARGOS E BENEFÍCIOS ANUAIS, MENSAIS E DIÁRIOS
A41: Submódulo 2.1 - 13º (décimo terceiro) Salário, Férias e Adicional de Férias
A42: 2.1 | B42: 13º (Décimo terceiro) Salário, Férias e Adicional de Férias | H42: % | I42: VALOR (R$)
A43: A | B43: 13 (Décimo-terceiro) salário | H43: 0.0833 | I43: =$I$38*H43 -> 40.074872
A44: B | B44: Férias e Adicional de Férias | H44: 0.0278 | I44: =H44*I38 -> 13.374327
A45: TOTAL | H45: =TRUNC(SUM(H43:H44),4) -> 0.1111 | I45: =TRUNC(SUM(I43:I44),4) -> 53.4491
A47: Submódulo 2.2 - Encargos Previdenciários (GPS), Fundo de Garantia por Tempo de Serviço (FGTS) e outras contribuições
A48: 2.2 | B48: GPS, FGTS e Outras Contribuições | H48: % | I48: VALOR (R$)
A49: A | B49: INSS | H49: 0.2 | I49: =(I38+I45)*H49 -> 106.908
A50: B | B50: Salário Educação | H50: 0.025 | I50: =(I38+I45)*H50 -> 13.3635
A51: C | B51: SAT - GIL/RAT | H51: 0.03 | I51: =(I38+I45)*H51 -> 16.0362
A52: D | B52: SESC ou SESI | H52: 0.015 | I52: =(I38+I45)*H52 -> 8.0181
A53: E | B53: SENAI - SENAC | H53: 0.01 | I53: =(I38+I45)*H53 -> 5.3454
A54: F | B54: SEBRAE | H54: 0.006 | I54: =(I38+I45)*H54 -> 3.20724
A55: G | B55: INCRA | H55: 0.002 | I55: =(I38+I45)*H55 -> 1.06908
A56: H | B56: FGTS | H56: 0.08 | I56: =(I38+I45)*H56 -> 42.7632
A57: TOTAL | H57: =SUM(H49:H56) -> 0.368 | I57: =TRUNC(SUM(I49:I56),4) -> 196.7107
A59: Submódulo 2.3 - Benefícios Mensais e Diários
A60: 2.3 | B60: Benefícios Mensais e Diários | H60: VALOR UNIT. | I60: VALOR (R$)
A61: A | B61: Transporte | H61: =A160 -> 5.95 | I61: =C166 -> 125.83455
A62: B | B62: Auxílio-Refeição/Alimentação | H62: =F160 -> 26.8333 | I62: =H166 -> 279.06632
A63: C | B63: Assistência Médica e Familiar | H63: 87.5 | I63: =H63 -> 87.5
A64: D | B64: Assistência Social | H64: 0 | I64: 0
A65: E | B65: Treinamento/Capacitação/Reciclagem | H65: 0 | I65: 0
A66: F | B66: Assitência Social Familiar | H66: 28 | I66: =H66 -> 28
A67: G | B67: Fundo de Formação Profissional | H67: 28 | I67: =H67 -> 28
A68: H | B68: Medicina do Trabalho (excluir) | H68: 0 | I68: 0
A69: I | B69: Seguro de Vida | H69: 0 | I69: 0
A70: J | B70: Benefício nascimento de filho | H70: 0 | I70: 0
A71: K | B71: Benefício empregado que não cometer falta | H71: 0 | I71: =H71 -> 0
A72: L | B72: Outros (especificar) | H72: 0 | I72: 0
A73: TOTAL | I73: =TRUNC(SUM(I61:I72),4) -> 548.4008
A75: QUADRO-RESUMO DO MÓDULO 2 - ENCARGOS, BENEFÍCIOS ANUAIS, MENSAIS E DIÁRIOS
A76: 2 | B76: Encargos, Benefícios Anuais, Mensais e Diários | I76: VALOR (R$)
A77: 2.1 | B77: 13º Salário, Férias e Adicional de Férias | I77: =I45 -> 53.4491
A78: 2.2 | B78: GPS, FGTS e Outras Contribuições | I78: =I57 -> 196.7107
A79: 2.3 | B79: Benefícios Mensais e Diários | I79: =I73 -> 548.4008
A80: TOTAL | I80: =TRUNC(SUM(I77:I79),4) -> 798.5606
A82: MÓDULO 3 – PROVISÃO PARA RESCISÃO
A83: 3 | B83: PROVISÃO PARA RESCISÃO | H83: % | I83: VALOR (R$)
A84: A | B84: Aviso Prévio Indenizado | H84: =((1/12)*0.05) -> 0.0041666667 | I84: =I38*H84 -> 2.0045454
A85: B | B85: Incidência do FGTS sobre Aviso Prévio Indenizado | H85: =H84*8% -> 0.00033333333 | I85: =H85*I38 -> 0.16036363
A86: C | B86: Multa do FGTS e Contribuição Social sobre o Aviso Prévio Indenizado | H86: =((1+2/12+(1/3*1/12))*0.08*0.4*0.9) -> 0.0344 | I86: =I38*H86 -> 16.549527
A87: D | B87: Aviso Prévio Trabalhado | H87: =(7/30)/12 -> 0.019444444 | I87: =I38*H87 -> 9.3545453
A88: E | B88: Incidência dos encargos do submódulo 2.2 sobre Aviso Prévio Trabalhado | H88: =(H57*H87) -> 0.0071555556 | I88: =I38*H88 -> 3.4424727
A89: F | B89: Multa do FGTS e Contribuição Social sobre o Aviso Prévio Trabalhado. | H89: =H87*0.08*0.4 -> 0.00062222222 | I89: =I38*H89 -> 0.29934545
A90: TOTAL | H90: =TRUNC(SUM(H84:H89),4) -> 0.0661 | I90: =TRUNC(SUM(I84:I89),4) -> 31.8107
A92: MÓDULO 4 – CUSTO DE REPOSIÇÃO DO PROFISSIONAL AUSENTE
A93: Submódulo 4.1 - Ausências Legais
A94: 4.1 | B94: Ausências Legais | H94: % | I94: VALOR (R$)
A95: A | B95: Férias | H95: =(1/12) -> 0.083333333 | I95: =(I38+I80+I90)*H95 -> 109.28852
A96: B | B96: Ausências Legais | H96: =(6/30/12) -> 0.016666667 | I96: =(I38+I80+I90)*H96 -> 21.857703
A97: C | B97: Licença Paternidade | H97: =(20/30/12)*0.01416%*45.22 -> 0.00035573067 | I97: =(I38+I80+I90)*H97 -> 0.46652732
A98: D | B98: Ausência por Acidente de Trabalho | H98: =((15/30)/12)*0.44% -> 0.00018333333 | I98: =(I38+I80+I90)*H98 -> 0.24043474
A99: E | B99: Afastamento Maternidade | H99: =((180/30)/12*1.416%*54.78%)*H57 -> 0.00142726 | I99: =(I38+I80+I90)*H99 -> 1.8717976
A100: F | B100: Outros (especificar) | H100: 0 | I100: =(I38+I80+I90)*H100 -> 0
A101: TOTAL | H101: =TRUNC(SUM(H95:H100),4) -> 0.1019 | I101: =TRUNC(SUM(I95:I100),4) -> 133.7249
A103: Submódulo 4.2 - Intrajornada
A104: 4.2 | B104: Intrajornada | H104: % | I104: VALOR (R$)
A105: A | B105: Intervalo para Repouso ou Alimentação | H105: 0 | I105: =I38*H105 -> 0
A106: TOTAL SUBMÓDULO 4.2 | H106: =TRUNC(SUM(H105),4) -> 0 | I106: =TRUNC(SUM(I105),4) -> 0
A108: QUADRO-RESUMO DO MÓDULO 4 - CUSTO DE REPOSIÇÃO DO PROFISSIONAL AUSENTE
A109: 4 | B109: Custo de Reposição do Profissional Ausente | I109: VALOR (R$)
A110: 4.1 | B110: Ausências Legais | I110: =I101 -> 133.7249
A111: 4.2 | B111: Intrajornada | I111: =I106 -> 0
A112: TOTAL | I112: =TRUNC(SUM(I110:I111),4) -> 133.7249
A114: MÓDULO 5 – INSUMOS DIVERSOS
A115: 5 | B115: INSUMOS DIVERSOS | H115: Quant. | I115: VALOR (R$)
A116: A | B116: Uniformes | H116: - | I116: =Uniformes!H48 -> 178.105
A117: B | B117: Materiais | H117: -
...

Sheet Limpeza Insp Campo Mourão
A1: PLANILHA DE CUSTOS E FORMAÇÃO DE PREÇOS
A3: Pregão Eletrônico n.º:
A4: Data: | C4: Horário:
A6: Categoria profissional:
A8: DISCRIMINAÇÃO DOS SERVIÇOS (DADOS REFERENTES À CONTRATAÇÃO)
A9: A | B9: Data de apresentação da proposta (dia/mês/ano):
A10: B | B10: Município/UF: CAMPO MOURÃO/PR | I10: PR
A11: C | B11: Ano do Acordo, Convenção ou Dissídio Coletivo | I11: 2025 á 2027
A12: D | B12: Nº de meses de execução contratual | I12: 12
A14: IDENTIFICAÇÃO DO SERVIÇO
A15: Tipo de Serviço | C15: Unidade de Medida (m2) | E15: Quantidade total a contratar (Em função da unidade de medida)
A16: Limpeza e conservação | E16: 1
A20: 1. MÓDULOS
A21: Mão de Obra
A22: Dados para composição dos custos referentes à mão-de-obra
A23: 1 | B23: Tipo de serviço (mesmo serviço com características distintas) | I23: Limpeza
A24: 2 | B24: Classificação Brasileira de Ocupações (CBO) | I24: 5143-20
A25: 3 | B25: Salário Nominativo da Categoria Profissional | I25: 1764
A26: 4 | B26: Categoria profissional (vinculada à execução contratual) | I26: Servente
A27: 5 | B27: Data base da categoria (dia/mês/ano) | I27: 46053
A29: MÓDULO 1 - COMPOSIÇÃO DA REMUNERAÇÃO
A30: 1 | B30: COMPOSIÇÃO DA REMUNERAÇÃO | H30: % | I30: VALOR (R$)
A31: A | B31: Salário Base | I31: =(I25/220)*60 -> 481.09091
A32: B | B32: Gratificação de função | H32: 0 | I32: 0
A33: C | B33: Adicional Insalubridade | H33: 0 | I33: =H33*I31 -> 0
A34: D | B34: Adicional Noturno | H34: 0 | I34: 0
A35: E | B35: Adicional de Hora Noturna Reduzida | H35: 0 | I35: 0
A36: F | B36: Adicional de Hora Extra no Feriado Trabalhado | H36: 0 | I36: 0
A37: G | B37: Outros (especificar) | H37: 0 | I37: 0
A38: TOTAL | I38: =TRUNC(SUM(I31:I37),4) -> 481.0909
A40: MÓDULO 2 – ENCARGOS E BENEFÍCIOS ANUAIS, MENSAIS E DIÁRIOS
A41: Submódulo 2.1 - 13º (décimo terceiro) Salário, Férias e Adicional de Férias
A42: 2.1 | B42: 13º (Décimo terceiro) Salário, Férias e Adicional de Férias | H42: % | I42: VALOR (R$)
A43: A | B43: 13 (Décimo-terceiro) salário | H43: 0.0833 | I43: =$I$38*H43 -> 40.074872
A44: B | B44: Férias e Adicional de Férias | H44: 0.0278 | I44: =H44*I38 -> 13.374327
A45: TOTAL | H45: =TRUNC(SUM(H43:H44),4) -> 0.1111 | I45: =TRUNC(SUM(I43:I44),4) -> 53.4491
A47: Submódulo 2.2 - Encargos Previdenciários (GPS), Fundo de Garantia por Tempo de Serviço (FGTS) e outras contribuições
A48: 2.2 | B48: GPS, FGTS e Outras Contribuições | H48: % | I48: VALOR (R$)
A49: A | B49: INSS | H49: 0.2 | I49: =(I38+I45)*H49 -> 106.908
A50: B | B50: Salário Educação | H50: 0.025 | I50: =(I38+I45)*H50 -> 13.3635
A51: C | B51: SAT - GIL/RAT | H51: 0.03 | I51: =(I38+I45)*H51 -> 16.0362
A52: D | B52: SESC ou SESI | H52: 0.015 | I52: =(I38+I45)*H52 -> 8.0181
A53: E | B53: SENAI - SENAC | H53: 0.01 | I53: =(I38+I45)*H53 -> 5.3454
A54: F | B54: SEBRAE | H54: 0.006 | I54: =(I38+I45)*H54 -> 3.20724
A55: G | B55: INCRA | H55: 0.002 | I55: =(I38+I45)*H55 -> 1.06908
A56: H | B56: FGTS | H56: 0.08 | I56: =(I38+I45)*H56 -> 42.7632
A57: TOTAL | H57: =SUM(H49:H56) -> 0.368 | I57: =TRUNC(SUM(I49:I56),4) -> 196.7107
A59: Submódulo 2.3 - Benefícios Mensais e Diários
A60: 2.3 | B60: Benefícios Mensais e Diários | H60: VALOR UNIT. | I60: VALOR (R$)
A61: A | B61: Transporte | H61: =A160 -> 4.81 | I61: =C166 -> 96.194545
A62: B | B62: Auxílio-Refeição/Alimentação | H62: =F160 -> 26.8333 | I62: =H166 -> 279.06632
A63: C | B63: Assistência Médica e Familiar | H63: 87.5 | I63: =H63 -> 87.5
A64: D | B64: Assistência Social | H64: 0 | I64: 0
A65: E | B65: Treinamento/Capacitação/Reciclagem | H65: 0 | I65: 0
A66: F | B66: Assitência Social Familiar | H66: 28 | I66: =H66 -> 28
A67: G | B67: Fundo de Formação Profissional | H67: 28 | I67: =H67 -> 28
A68: H | B68: Medicina do Trabalho (excluir) | H68: 0 | I68: 0
A69: I | B69: Seguro de Vida | H69: 0 | I69: 0
A70: J | B70: Benefício nascimento de filho | H70: 0 | I70: 0
A71: K | B71: Benefício empregado que não cometer falta | H71: 0 | I71: =H71 -> 0
A72: L | B72: Outros (especificar) | H72: 0 | I72: 0
A73: TOTAL | I73: =TRUNC(SUM(I61:I72),4) -> 518.7608
A75: QUADRO-RESUMO DO MÓDULO 2 - ENCARGOS, BENEFÍCIOS ANUAIS, MENSAIS E DIÁRIOS
A76: 2 | B76: Encargos, Benefícios Anuais, Mensais e Diários | I76: VALOR (R$)
A77: 2.1 | B77: 13º Salário, Férias e Adicional de Férias | I77: =I45 -> 53.4491
A78: 2.2 | B78: GPS, FGTS e Outras Contribuições | I78: =I57 -> 196.7107
A79: 2.3 | B79: Benefícios Mensais e Diários | I79: =I73 -> 518.7608
A80: TOTAL | I80: =TRUNC(SUM(I77:I79),4) -> 768.9206
A82: MÓDULO 3 – PROVISÃO PARA RESCISÃO
A83: 3 | B83: PROVISÃO PARA RESCISÃO | H83: % | I83: VALOR (R$)
A84: A | B84: Aviso Prévio Indenizado | H84: =((1/12)*0.05) -> 0.0041666667 | I84: =I38*H84 -> 2.0045454
A85: B | B85: Incidência do FGTS sobre Aviso Prévio Indenizado | H85: =H84*8% -> 0.00033333333 | I85: =H85*I38 -> 0.16036363
A86: C | B86: Multa do FGTS e Contribuição Social sobre o Aviso Prévio Indenizado | H86: =((1+2/12+(1/3*1/12))*0.08*0.4*0.9) -> 0.0344 | I86: =I38*H86 -> 16.549527
A87: D | B87: Aviso Prévio Trabalhado | H87: =(7/30)/12 -> 0.019444444 | I87: =I38*H87 -> 9.3545453
A88: E | B88: Incidência dos encargos do submódulo 2.2 sobre Aviso Prévio Trabalhado | H88: =(H57*H87) -> 0.0071555556 | I88: =I38*H88 -> 3.4424727
A89: F | B89: Multa do FGTS e Contribuição Social sobre o Aviso Prévio Trabalhado. | H89: =H87*0.08*0.4 -> 0.00062222222 | I89: =I38*H89 -> 0.29934545
A90: TOTAL | H90: =TRUNC(SUM(H84:H89),4) -> 0.0661 | I90: =TRUNC(SUM(I84:I89),4) -> 31.8107
A92: MÓDULO 4 – CUSTO DE REPOSIÇÃO DO PROFISSIONAL AUSENTE
A93: Submódulo 4.1 - Ausências Legais
A94: 4.1 | B94: Ausências Legais | H94: % | I94: VALOR (R$)
A95: A | B95: Férias | H95: =(1/12) -> 0.083333333 | I95: =(I38+I80+I90)*H95 -> 106.81852
A96: B | B96: Ausências Legais | H96: =(6/30/12) -> 0.016666667 | I96: =(I38+I80+I90)*H96 -> 21.363703
A97: C | B97: Licença Paternidade | H97: =(20/30/12)*0.01416%*45.22 -> 0.00035573067 | I97: =(I38+I80+I90)*H97 -> 0.45598347
A98: D | B98: Ausência por Acidente de Trabalho | H98: =((15/30)/12)*0.44% -> 0.00018333333 | I98: =(I38+I80+I90)*H98 -> 0.23500074
A99: E | B99: Afastamento Maternidade | H99: =((180/30)/12*1.416%*54.78%)*H57 -> 0.00142726 | I99: =(I38+I80+I90)*H99 -> 1.8294936
A100: F | B100: Outros (especificar) | H100: 0 | I100: =(I38+I80+I90)*H100 -> 0
A101: TOTAL | H101: =TRUNC(SUM(H95:H100),4) -> 0.1019 | I101: =TRUNC(SUM(I95:I100),4) -> 130.7026
A103: Submódulo 4.2 - Intrajornada
A104: 4.2 | B104: Intrajornada | H104: % | I104: VALOR (R$)
A105: A | B105: Intervalo para Repouso ou Alimentação | H105: 0 | I105: =I38*H105 -> 0
A106: TOTAL SUBMÓDULO 4.2 | H106: =TRUNC(SUM(H105),4) -> 0 | I106: =TRUNC(SUM(I105),4) -> 0
A108: QUADRO-RESUMO DO MÓDULO 4 - CUSTO DE REPOSIÇÃO DO PROFISSIONAL AUSENTE
A109: 4 | B109: Custo de Reposição do Profissional Ausente | I109: VALOR (R$)
A110: 4.1 | B110: Ausências Legais | I110: =I101 -> 130.7026
A111: 4.2 | B111: Intrajornada | I111: =I106 -> 0
A112: TOTAL | I112: =TRUNC(SUM(I110:I111),4) -> 130.7026
A114: MÓDULO 5 – INSUMOS DIVERSOS
A115: 5 | B115: INSUMOS DIVERSOS | H115: Quant. | I115: VALOR (R$)
A116: A | B116: Uniformes | H116: - | I116: =Uniformes!H48 -> 178.105
A117: B | B117: Materiais | H117: -
...

Sheet Limpeza Insp Castro
A1: PLANILHA DE CUSTOS E FORMAÇÃO DE PREÇOS
A3: Pregão Eletrônico n.º:
A4: Data: | C4: Horário:
A6: Categoria profissional:
A8: DISCRIMINAÇÃO DOS SERVIÇOS (DADOS REFERENTES À CONTRATAÇÃO)
A9: A | B9: Data de apresentação da proposta (dia/mês/ano):
A10: B | B10: Município/UF: CASTRO/PR | I10: PR
A11: C | B11: Ano do Acordo, Convenção ou Dissídio Coletivo | I11: 2025 á 2027
A12: D | B12: Nº de meses de execução contratual | I12: 12
A14: IDENTIFICAÇÃO DO SERVIÇO
A15: Tipo de Serviço | C15: Unidade de Medida (m2) | E15: Quantidade total a contratar (Em função da unidade de medida)
A16: Limpeza e conservação | E16: 1
A20: 1. MÓDULOS
A21: Mão de Obra
A22: Dados para composição dos custos referentes à mão-de-obra
A23: 1 | B23: Tipo de serviço (mesmo serviço com características distintas) | I23: Limpeza
A24: 2 | B24: Classificação Brasileira de Ocupações (CBO) | I24: 5143-20
A25: 3 | B25: Salário Nominativo da Categoria Profissional | I25: 1764
A26: 4 | B26: Categoria profissional (vinculada à execução contratual) | I26: Servente
A27: 5 | B27: Data base da categoria (dia/mês/ano) | I27: 46053
A29: MÓDULO 1 - COMPOSIÇÃO DA REMUNERAÇÃO
A30: 1 | B30: COMPOSIÇÃO DA REMUNERAÇÃO | H30: % | I30: VALOR (R$)
A31: A | B31: Salário Base | I31: =(I25/220)*60 -> 481.09091
A32: B | B32: Gratificação de função | H32: 0 | I32: 0
A33: C | B33: Adicional Insalubridade | H33: 0 | I33: =H33*I31 -> 0
A34: D | B34: Adicional Noturno | H34: 0 | I34: 0
A35: E | B35: Adicional de Hora Noturna Reduzida | H35: 0 | I35: 0
A36: F | B36: Adicional de Hora Extra no Feriado Trabalhado | H36: 0 | I36: 0
A37: G | B37: Outros (especificar) | H37: 0 | I37: 0
A38: TOTAL | I38: =TRUNC(SUM(I31:I37),4) -> 481.0909
A40: MÓDULO 2 – ENCARGOS E BENEFÍCIOS ANUAIS, MENSAIS E DIÁRIOS
A41: Submódulo 2.1 - 13º (décimo terceiro) Salário, Férias e Adicional de Férias
A42: 2.1 | B42: 13º (Décimo terceiro) Salário, Férias e Adicional de Férias | H42: % | I42: VALOR (R$)
A43: A | B43: 13 (Décimo-terceiro) salário | H43: 0.0833 | I43: =$I$38*H43 -> 40.074872
A44: B | B44: Férias e Adicional de Férias | H44: 0.0278 | I44: =H44*I38 -> 13.374327
A45: TOTAL | H45: =TRUNC(SUM(H43:H44),4) -> 0.1111 | I45: =TRUNC(SUM(I43:I44),4) -> 53.4491
A47: Submódulo 2.2 - Encargos Previdenciários (GPS), Fundo de Garantia por Tempo de Serviço (FGTS) e outras contribuições
A48: 2.2 | B48: GPS, FGTS e Outras Contribuições | H48: % | I48: VALOR (R$)
A49: A | B49: INSS | H49: 0.2 | I49: =(I38+I45)*H49 -> 106.908
A50: B | B50: Salário Educação | H50: 0.025 | I50: =(I38+I45)*H50 -> 13.3635
A51: C | B51: SAT - GIL/RAT | H51: 0.03 | I51: =(I38+I45)*H51 -> 16.0362
A52: D | B52: SESC ou SESI | H52: 0.015 | I52: =(I38+I45)*H52 -> 8.0181
A53: E | B53: SENAI - SENAC | H53: 0.01 | I53: =(I38+I45)*H53 -> 5.3454
A54: F | B54: SEBRAE | H54: 0.006 | I54: =(I38+I45)*H54 -> 3.20724
A55: G | B55: INCRA | H55: 0.002 | I55: =(I38+I45)*H55 -> 1.06908
A56: H | B56: FGTS | H56: 0.08 | I56: =(I38+I45)*H56 -> 42.7632
A57: TOTAL | H57: =SUM(H49:H56) -> 0.368 | I57: =TRUNC(SUM(I49:I56),4) -> 196.7107
A59: Submódulo 2.3 - Benefícios Mensais e Diários
A60: 2.3 | B60: Benefícios Mensais e Diários | H60: VALOR UNIT. | I60: VALOR (R$)
A61: A | B61: Transporte | H61: =A160 -> 5 | I61: =C166 -> 101.13455
A62: B | B62: Auxílio-Refeição/Alimentação | H62: =F160 -> 26.8333 | I62: =H166 -> 279.06632
A63: C | B63: Assistência Médica e Familiar | H63: 87.5 | I63: =H63 -> 87.5
A64: D | B64: Assistência Social | H64: 0 | I64: 0
A65: E | B65: Treinamento/Capacitação/Reciclagem | H65: 0 | I65: 0
A66: F | B66: Assitência Social Familiar | H66: 28 | I66: =H66 -> 28
A67: G | B67: Fundo de Formação Profissional | H67: 28 | I67: =H67 -> 28
A68: H | B68: Medicina do Trabalho (excluir) | H68: 0 | I68: 0
A69: I | B69: Seguro de Vida | H69: 0 | I69: 0
A70: J | B70: Benefício nascimento de filho | H70: 0 | I70: 0
A71: K | B71: Benefício empregado que não cometer falta | H71: 0 | I71: =H71 -> 0
A72: L | B72: Outros (especificar) | H72: 0 | I72: 0
A73: TOTAL | I73: =TRUNC(SUM(I61:I72),4) -> 523.7008
A75: QUADRO-RESUMO DO MÓDULO 2 - ENCARGOS, BENEFÍCIOS ANUAIS, MENSAIS E DIÁRIOS
A76: 2 | B76: Encargos, Benefícios Anuais, Mensais e Diários | I76: VALOR (R$)
A77: 2.1 | B77: 13º Salário, Férias e Adicional de Férias | I77: =I45 -> 53.4491
A78: 2.2 | B78: GPS, FGTS e Outras Contribuições | I78: =I57 -> 196.7107
A79: 2.3 | B79: Benefícios Mensais e Diários | I79: =I73 -> 523.7008
A80: TOTAL | I80: =TRUNC(SUM(I77:I79),4) -> 773.8606
A82: MÓDULO 3 – PROVISÃO PARA RESCISÃO
A83: 3 | B83: PROVISÃO PARA RESCISÃO | H83: % | I83: VALOR (R$)
A84: A | B84: Aviso Prévio Indenizado | H84: =((1/12)*0.05) -> 0.0041666667 | I84: =I38*H84 -> 2.0045454
A85: B | B85: Incidência do FGTS sobre Aviso Prévio Indenizado | H85: =H84*8% -> 0.00033333333 | I85: =H85*I38 -> 0.16036363
A86: C | B86: Multa do FGTS e Contribuição Social sobre o Aviso Prévio Indenizado | H86: =((1+2/12+(1/3*1/12))*0.08*0.4*0.9) -> 0.0344 | I86: =I38*H86 -> 16.549527
A87: D | B87: Aviso Prévio Trabalhado | H87: =(7/30)/12 -> 0.019444444 | I87: =I38*H87 -> 9.3545453
A88: E | B88: Incidência dos encargos do submódulo 2.2 sobre Aviso Prévio Trabalhado | H88: =(H57*H87) -> 0.0071555556 | I88: =I38*H88 -> 3.4424727
A89: F | B89: Multa do FGTS e Contribuição Social sobre o Aviso Prévio Trabalhado. | H89: =H87*0.08*0.4 -> 0.00062222222 | I89: =I38*H89 -> 0.29934545
A90: TOTAL | H90: =TRUNC(SUM(H84:H89),4) -> 0.0661 | I90: =TRUNC(SUM(I84:I89),4) -> 31.8107
A92: MÓDULO 4 – CUSTO DE REPOSIÇÃO DO PROFISSIONAL AUSENTE
A93: Submódulo 4.1 - Ausências Legais
A94: 4.1 | B94: Ausências Legais | H94: % | I94: VALOR (R$)
A95: A | B95: Férias | H95: =(1/12) -> 0.083333333 | I95: =(I38+I80+I90)*H95 -> 107.23018
A96: B | B96: Ausências Legais | H96: =(6/30/12) -> 0.016666667 | I96: =(I38+I80+I90)*H96 -> 21.446037
A97: C | B97: Licença Paternidade | H97: =(20/30/12)*0.01416%*45.22 -> 0.00035573067 | I97: =(I38+I80+I90)*H97 -> 0.45774078
A98: D | B98: Ausência por Acidente de Trabalho | H98: =((15/30)/12)*0.44% -> 0.00018333333 | I98: =(I38+I80+I90)*H98 -> 0.2359064
A99: E | B99: Afastamento Maternidade | H99: =((180/30)/12*1.416%*54.78%)*H57 -> 0.00142726 | I99: =(I38+I80+I90)*H99 -> 1.8365443
A100: F | B100: Outros (especificar) | H100: 0 | I100: =(I38+I80+I90)*H100 -> 0
A101: TOTAL | H101: =TRUNC(SUM(H95:H100),4) -> 0.1019 | I101: =TRUNC(SUM(I95:I100),4) -> 131.2064
A103: Submódulo 4.2 - Intrajornada
A104: 4.2 | B104: Intrajornada | H104: % | I104: VALOR (R$)
A105: A | B105: Intervalo para Repouso ou Alimentação | H105: 0 | I105: =I38*H105 -> 0
A106: TOTAL SUBMÓDULO 4.2 | H106: =TRUNC(SUM(H105),4) -> 0 | I106: =TRUNC(SUM(I105),4) -> 0
A108: QUADRO-RESUMO DO MÓDULO 4 - CUSTO DE REPOSIÇÃO DO PROFISSIONAL AUSENTE
A109: 4 | B109: Custo de Reposição do Profissional Ausente | I109: VALOR (R$)
A110: 4.1 | B110: Ausências Legais | I110: =I101 -> 131.2064
A111: 4.2 | B111: Intrajornada | I111: =I106 -> 0
A112: TOTAL | I112: =TRUNC(SUM(I110:I111),4) -> 131.2064
A114: MÓDULO 5 – INSUMOS DIVERSOS
A115: 5 | B115: INSUMOS DIVERSOS | H115: Quant. | I115: VALOR (R$)
A116: A | B116: Uniformes | H116: - | I116: =Uniformes!H48 -> 178.105
A117: B | B117: Materiais | H117: -
...

Sheet Limpeza Insp Cianorte
A1: PLANILHA DE CUSTOS E FORMAÇÃO DE PREÇOS
A3: Pregão Eletrônico n.º:
A4: Data: | C4: Horário:
A6: Categoria profissional:
A8: DISCRIMINAÇÃO DOS SERVIÇOS (DADOS REFERENTES À CONTRATAÇÃO)
A9: A | B9: Data de apresentação da proposta (dia/mês/ano):
A10: B | B10: Município/UF: CIANORTE/PR | I10: PR
A11: C | B11: Ano do Acordo, Convenção ou Dissídio Coletivo | I11: 2025 á 2027
A12: D | B12: Nº de meses de execução contratual | I12: 12
A14: IDENTIFICAÇÃO DO SERVIÇO
A15: Tipo de Serviço | C15: Unidade de Medida (m2) | E15: Quantidade total a contratar (Em função da unidade de medida)
A16: Limpeza e conservação | E16: 1
A20: 1. MÓDULOS
A21: Mão de Obra
A22: Dados para composição dos custos referentes à mão-de-obra
A23: 1 | B23: Tipo de serviço (mesmo serviço com características distintas) | I23: Limpeza
A24: 2 | B24: Classificação Brasileira de Ocupações (CBO) | I24: 5143-20
A25: 3 | B25: Salário Nominativo da Categoria Profissional | I25: 1764
A26: 4 | B26: Categoria profissional (vinculada à execução contratual) | I26: Servente
A27: 5 | B27: Data base da categoria (dia/mês/ano) | I27: 46053
A29: MÓDULO 1 - COMPOSIÇÃO DA REMUNERAÇÃO
A30: 1 | B30: COMPOSIÇÃO DA REMUNERAÇÃO | H30: % | I30: VALOR (R$)
A31: A | B31: Salário Base | I31: =(I25/220)*60 -> 481.09091
A32: B | B32: Gratificação de função | H32: 0 | I32: 0
A33: C | B33: Adicional Insalubridade | H33: 0 | I33: =H33*I31 -> 0
A34: D | B34: Adicional Noturno | H34: 0 | I34: 0
A35: E | B35: Adicional de Hora Noturna Reduzida | H35: 0 | I35: 0
A36: F | B36: Adicional de Hora Extra no Feriado Trabalhado | H36: 0 | I36: 0
A37: G | B37: Outros (especificar) | H37: 0 | I37: 0
A38: TOTAL | I38: =TRUNC(SUM(I31:I37),4) -> 481.0909
A40: MÓDULO 2 – ENCARGOS E BENEFÍCIOS ANUAIS, MENSAIS E DIÁRIOS
A41: Submódulo 2.1 - 13º (décimo terceiro) Salário, Férias e Adicional de Férias
A42: 2.1 | B42: 13º (Décimo terceiro) Salário, Férias e Adicional de Férias | H42: % | I42: VALOR (R$)
A43: A | B43: 13 (Décimo-terceiro) salário | H43: 0.0833 | I43: =$I$38*H43 -> 40.074872
A44: B | B44: Férias e Adicional de Férias | H44: 0.0278 | I44: =H44*I38 -> 13.374327
A45: TOTAL | H45: =TRUNC(SUM(H43:H44),4) -> 0.1111 | I45: =TRUNC(SUM(I43:I44),4) -> 53.4491
A47: Submódulo 2.2 - Encargos Previdenciários (GPS), Fundo de Garantia por Tempo de Serviço (FGTS) e outras contribuições
A48: 2.2 | B48: GPS, FGTS e Outras Contribuições | H48: % | I48: VALOR (R$)
A49: A | B49: INSS | H49: 0.2 | I49: =(I38+I45)*H49 -> 106.908
A50: B | B50: Salário Educação | H50: 0.025 | I50: =(I38+I45)*H50 -> 13.3635
A51: C | B51: SAT - GIL/RAT | H51: 0.03 | I51: =(I38+I45)*H51 -> 16.0362
A52: D | B52: SESC ou SESI | H52: 0.015 | I52: =(I38+I45)*H52 -> 8.0181
A53: E | B53: SENAI - SENAC | H53: 0.01 | I53: =(I38+I45)*H53 -> 5.3454
A54: F | B54: SEBRAE | H54: 0.006 | I54: =(I38+I45)*H54 -> 3.20724
A55: G | B55: INCRA | H55: 0.002 | I55: =(I38+I45)*H55 -> 1.06908
A56: H | B56: FGTS | H56: 0.08 | I56: =(I38+I45)*H56 -> 42.7632
A57: TOTAL | H57: =SUM(H49:H56) -> 0.368 | I57: =TRUNC(SUM(I49:I56),4) -> 196.7107
A59: Submódulo 2.3 - Benefícios Mensais e Diários
A60: 2.3 | B60: Benefícios Mensais e Diários | H60: VALOR UNIT. | I60: VALOR (R$)
A61: A | B61: Transporte | H61: =A160 -> 5 | I61: =C166 -> 101.13455
A62: B | B62: Auxílio-Refeição/Alimentação | H62: =F160 -> 26.8333 | I62: =H166 -> 279.06632
A63: C | B63: Assistência Médica e Familiar | H63: 87.5 | I63: =H63 -> 87.5
A64: D | B64: Assistência Social | H64: 0 | I64: 0
A65: E | B65: Treinamento/Capacitação/Reciclagem | H65: 0 | I65: 0
A66: F | B66: Assitência Social Familiar | H66: 28 | I66: =H66 -> 28
A67: G | B67: Fundo de Formação Profissional | H67: 28 | I67: =H67 -> 28
A68: H | B68: Medicina do Trabalho (excluir) | H68: 0 | I68: 0
A69: I | B69: Seguro de Vida | H69: 0 | I69: 0
A70: J | B70: Benefício nascimento de filho | H70: 0 | I70: 0
A71: K | B71: Benefício empregado que não cometer falta | H71: 0 | I71: =H71 -> 0
A72: L | B72: Outros (especificar) | H72: 0 | I72: 0
A73: TOTAL | I73: =TRUNC(SUM(I61:I72),4) -> 523.7008
A75: QUADRO-RESUMO DO MÓDULO 2 - ENCARGOS, BENEFÍCIOS ANUAIS, MENSAIS E DIÁRIOS
A76: 2 | B76: Encargos, Benefícios Anuais, Mensais e Diários | I76: VALOR (R$)
A77: 2.1 | B77: 13º Salário, Férias e Adicional de Férias | I77: =I45 -> 53.4491
A78: 2.2 | B78: GPS, FGTS e Outras Contribuições | I78: =I57 -> 196.7107
A79: 2.3 | B79: Benefícios Mensais e Diários | I79: =I73 -> 523.7008
A80: TOTAL | I80: =TRUNC(SUM(I77:I79),4) -> 773.8606
A82: MÓDULO 3 – PROVISÃO PARA RESCISÃO
A83: 3 | B83: PROVISÃO PARA RESCISÃO | H83: % | I83: VALOR (R$)
A84: A | B84: Aviso Prévio Indenizado | H84: =((1/12)*0.05) -> 0.0041666667 | I84: =I38*H84 -> 2.0045454
A85: B | B85: Incidência do FGTS sobre Aviso Prévio Indenizado | H85: =H84*8% -> 0.00033333333 | I85: =H85*I38 -> 0.16036363
A86: C | B86: Multa do FGTS e Contribuição Social sobre o Aviso Prévio Indenizado | H86: =((1+2/12+(1/3*1/12))*0.08*0.4*0.9) -> 0.0344 | I86: =I38*H86 -> 16.549527
A87: D | B87: Aviso Prévio Trabalhado | H87: =(7/30)/12 -> 0.019444444 | I87: =I38*H87 -> 9.3545453
A88: E | B88: Incidência dos encargos do submódulo 2.2 sobre Aviso Prévio Trabalhado | H88: =(H57*H87) -> 0.0071555556 | I88: =I38*H88 -> 3.4424727
A89: F | B89: Multa do FGTS e Contribuição Social sobre o Aviso Prévio Trabalhado. | H89: =H87*0.08*0.4 -> 0.00062222222 | I89: =I38*H89 -> 0.29934545
A90: TOTAL | H90: =TRUNC(SUM(H84:H89),4) -> 0.0661 | I90: =TRUNC(SUM(I84:I89),4) -> 31.8107
A92: MÓDULO 4 – CUSTO DE REPOSIÇÃO DO PROFISSIONAL AUSENTE
A93: Submódulo 4.1 - Ausências Legais
A94: 4.1 | B94: Ausências Legais | H94: % | I94: VALOR (R$)
A95: A | B95: Férias | H95: =(1/12) -> 0.083333333 | I95: =(I38+I80+I90)*H95 -> 107.23018
A96: B | B96: Ausências Legais | H96: =(6/30/12) -> 0.016666667 | I96: =(I38+I80+I90)*H96 -> 21.446037
A97: C | B97: Licença Paternidade | H97: =(20/30/12)*0.01416%*45.22 -> 0.00035573067 | I97: =(I38+I80+I90)*H97 -> 0.45774078
A98: D | B98: Ausência por Acidente de Trabalho | H98: =((15/30)/12)*0.44% -> 0.00018333333 | I98: =(I38+I80+I90)*H98 -> 0.2359064
A99: E | B99: Afastamento Maternidade | H99: =((180/30)/12*1.416%*54.78%)*H57 -> 0.00142726 | I99: =(I38+I80+I90)*H99 -> 1.8365443
A100: F | B100: Outros (especificar) | H100: 0 | I100: =(I38+I80+I90)*H100 -> 0
A101: TOTAL | H101: =TRUNC(SUM(H95:H100),4) -> 0.1019 | I101: =TRUNC(SUM(I95:I100),4) -> 131.2064
A103: Submódulo 4.2 - Intrajornada
A104: 4.2 | B104: Intrajornada | H104: % | I104: VALOR (R$)
A105: A | B105: Intervalo para Repouso ou Alimentação | H105: 0 | I105: =I38*H105 -> 0
A106: TOTAL SUBMÓDULO 4.2 | H106: =TRUNC(SUM(H105),4) -> 0 | I106: =TRUNC(SUM(I105),4) -> 0
A108: QUADRO-RESUMO DO MÓDULO 4 - CUSTO DE REPOSIÇÃO DO PROFISSIONAL AUSENTE
A109: 4 | B109: Custo de Reposição do Profissional Ausente | I109: VALOR (R$)
A110: 4.1 | B110: Ausências Legais | I110: =I101 -> 131.2064
A111: 4.2 | B111: Intrajornada | I111: =I106 -> 0
A112: TOTAL | I112: =TRUNC(SUM(I110:I111),4) -> 131.2064
A114: MÓDULO 5 – INSUMOS DIVERSOS
A115: 5 | B115: INSUMOS DIVERSOS | H115: Quant. | I115: VALOR (R$)
A116: A | B116: Uniformes | H116: - | I116: =Uniformes!H48 -> 178.105
A117: B | B117: Materiais | H117: -
...

Sheet Limpeza Insp Cornélio Proc.
A1: PLANILHA DE CUSTOS E FORMAÇÃO DE PREÇOS
A3: Pregão Eletrônico n.º:
A4: Data: | C4: Horário:
A6: Categoria profissional:
A8: DISCRIMINAÇÃO DOS SERVIÇOS (DADOS REFERENTES À CONTRATAÇÃO)
A9: A | B9: Data de apresentação da proposta (dia/mês/ano):
A10: B | B10: Município/UF: CORNÉLIO PROCÓPIO/PR | I10: PR
A11: C | B11: Ano do Acordo, Convenção ou Dissídio Coletivo | I11: 2025 á 2027
A12: D | B12: Nº de meses de execução contratual | I12: 12
A14: IDENTIFICAÇÃO DO SERVIÇO
A15: Tipo de Serviço | C15: Unidade de Medida (m2) | E15: Quantidade total a contratar (Em função da unidade de medida)
A16: Limpeza e conservação | E16: 1
A20: 1. MÓDULOS
A21: Mão de Obra
A22: Dados para composição dos custos referentes à mão-de-obra
A23: 1 | B23: Tipo de serviço (mesmo serviço com características distintas) | I23: Limpeza
A24: 2 | B24: Classificação Brasileira de Ocupações (CBO) | I24: 5143-20
A25: 3 | B25: Salário Nominativo da Categoria Profissional | I25: 1764
A26: 4 | B26: Categoria profissional (vinculada à execução contratual) | I26: Servente
A27: 5 | B27: Data base da categoria (dia/mês/ano) | I27: 46053
A29: MÓDULO 1 - COMPOSIÇÃO DA REMUNERAÇÃO
A30: 1 | B30: COMPOSIÇÃO DA REMUNERAÇÃO | H30: % | I30: VALOR (R$)
A31: A | B31: Salário Base | I31: =(I25/220)*60 -> 481.09091
A32: B | B32: Gratificação de função | H32: 0 | I32: 0
A33: C | B33: Adicional Insalubridade | H33: 0 | I33: =H33*I31 -> 0
A34: D | B34: Adicional Noturno | H34: 0 | I34: 0
A35: E | B35: Adicional de Hora Noturna Reduzida | H35: 0 | I35: 0
A36: F | B36: Adicional de Hora Extra no Feriado Trabalhado | H36: 0 | I36: 0
A37: G | B37: Outros (especificar) | H37: 0 | I37: 0
A38: TOTAL | I38: =TRUNC(SUM(I31:I37),4) -> 481.0909
A40: MÓDULO 2 – ENCARGOS E BENEFÍCIOS ANUAIS, MENSAIS E DIÁRIOS
A41: Submódulo 2.1 - 13º (décimo terceiro) Salário, Férias e Adicional de Férias
A42: 2.1 | B42: 13º (Décimo terceiro) Salário, Férias e Adicional de Férias | H42: % | I42: VALOR (R$)
A43: A | B43: 13 (Décimo-terceiro) salário | H43: 0.0833 | I43: =$I$38*H43 -> 40.074872
A44: B | B44: Férias e Adicional de Férias | H44: 0.0278 | I44: =H44*I38 -> 13.374327
A45: TOTAL | H45: =TRUNC(SUM(H43:H44),4) -> 0.1111 | I45: =TRUNC(SUM(I43:I44),4) -> 53.4491
A47: Submódulo 2.2 - Encargos Previdenciários (GPS), Fundo de Garantia por Tempo de Serviço (FGTS) e outras contribuições
A48: 2.2 | B48: GPS, FGTS e Outras Contribuições | H48: % | I48: VALOR (R$)
A49: A | B49: INSS | H49: 0.2 | I49: =(I38+I45)*H49 -> 106.908
A50: B | B50: Salário Educação | H50: 0.025 | I50: =(I38+I45)*H50 -> 13.3635
A51: C | B51: SAT - GIL/RAT | H51: 0.03 | I51: =(I38+I45)*H51 -> 16.0362
A52: D | B52: SESC ou SESI | H52: 0.015 | I52: =(I38+I45)*H52 -> 8.0181
A53: E | B53: SENAI - SENAC | H53: 0.01 | I53: =(I38+I45)*H53 -> 5.3454
A54: F | B54: SEBRAE | H54: 0.006 | I54: =(I38+I45)*H54 -> 3.20724
A55: G | B55: INCRA | H55: 0.002 | I55: =(I38+I45)*H55 -> 1.06908
A56: H | B56: FGTS | H56: 0.08 | I56: =(I38+I45)*H56 -> 42.7632
A57: TOTAL | H57: =SUM(H49:H56) -> 0.368 | I57: =TRUNC(SUM(I49:I56),4) -> 196.7107
A59: Submódulo 2.3 - Benefícios Mensais e Diários
A60: 2.3 | B60: Benefícios Mensais e Diários | H60: VALOR UNIT. | I60: VALOR (R$)
A61: A | B61: Transporte | H61: =A160 -> 6.5 | I61: =C166 -> 140.13455
A62: B | B62: Auxílio-Refeição/Alimentação | H62: =F160 -> 26.8333 | I62: =H166 -> 279.06632
A63: C | B63: Assistência Médica e Familiar | H63: 87.5 | I63: =H63 -> 87.5
A64: D | B64: Assistência Social | H64: 0 | I64: 0
A65: E | B65: Treinamento/Capacitação/Reciclagem | H65: 0 | I65: 0
A66: F | B66: Assitência Social Familiar | H66: 28 | I66: =H66 -> 28
A67: G | B67: Fundo de Formação Profissional | H67: 28 | I67: =H67 -> 28
A68: H | B68: Medicina do Trabalho (excluir) | H68: 0 | I68: 0
A69: I | B69: Seguro de Vida | H69: 0 | I69: 0
A70: J | B70: Benefício nascimento de filho | H70: 0 | I70: 0
A71: K | B71: Benefício empregado que não cometer falta | H71: 0 | I71: =H71 -> 0
A72: L | B72: Outros (especificar) | H72: 0 | I72: 0
A73: TOTAL | I73: =TRUNC(SUM(I61:I72),4) -> 562.7008
A75: QUADRO-RESUMO DO MÓDULO 2 - ENCARGOS, BENEFÍCIOS ANUAIS, MENSAIS E DIÁRIOS
A76: 2 | B76: Encargos, Benefícios Anuais, Mensais e Diários | I76: VALOR (R$)
A77: 2.1 | B77: 13º Salário, Férias e Adicional de Férias | I77: =I45 -> 53.4491
A78: 2.2 | B78: GPS, FGTS e Outras Contribuições | I78: =I57 -> 196.7107
A79: 2.3 | B79: Benefícios Mensais e Diários | I79: =I73 -> 562.7008
A80: TOTAL | I80: =TRUNC(SUM(I77:I79),4) -> 812.8606
A82: MÓDULO 3 – PROVISÃO PARA RESCISÃO
A83: 3 | B83: PROVISÃO PARA RESCISÃO | H83: % | I83: VALOR (R$)
A84: A | B84: Aviso Prévio Indenizado | H84: =((1/12)*0.05) -> 0.0041666667 | I84: =I38*H84 -> 2.0045454
A85: B | B85: Incidência do FGTS sobre Aviso Prévio Indenizado | H85: =H84*8% -> 0.00033333333 | I85: =H85*I38 -> 0.16036363
A86: C | B86: Multa do FGTS e Contribuição Social sobre o Aviso Prévio Indenizado | H86: =((1+2/12+(1/3*1/12))*0.08*0.4*0.9) -> 0.0344 | I86: =I38*H86 -> 16.549527
A87: D | B87: Aviso Prévio Trabalhado | H87: =(7/30)/12 -> 0.019444444 | I87: =I38*H87 -> 9.3545453
A88: E | B88: Incidência dos encargos do submódulo 2.2 sobre Aviso Prévio Trabalhado | H88: =(H57*H87) -> 0.0071555556 | I88: =I38*H88 -> 3.4424727
A89: F | B89: Multa do FGTS e Contribuição Social sobre o Aviso Prévio Trabalhado. | H89: =H87*0.08*0.4 -> 0.00062222222 | I89: =I38*H89 -> 0.29934545
A90: TOTAL | H90: =TRUNC(SUM(H84:H89),4) -> 0.0661 | I90: =TRUNC(SUM(I84:I89),4) -> 31.8107
A92: MÓDULO 4 – CUSTO DE REPOSIÇÃO DO PROFISSIONAL AUSENTE
A93: Submódulo 4.1 - Ausências Legais
A94: 4.1 | B94: Ausências Legais | H94: % | I94: VALOR (R$)
A95: A | B95: Férias | H95: =(1/12) -> 0.083333333 | I95: =(I38+I80+I90)*H95 -> 110.48018
A96: B | B96: Ausências Legais | H96: =(6/30/12) -> 0.016666667 | I96: =(I38+I80+I90)*H96 -> 22.096037
A97: C | B97: Licença Paternidade | H97: =(20/30/12)*0.01416%*45.22 -> 0.00035573067 | I97: =(I38+I80+I90)*H97 -> 0.47161427
A98: D | B98: Ausência por Acidente de Trabalho | H98: =((15/30)/12)*0.44% -> 0.00018333333 | I98: =(I38+I80+I90)*H98 -> 0.2430564
A99: E | B99: Afastamento Maternidade | H99: =((180/30)/12*1.416%*54.78%)*H57 -> 0.00142726 | I99: =(I38+I80+I90)*H99 -> 1.8922074
A100: F | B100: Outros (especificar) | H100: 0 | I100: =(I38+I80+I90)*H100 -> 0
A101: TOTAL | H101: =TRUNC(SUM(H95:H100),4) -> 0.1019 | I101: =TRUNC(SUM(I95:I100),4) -> 135.183
A103: Submódulo 4.2 - Intrajornada
A104: 4.2 | B104: Intrajornada | H104: % | I104: VALOR (R$)
A105: A | B105: Intervalo para Repouso ou Alimentação | H105: 0 | I105: =I38*H105 -> 0
A106: TOTAL SUBMÓDULO 4.2 | H106: =TRUNC(SUM(H105),4) -> 0 | I106: =TRUNC(SUM(I105),4) -> 0
A108: QUADRO-RESUMO DO MÓDULO 4 - CUSTO DE REPOSIÇÃO DO PROFISSIONAL AUSENTE
A109: 4 | B109: Custo de Reposição do Profissional Ausente | I109: VALOR (R$)
A110: 4.1 | B110: Ausências Legais | I110: =I101 -> 135.183
A111: 4.2 | B111: Intrajornada | I111: =I106 -> 0
A112: TOTAL | I112: =TRUNC(SUM(I110:I111),4) -> 135.183
A114: MÓDULO 5 – INSUMOS DIVERSOS
A115: 5 | B115: INSUMOS DIVERSOS | H115: Quant. | I115: VALOR (R$)
A116: A | B116: Uniformes | H116: - | I116: =Uniformes!H48 -> 178.105
A117: B | B117: Materiais | H117: -
...

Sheet Limpeza Insp Foz do Iguaçu
A1: PLANILHA DE CUSTOS E FORMAÇÃO DE PREÇOS
A3: Pregão Eletrônico n.º:
A4: Data: | C4: Horário:
A6: Categoria profissional:
A8: DISCRIMINAÇÃO DOS SERVIÇOS (DADOS REFERENTES À CONTRATAÇÃO)
A9: A | B9: Data de apresentação da proposta (dia/mês/ano):
A10: B | B10: Município/UF: FOZ DO IGUAÇU/PR | I10: PR
A11: C | B11: Ano do Acordo, Convenção ou Dissídio Coletivo | I11: 2025 á 2027
A12: D | B12: Nº de meses de execução contratual | I12: 12
A14: IDENTIFICAÇÃO DO SERVIÇO
A15: Tipo de Serviço | C15: Unidade de Medida (m2) | E15: Quantidade total a contratar (Em função da unidade de medida)
A16: Limpeza e conservação | E16: 1
A20: 1. MÓDULOS
A21: Mão de Obra
A22: Dados para composição dos custos referentes à mão-de-obra
A23: 1 | B23: Tipo de serviço (mesmo serviço com características distintas) | I23: Limpeza
A24: 2 | B24: Classificação Brasileira de Ocupações (CBO) | I24: 5143-20
A25: 3 | B25: Salário Nominativo da Categoria Profissional | I25: 1764
A26: 4 | B26: Categoria profissional (vinculada à execução contratual) | I26: Servente
A27: 5 | B27: Data base da categoria (dia/mês/ano) | I27: 46053
A29: MÓDULO 1 - COMPOSIÇÃO DA REMUNERAÇÃO
A30: 1 | B30: COMPOSIÇÃO DA REMUNERAÇÃO | H30: % | I30: VALOR (R$)
A31: A | B31: Salário Base | I31: =(I25/220)*60 -> 481.09091
A32: B | B32: Gratificação de função | H32: 0 | I32: 0
A33: C | B33: Adicional Insalubridade | H33: 0 | I33: =H33*I31 -> 0
A34: D | B34: Adicional Noturno | H34: 0 | I34: 0
A35: E | B35: Adicional de Hora Noturna Reduzida | H35: 0 | I35: 0
A36: F | B36: Adicional de Hora Extra no Feriado Trabalhado | H36: 0 | I36: 0
A37: G | B37: Outros (especificar) | H37: 0 | I37: 0
A38: TOTAL | I38: =TRUNC(SUM(I31:I37),4) -> 481.0909
A40: MÓDULO 2 – ENCARGOS E BENEFÍCIOS ANUAIS, MENSAIS E DIÁRIOS
A41: Submódulo 2.1 - 13º (décimo terceiro) Salário, Férias e Adicional de Férias
A42: 2.1 | B42: 13º (Décimo terceiro) Salário, Férias e Adicional de Férias | H42: % | I42: VALOR (R$)
A43: A | B43: 13 (Décimo-terceiro) salário | H43: 0.0833 | I43: =$I$38*H43 -> 40.074872
A44: B | B44: Férias e Adicional de Férias | H44: 0.0278 | I44: =H44*I38 -> 13.374327
A45: TOTAL | H45: =TRUNC(SUM(H43:H44),4) -> 0.1111 | I45: =TRUNC(SUM(I43:I44),4) -> 53.4491
A47: Submódulo 2.2 - Encargos Previdenciários (GPS), Fundo de Garantia por Tempo de Serviço (FGTS) e outras contribuições
A48: 2.2 | B48: GPS, FGTS e Outras Contribuições | H48: % | I48: VALOR (R$)
A49: A | B49: INSS | H49: 0.2 | I49: =(I38+I45)*H49 -> 106.908
A50: B | B50: Salário Educação | H50: 0.025 | I50: =(I38+I45)*H50 -> 13.3635
A51: C | B51: SAT - GIL/RAT | H51: 0.03 | I51: =(I38+I45)*H51 -> 16.0362
A52: D | B52: SESC ou SESI | H52: 0.015 | I52: =(I38+I45)*H52 -> 8.0181
A53: E | B53: SENAI - SENAC | H53: 0.01 | I53: =(I38+I45)*H53 -> 5.3454
A54: F | B54: SEBRAE | H54: 0.006 | I54: =(I38+I45)*H54 -> 3.20724
A55: G | B55: INCRA | H55: 0.002 | I55: =(I38+I45)*H55 -> 1.06908
A56: H | B56: FGTS | H56: 0.08 | I56: =(I38+I45)*H56 -> 42.7632
A57: TOTAL | H57: =SUM(H49:H56) -> 0.368 | I57: =TRUNC(SUM(I49:I56),4) -> 196.7107
A59: Submódulo 2.3 - Benefícios Mensais e Diários
A60: 2.3 | B60: Benefícios Mensais e Diários | H60: VALOR UNIT. | I60: VALOR (R$)
A61: A | B61: Transporte | H61: =A160 -> 5 | I61: =C166 -> 101.13455
A62: B | B62: Auxílio-Refeição/Alimentação | H62: =F160 -> 26.8333 | I62: =H166 -> 279.06632
A63: C | B63: Assistência Médica e Familiar | H63: 87.5 | I63: =H63 -> 87.5
A64: D | B64: Assistência Social | H64: 0 | I64: 0
A65: E | B65: Treinamento/Capacitação/Reciclagem | H65: 0 | I65: 0
A66: F | B66: Assitência Social Familiar | H66: 28 | I66: =H66 -> 28
A67: G | B67: Fundo de Formação Profissional | H67: 28 | I67: =H67 -> 28
A68: H | B68: Medicina do Trabalho (excluir) | H68: 0 | I68: 0
A69: I | B69: Seguro de Vida | H69: 0 | I69: 0
A70: J | B70: Benefício nascimento de filho | H70: 0 | I70: 0
A71: K | B71: Benefício empregado que não cometer falta | H71: 0 | I71: =H71 -> 0
A72: L | B72: Outros (especificar) | H72: 0 | I72: 0
A73: TOTAL | I73: =TRUNC(SUM(I61:I72),4) -> 523.7008
A75: QUADRO-RESUMO DO MÓDULO 2 - ENCARGOS, BENEFÍCIOS ANUAIS, MENSAIS E DIÁRIOS
A76: 2 | B76: Encargos, Benefícios Anuais, Mensais e Diários | I76: VALOR (R$)
A77: 2.1 | B77: 13º Salário, Férias e Adicional de Férias | I77: =I45 -> 53.4491
A78: 2.2 | B78: GPS, FGTS e Outras Contribuições | I78: =I57 -> 196.7107
A79: 2.3 | B79: Benefícios Mensais e Diários | I79: =I73 -> 523.7008
A80: TOTAL | I80: =TRUNC(SUM(I77:I79),4) -> 773.8606
A82: MÓDULO 3 – PROVISÃO PARA RESCISÃO
A83: 3 | B83: PROVISÃO PARA RESCISÃO | H83: % | I83: VALOR (R$)
A84: A | B84: Aviso Prévio Indenizado | H84: =((1/12)*0.05) -> 0.0041666667 | I84: =I38*H84 -> 2.0045454
A85: B | B85: Incidência do FGTS sobre Aviso Prévio Indenizado | H85: =H84*8% -> 0.00033333333 | I85: =H85*I38 -> 0.16036363
A86: C | B86: Multa do FGTS e Contribuição Social sobre o Aviso Prévio Indenizado | H86: =((1+2/12+(1/3*1/12))*0.08*0.4*0.9) -> 0.0344 | I86: =I38*H86 -> 16.549527
A87: D | B87: Aviso Prévio Trabalhado | H87: =(7/30)/12 -> 0.019444444 | I87: =I38*H87 -> 9.3545453
A88: E | B88: Incidência dos encargos do submódulo 2.2 sobre Aviso Prévio Trabalhado | H88: =(H57*H87) -> 0.0071555556 | I88: =I38*H88 -> 3.4424727
A89: F | B89: Multa do FGTS e Contribuição Social sobre o Aviso Prévio Trabalhado. | H89: =H87*0.08*0.4 -> 0.00062222222 | I89: =I38*H89 -> 0.29934545
A90: TOTAL | H90: =TRUNC(SUM(H84:H89),4) -> 0.0661 | I90: =TRUNC(SUM(I84:I89),4) -> 31.8107
A92: MÓDULO 4 – CUSTO DE REPOSIÇÃO DO PROFISSIONAL AUSENTE
A93: Submódulo 4.1 - Ausências Legais
A94: 4.1 | B94: Ausências Legais | H94: % | I94: VALOR (R$)
A95: A | B95: Férias | H95: =(1/12) -> 0.083333333 | I95: =(I38+I80+I90)*H95 -> 107.23018
A96: B | B96: Ausências Legais | H96: =(6/30/12) -> 0.016666667 | I96: =(I38+I80+I90)*H96 -> 21.446037
A97: C | B97: Licença Paternidade | H97: =(20/30/12)*0.01416%*45.22 -> 0.00035573067 | I97: =(I38+I80+I90)*H97 -> 0.45774078
A98: D | B98: Ausência por Acidente de Trabalho | H98: =((15/30)/12)*0.44% -> 0.00018333333 | I98: =(I38+I80+I90)*H98 -> 0.2359064
